Workbook
Name _100: #REF!
Name _100: #REF!
Name _100: #REF!
Name _100: #REF!
Name _100: #REF!
Name ano_anterior: #REF!
Name ano_anterior: #REF!
Name ano_anterior: #REF!
Name ano_anterior: #REF!
Name ano_anterior: #REF!
Name ano_anterior: #REF!
Name ano_anterior: #REF!
Name language: [1]Hints!$F$1
Name language: [1]Hints!$F$1
Name language: [1]Hints!$F$1
Name language: [1]Hints!$F$1
Name language: [1]Hints!$F$1
Name language: [1]Hints!$F$1
Name language: [1]Hints!$F$1
Name Language: [2]Capa!$Q$2
Name NOI: #REF!
Name NOI: #REF!
Name NOI: #REF!
Name NOI: #REF!
Name NOI: #REF!
Name NOI: #REF!
Name NOI: #REF!
Name NOIFin: #REF!
Name NOIFin: #REF!
Name NOIFin: #REF!
Name NOIFin: #REF!
Name NOIFin: #REF!
Name NOIFin: #REF!
Name NOIFin: #REF!
Name Savassi1T07: #REF!
Name Savassi1T07: #REF!
Name Savassi1T07: #REF!
Name Savassi1T07: #REF!
Name Savassi1T07: #REF!
Name Savassi1T07: #REF!
Name Savassi1T07: #REF!
Name Unidade: '[1]P&L'!$C$4
Name xxxxxxxxxxx: #REF!
Name xxxxxxxxxxx: #REF!
Name xxxxxxxxxxx: #REF!
Name xxxxxxxxxxx: #REF!

Sheet Capa | Cover

Sheet Indicadores | Indicators
C4: IGUATEMI EMPRESA DE SHOPPING CENTERS S/A | G4: IGUATEMI EMPRESA DE SHOPPING CENTERS S/A | K4: IGUATEMI EMPRESA DE SHOPPING CENTERS S/A | O4: IGUATEMI EMPRESA DE SHOPPING CENTERS S/A | S4: IGUATEMI EMPRESA DE SHOPPING CENTERS S/A | W4: IGUATEMI EMPRESA DE SHOPPING CENTERS S/A | AA4: IGUATEMI EMPRESA DE SHOPPING CENTERS S/A | AE4: IGUATEMI EMPRESA DE SHOPPING CENTERS S/A | AI4: IGUATEMI EMPRESA DE SHOPPING CENTERS S/A | AM4: IGUATEMI EMPRESA DE SHOPPING CENTERS S/A | AQ4: IGUATEMI EMPRESA DE SHOPPING CENTERS S/A | AU4: IGUATEMI EMPRESA DE SHOPPING CENTERS S/A | AY4: IGUATEMI S.A. | BC4: IGUATEMI S.A. | BG4: IGUATEMI S.A. | BO4: IGUATEMI EMPRESA DE SHOPPING CENTERS S/A | CA4: IGUATEMI S.A.
A5: Principais Indicadores | B5: Main Indicators | C5: 1Q10 | D5: 2Q10 | E5: 3Q10 | F5: 4Q10 | G5: 1Q11 | H5: 2Q11 | I5: 3Q11 | J5: 4Q11 | K5: 1Q12 | L5: 2Q12 | M5: 3Q12 | N5: 4Q12 | O5: 1Q13 | P5: 2Q13 | Q5: 3Q13 | R5: 4Q13 | S5: 1Q14 | T5: 2Q14 | U5: 3Q14 | V5: 4Q14 | W5: 1Q15 | X5: 2Q15 | Y5: 3Q15 | Z5: 4Q15 | AA5: 1Q16 | AB5: 2Q16 | AC5: 3Q16 | AD5: 4Q16 | AE5: 1Q17 | AF5: 2Q17 | AG5: 3Q17 | AH5: 4Q17 | AI5: 1Q18 | AJ5: 2Q18 | AK5: 3Q18 | AL5: 4Q18 | AM5: 1Q19 | AN5: 2Q19 | AO5: 3Q19 | AP5: 4Q19 | AQ5: 1Q20 | AR5: 2Q20 | AS5: 3Q20 | AT5: 4Q20 | AU5: 1Q21 | AV5: 2Q21 | AW5: 3Q21 | AX5: 4Q21 | AY5: 1Q22 | AZ5: 2Q22 | BA5: 3Q22 | BB5: 4Q22 | BC5: 1Q23 | BD5: 2Q23 | BE5: 3Q23 | BF5: 4Q23 | BG5: 1Q24 | BH5: 2Q24 | BI5: 3Q24 | BJ5: 4Q24 | BK5: 1Q25 | BL5: 2Q25 | BM5: 3Q25 | BO5: 2010 | BP5: 2011 | BQ5: 2012 | BR5: 2013 | BS5: 2014 | BT5: 2015 | BU5: 2016 | BV5: 2017 | BW5: 2018 | BX5: 2019 | BY5: 2020 | BZ5: 2021 | CA5: 2022 | CB5: 2023 | CC5: 2024
A7: Indicadores de Performance | B7: Performance Indicators | C7: =C5 -> 1Q10 | D7: =D5 -> 2Q10 | E7: =E5 -> 3Q10 | F7: =F5 -> 4Q10 | G7: =G5 -> 1Q11 | H7: =H5 -> 2Q11 | I7: =I5 -> 3Q11 | J7: =J5 -> 4Q11 | ... BM7: =BM5 -> 3Q25 | BO7: 2010 | BP7: 2011 | BQ7: 2012 | BR7: 2013 | BS7: 2014 | BT7: 2015 | BU7: 2016 | BV7: =BV5 -> 2017 | BW7: =BW5 -> 2018 | BX7: =BX5 -> 2019 | BY7: =BY5 -> 2020 | BZ7: =BZ5 -> 2021 | CA7: =CA5 -> 2022 | CB7: =CB5 -> 2023 | CC7: 2024
A8: ABL Total Média (m²) | B8: Total GLA (sqm) | C8: 398135 | D8: 431695 | E8: 433175 | F8: 432545 | G8: 431315 | H8: 469218 | I8: 468841 | J8: 473804 | K8: 473804 | L8: 509097 | M8: 490874 | N8: 490874 | O8: 490874 | P8: 491649 | Q8: 555836 | R8: 613.010 | S8: 613577 | T8: 660500 | U8: 660500 | V8: 660500 | W8: 660500 | X8: 679671 | Y8: 714959 | Z8: 714959 | AA8: 714959 | AB8: 746027 | AC8: 746027 | AD8: 746027 | AE8: 746027 | AF8: 746027 | AG8: 746027 | AH8: 746027 | AI8: 737465.54 | AJ8: 737467.31 | AK8: 737467.31 | AL8: 757355.22 | AM8: 758335.9 | AN8: 758335.9 | AO8: 728011.9 | AP8: 709989.22 | AQ8: 710574.15 | AR8: 710509.77 | AS8: 710569.09 | AT8: 710894.76 | AU8: 711192.05 | AV8: 708485.57 | AW8: 709108.25 | AX8: 709304.42 | AY8: 709449.43 | AZ8: 709153.34 | BA8: 708944.58 | BB8: 723479.67 | BC8: 726333.13 | BD8: 727105.83 | BE8: 727121.28 | BF8: 727337.47 | BG8: 726241.63 | BH8: 726324.23 | BI8: 715720.42 | BJ8: 753035.9 | BK8: 751051.54 | BL8: 788588.49 | BM8: 788569.49 | BO8: 432545 | BP8: 473804 | BQ8: 490874 | BR8: 613.010 | BS8: 660500 | BT8: 714959 | BU8: 746027 | BV8: 746027 | BW8: 757355.22 | BX8: 709989.22 | BY8: 710894.76 | BZ8: 709304.42 | CA8: 723479.67 | CB8: 727337.47 | CC8: 732175.47
A9: ABL Própria Final (m²) | B9: Owned GLA (sqm) | C9: 215096 | D9: 237004 | E9: 237678 | F9: 237429 | G9: 238291 | H9: 265644 | I9: 267911 | J9: 277647 | K9: 277647 | L9: 295294 | M9: 280942 | N9: 282040 | O9: 282040 | P9: 283378 | Q9: 340393 | R9: 379805 | S9: 380221 | T9: 425163 | U9: 425163 | V9: 425282 | W9: 425282 | X9: 438702 | Y9: 440422.55 | Z9: 443273.31 | AA9: 443418.68 | AB9: 454604.17 | AC9: 454604.17 | AD9: 454604.17 | AE9: 454604.17 | AF9: 454604.17 | AG9: 454619.71 | AH9: 454624.89 | AI9: 447782.81 | AJ9: 447807.63 | AK9: 447812.52 | AL9: 458566.65 | AM9: 459101.03 | AN9: 459101.03 | AO9: 456553.81 | AP9: 452933.86 | AQ9: 470703.16 | AR9: 470663.28 | AS9: 470691.66 | AT9: 470928.48 | AU9: 471002.86 | AV9: 468858.85 | AW9: 469274.91 | AX9: 469357.54 | AY9: 469493.57 | AZ9: 469305.08 | BA9: 469183.42 | BB9: 488849.42 | BC9: 490044.75 | BD9: 490213.15 | BE9: 490214.93 | BF9: 490418.58 | BG9: 491270.06 | BH9: 491430.99 | BI9: 471897.34 | BJ9: 480968.36 | BK9: 479245.99 | BL9: 489095 | BM9: 448966.43 | BO9: 237429 | BP9: 277647 | BQ9: 282040 | BR9: 379805 | BS9: 425282 | BT9: 443273.31 | BU9: 454604.17 | BV9: 454624.89 | BW9: 458566.65 | BX9: 452933.86 | BY9: 470928.48 | BZ9: 469357.54 | CA9: 488849.42 | CB9: 490418.58 | CC9: 480968.36
A10: ABL Própria Média (m²) | B10: Average Owned GLA (sqm) | C10: - | D10: 207924 | E10: 208598 | F10: 237429 | G10: - | H10: 225694 | I10: 266778 | J10: 272779 | K10: 277647 | L10: 285203 | M10: 288118 | N10: 281491 | O10: 282040 | P10: 282721 | Q10: 302383 | R10: 353530 | S10: 380221 | T10: 423526 | U10: 425163 | V10: 425282 | W10: 425282 | X10: 434228.67 | Y10: 435375.7 | Z10: 437276.21 | AA10: 437373.12 | AB10: 452037.4 | AC10: 454603.48 | AD10: 454603.48 | AE10: 454604.17 | AF10: 454604.17 | AG10: 454614.53 | AH10: 454624.89 | AI10: 447782.81 | AJ10: 447807.63 | AK10: 447812.52 | AL10: 451397.23 | AM10: 459101.03 | AN10: 459101.03 | AO10: 457402.89 | AP10: 452933.86 | AQ10: 465799.06 | AR10: 470663.28 | AS10: 470691.66 | AT10: 470928.48 | AU10: 471002.86 | AV10: 468858.85 | AW10: 469274.91 | AX10: 469357.54 | AY10: 469493.57 | AZ10: 469305.08 | BA10: 469183.42 | BB10: 480795.94 | BC10: 490044.75 | BD10: 490213.15 | BE10: 490214.93 | BF10: 490418.58 | BG10: 489933.51 | BH10: 491430.99 | BI10: 482969.45 | BJ10: 480956.85 | BK10: 479245.99 | BL10: 489095 | BM10: 448966.43 | BO10: 224503 | BP10: 257538 | BQ10: 281491 | BR10: 321404 | BS10: 413518 | BT10: 431279.1 | BU10: 451165.84 | BV10: 454611.94 | BW10: 448700.05 | BX10: 457134.7 | BY10: 469520.62 | BZ10: 469357.54 | CA10: 504924.63 | CB10: 490418.58 | CC10: 486322.65
A11: ABL Total Média Shopping (m²) | B11: Total GLA, malls (sqm) | C11: 369055 | D11: 402615 | E11: 404095 | F11: 403465 | G11: 402235 | H11: 435263 | I11: 435292 | J11: 440255 | K11: 440255 | L11: 465548 | M11: 456919 | N11: 456919 | O11: 456919 | P11: 458100 | Q11: 522287 | R11: 579461 | S11: 580028 | T11: 626951 | U11: 626951 | V11: 626951 | W11: 626951 | X11: 646122 | Y11: 681410 | Z11: 681410 | AA11: 681410 | AB11: 701786 | AC11: 701786 | AD11: 701786 | AE11: 701786 | AF11: 701786 | AG11: 701786 | AH11: 701786 | AI11: 698594.58 | AJ11: 698596.35 | AK11: 698596.35 | AL11: 718484.26 | AM11: 719464.94 | AN11: 719464.94 | AO11: 689140.94 | AP11: 671118.26 | AQ11: 671703.19 | AR11: 671638.81 | AS11: 671698.13 | AT11: 671909.27 | AU11: 672211.88 | AV11: 669689.86 | AW11: 670312.54 | AX11: 670294.71 | AY11: 670439.43 | AZ11: 670143.34 | BA11: 669934.58 | BB11: 669969.67 | BC11: 672823.13 | BD11: 673595.83 | BE11: 673611.28 | BF11: 673827.47 | BG11: 672731.63 | BH11: 672814.23 | BI11: 662210.42 | BJ11: 699525.9 | BK11: 697541.54 | BL11: 735078.49 | BM11: 735059.49 | BO11: 403465 | BP11: 440255 | BQ11: 456919 | BR11: 579461 | BS11: 626951 | BT11: 681410 | BU11: 701786 | BV11: 701786 | BW11: 718484.26 | BX11: 671118.26 | BY11: 671909.27 | BZ11: 670294.71 | CA11: 669969.67 | CB11: 673827.47 | CC11: 676820.45
A12: ABL Própria Média Shopping (m²) | B12: Owned GLA, malls (sqm) | C12: 186016 | D12: 207924 | E12: 208598 | F12: 208349 | G12: 209211 | H12: 234097 | I12: 236569 | J12: 245993 | K12: 245993 | L12: 258639 | M12: 249395 | N12: 249395 | O12: 250379 | P12: 251717 | Q12: 308732 | R12: 348144 | S12: 345862 | T12: 393501 | U12: 393501 | V12: 393501 | W12: 393610 | X12: 407030 | Y12: 408744.72 | Z12: 411595.48 | AA12: 411728.34 | AB12: 419064.71 | AC12: 419064.71 | AD12: 419064.71 | AE12: 419064.71 | AF12: 419064.71 | AG12: 419078.9 | AH12: 419083.64 | AI12: 415489.61 | AJ12: 415514.42 | AK12: 415519.31 | AL12: 426273.45 | AM12: 426807.82 | AN12: 426807.82 | AO12: 424260.61 | AP12: 420640.66 | AQ12: 437733.68 | AR12: 437693.79 | AS12: 437722.18 | AT12: 437843.73 | AU12: 437923.43 | AV12: 435857.96 | AW12: 436274.02 | AX12: 436248.31 | AY12: 436384.05 | AZ12: 436195.56 | BA12: 436073.9 | BB12: 448199.9 | BC12: 449395.23 | BD12: 449563.63 | BE12: 449565.41 | BF12: 449769.05 | BG12: 450620.54 | BH12: 450781.47 | BI12: 442319.93 | BJ12: 440318.83 | BK12: 438596.47 | BL12: 448445.48 | BM12: 422396.57 | BO12: 208249 | BP12: 245993 | BQ12: 249395 | BR12: 348144 | BS12: 393501 | BT12: 411595.48 | BU12: 419064.71 | BV12: 419083.64 | BW12: 426273.45 | BX12: 420640.66 | BY12: 437843.73 | BZ12: 436248.31 | CA12: 448199.9 | CB12: 449769.05 | CC12: 444171.15
A13: Total Shoppings (1) | B13: Number of malls(1) | C13: 11 | D13: 12 | E13: 12 | F13: 12 | G13: 12 | H13: 13 | I13: 13 | J13: 13 | K13: 13 | L13: 14 | M13: 13 | N13: 13 | O13: 13 | P13: 13 | Q13: 15 | R13: 16 | S13: 16 | T13: 16 | U13: 16 | V13: 16 | W13: 16 | X13: 16 | Y13: 17 | Z13: 17 | AA13: 17 | AB13: 17 | AC13: 17 | AD13: 17 | AE13: 17 | AF13: 17 | AG13: 17 | AH13: 17 | AI13: 17 | AJ13: 17 | AK13: 17 | AL13: 18 | AM13: 18 | AN13: 18 | AO13: 17 | AP13: 16 | AQ13: 16 | AR13: 16 | AS13: 16 | AT13: 16 | AU13: 16 | AV13: 16 | AW13: 16 | AX13: 16 | AY13: 16 | AZ13: 16 | BA13: 16 | BB13: 16 | BC13: 16 | BD13: 16 | BE13: 16 | BF13: 16 | BG13: 16 | BH13: 16 | BI13: 15 | BJ13: 16 | BK13: 16 | BL13: 17 | BM13: 17 | BO13: 12 | BP13: 13 | BQ13: 13 | BR13: 15 | BS13: 16 | BT13: 17 | BU13: 17 | BV13: 17 | BW13: 18 | BX13: 16 | BY13: 16 | BZ13: 16 | CA13: 16 | CB13: 16 | CC13: 16
A14: Vendas Totais (R$ mil) | B14: Total sales (R$ ’000) | C14: 1273080 | D14: 1495135 | E14: 1500665 | F14: 1990692 | G14: 1507656 | H14: 1787864 | I14: 1746690 | J14: 2321075 | K14: 1775184 | L14: 1897797 | M14: 1980254 | N14: 2553032 | O14: 1965689 | P14: 2149038 | Q14: 2168132 | R14: 2932228 | S14: 2254453 | T14: 2520032 | U14: 2468993 | V14: 3299856.9 | W14: 2486165.5 | X14: 2724638.5 | Y14: 2846453.1 | Z14: 3793592.9 | AA14: 2835874 | AB14: 3085262.6 | AC14: 2901263.2 | AD14: 3896858.2 | AE14: 2910195.6 | AF14: 3248347.8 | AG14: 3097345.4 | AH14: 4018835.3 | AI14: 2973200.4 | AJ14: 3252406 | AK14: 3245305.8 | AL14: 4219623.5 | AM14: 3134792.2 | AN14: 3508228.6 | AO14: 3324207.1 | AP14: 4250371.8 | AQ14: 2633733.3 | AR14: 603633.49 | AS14: 1820455.3 | AT14: 3639343.5 | AU14: 1885292.1 | AV14: 2742934 | AW14: 3326673.5 | AX14: 4751747 | AY14: 3341466.2 | AZ14: 4280442.7 | BA14: 4084236.8 | BB14: 5259166.9 | BC14: 3903522.4 | BD14: 4624551.3 | BE14: 4462534.8 | BF14: 5875594.2 | BG14: 4306838.7 | BH14: 4949663.1 | BI14: 4896417.2 | BJ14: 7003319.4 | BK14: 5037473.9 | BL14: 6303975.8 | BM14: 5999147.1 | BO14: 6259572 | BP14: 7363285 | BQ14: 8115637 | BR14: 9128208 | BS14: 10544580 | BT14: 11850850 | BU14: 12719258 | BV14: 13272439 | BW14: 13690536 | BX14: 14217600 | BY14: 8697165.7 | BZ14: 12706647 | CA14: 16968641 | CB14: 18866203 | CC14: 21156238
A15: Vendas mesmas lojas (SSS) | B15: Same-stores sales (SSS) | C15: 0.113 | D15: 0.085 | E15: 0.096 | F15: 0.069 | G15: 0.054 | H15: 0.104 | I15: 0.075 | J15: 0.084 | K15: 0.0811 | L15: 0.073 | M15: 0.089 | N15: 0.08 | O15: 0.08 | P15: 0.068 | Q15: 0.081 | R15: 0.081 | S15: 0.074 | T15: 0.082 | U15: 0.069 | V15: 0.081 | W15: 0.072 | X15: 0.06 | Y15: 0.046 | Z15: 0.04234108 | AA15: 0.018 | AB15: 0.03 | AC15: 0.01 | AD15: 0 | AE15: 0.017 | AF15: 0.041 | AG15: 0.058759934 | AH15: 0.025 | AI15: 0.011 | AJ15: -0.018797828 | AK15: 0.028648292 | AL15: 0.034407317 | AM15: 0.030676883 | AN15: 0.069203643 | AO15: 0.030856798 | AP15: 0.057036796 | AQ15: -0.12853047 | AR15: -0.70626386 | AS15: -0.3752043 | AT15: -0.118 | AU15: -0.2561852 | AV15: 2.2301821 | AW15: 0.078194651 | AX15: 0.27519298 | AY15: 0.707 | AZ15: 0.50117292 | BA15: 0.19551138 | BB15: 0.089306138 | BC15: 0.15049134 | BD15: 0.065310999 | BE15: 0.063468813 | BF15: 0.094 | BG15: 0.072702965 | BH15: 0.040110545 | BI15: 0.089 | BJ15: 0.095 | BK15: 0.063 | BL15: 0.12083415 | BM15: 0.058053777 | BO15: 0.087 | BP15: 0.0708 | BQ15: 0.0788 | BR15: 0.078 | BS15: 0.078 | BT15: 0.05508527 | BU15: 0.011 | BV15: 0.035 | BW15: 0.015076593 | BX15: 0.047950363 | BY15: -0.28087341 | BZ15: 0.34683553 | CA15: 0.30038916 | CB15: 0.090387819 | CC15: 0.075
A16: Vendas mesma área (SAS) | B16: Same-area sales (SAS) | C16: 0.114 | D16: 0.104 | E16: 0.114 | F16: 0.095 | G16: 0.081 | H16: 0.136 | I16: 0.114 | J16: 0.102 | K16: 0.109 | L16: 0.075 | M16: 0.091 | N16: 0.081 | O16: 0.084 | P16: 0.073 | Q16: 0.082 | R16: 0.099 | S16: 0.076 | T16: 0.083 | U16: 0.071 | V16: 0.082 | W16: 0.073 | X16: 0.062 | Y16: 0.047 | Z16: 0.052 | AA16: 0.04 | AB16: 0.032 | AC16: 0.024 | AD16: 0.002 | AE16: 0.016 | AF16: 0.051 | AG16: 0.068 | AH16: 0.031 | AI16: 0.02164968 | AJ16: 0.0012493143 | AK16: 0.047770072 | AL16: 0.049961801 | AM16: 0.045465534 | AN16: 0.072096293 | AO16: 0.042298613 | AP16: 0.073915939 | AQ16: -0.095889312 | AR16: -0.81638925 | AS16: -0.42890509 | AT16: -0.14375878 | AU16: -0.28417501 | AV16: 3.5440388 | AW16: 0.04361048 | AX16: 0.30616238 | AY16: 0.772 | AZ16: 0.56167087 | BA16: 0.225 | BB16: 0.1074864 | BC16: 0.16830987 | BD16: 0.080390897 | BE16: 0.092623918 | BF16: 0.11721006 | BG16: 0.10332114 | BH16: 0.07030126 | BI16: 0.10274187 | BJ16: 0.1108556 | BK16: 0.07560582 | BL16: 0.14389594 | BM16: 0.090190773 | BO16: 0.102 | BP16: 0.0951 | BQ16: 0.0813 | BR16: 0.078 | BS16: 0.08 | BT16: 0.058 | BU16: 0.02 | BV16: 0.049 | BW16: 0.031501142 | BX16: 0.060691998 | BY16: -0.36225576 | BZ16: 0.46101006 | CA16: 0.33656262 | CB16: 0.11182756 | CC16: 0.097
A17: Aluguéis mesmas lojas (SSR) | B17: Same-store rentals (SSR) | C17: 0.063 | D17: 0.063 | E17: 0.079 | F17: 0.079 | G17: 0.072 | H17: 0.116 | I17: 0.1 | J17: 0.09 | K17: 0.1005 | L17: 0.081 | M17: 0.081 | N17: 0.088 | O17: 0.141 | P17: 0.088 | Q17: 0.084 | R17: 0.109 | S17: 0.092 | T17: 0.091 | U17: 0.086 | V17: 0.087 | W17: 0.081 | X17: 0.068 | Y17: 0.055 | Z17: 0.069028786 | AA17: 0.065 | AB17: 0.064 | AC17: 0.074 | AD17: 0.065 | AE17: 0.073 | AF17: 0.063 | AG17: 0.05776264 | AH17: 0.044 | AI17: 0.028 | AJ17: 0.018215091 | AK17: 0.017561171 | AL17: 0.04331316 | AM17: 0.06357253 | AN17: 0.10040556 | AO17: 0.087636037 | AP17: 0.052129372 | AQ17: -0.26474241 | AR17: -0.79121179 | AS17: -0.28526569 | AT17: -0.03272714 | AU17: -0.042 | AV17: 4.1085578 | AW17: 0.2287195 | AX17: 0.28 | AY17: 0.699 | AZ17: 0.57875271 | BA17: 0.357 | BB17: 0.21973459 | BC17: 0.19739854 | BD17: 0.10492064 | BE17: 0.082574348 | BF17: 0.065583486 | BG17: 0.055 | BH17: 0.029 | BI17: 0.063 | BJ17: 0.076010558 | BK17: 0.058898481 | BL17: 0.10392918 | BM17: 0.071422442 | BO17: 0.067 | BP17: 0.083 | BQ17: 0.0968 | BR17: 0.105 | BS17: 0.091 | BT17: 0.068 | BU17: 0.064 | BV17: 0.058 | BW17: 0.026955411 | BX17: 0.073430796 | BY17: -0.24520876 | BZ17: 0.517 | CA17: 0.44131735 | CB17: 0.10149328 | CC17: 0.061144127
A18: Aluguéis mesma área (SAR) | B18: Same-area rentals (SAR) | C18: 0.064 | D18: 0.064 | E18: 0.073 | F18: 0.091 | G18: 0.07 | H18: 0.129 | I18: 0.113 | J18: 0.096 | K18: 0.1142 | L18: 0.081 | M18: 0.09 | N18: 0.094 | O18: 0.145 | P18: 0.093 | Q18: 0.085 | R18: 0.114 | S18: 0.108 | T18: 0.093 | U18: 0.088 | V18: 0.089 | W18: 0.081 | X18: 0.068 | Y18: 0.054 | Z18: 0.071 | AA18: 0.074 | AB18: 0.061 | AC18: 0.064 | AD18: 0.062 | AE18: 0.069 | AF18: 0.066 | AG18: 0.061 | AH18: 0.041 | AI18: 0.043346979 | AJ18: 0.056805732 | AK18: 0.052621686 | AL18: 0.047289397 | AM18: 0.046 | AN18: 0.074428638 | AO18: 0.062379457 | AP18: 0.045917883 | AQ18: -0.27139644 | AR18: -0.79797026 | AS18: -0.32767281 | AT18: -0.10099497 | AU18: -0.128 | AV18: 3.6761305 | AW18: 0.11853374 | AX18: 0.243 | AY18: 0.722 | AZ18: 0.54697836 | BA18: 0.324 | BB18: 0.25729735 | BC18: 0.17325218 | BD18: 0.09001488 | BE18: 0.064798552 | BF18: 0.046111503 | BG18: 0.036647918 | BH18: 0.021 | BI18: 0.038 | BJ18: 0.059691717 | BK18: 0.041489034 | BL18: 0.099743653 | BM18: 0.074631967 | BO18: 0.073 | BP18: 0.088 | BQ18: 0.098 | BR18: 0.108 | BS18: 0.093 | BT18: 0.068 | BU18: 0.069 | BV18: 0.059 | BW18: 0.043737525 | BX18: 0.05680003 | BY18: -0.28479214 | BZ18: 0.448 | CA18: 0.40809969 | CB18: 0.082097604 | CC18: 0.043868843
A19: Custo de Ocupação (% das vendas) | B19: Occupancy cost (% of sales) | C19: 0.12 | D19: 0.113 | E19: 0.113 | F19: 0.107 | G19: 0.122 | H19: 0.112 | I19: 0.106 | J19: 0.101 | K19: 0.116 | L19: 0.106 | M19: 0.107 | N19: 0.106 | O19: 0.116 | P19: 0.107 | Q19: 0.108 | R19: 0.108 | S19: 0.124 | T19: 0.116 | U19: 0.119 | V19: 0.11 | W19: 0.128 | X19: 0.116 | Y19: 0.121 | Z19: 0.11 | AA19: 0.127 | AB19: 0.117 | AC19: 0.125 | AD19: 0.11461712 | AE19: 0.12739344 | AF19: 0.115 | AG19: 0.11999175 | AH19: 0.11249173 | AI19: 0.13019444 | AJ19: 0.1175526 | AK19: 0.11999994 | AL19: 0.11435184 | AM19: 0.1259652 | AN19: 0.11691177 | AO19: 0.11931236 | AP19: 0.1095 | AQ19: 0.11530909 | AR19: 0.22489291 | AS19: 0.14356025 | AT19: 0.12987238 | AU19: 0.16774754 | AV19: 0.12827079 | AW19: 0.12254186 | AX19: 0.113 | AY19: 0.138 | AZ19: 0.113 | BA19: 0.122 | BB19: 0.11834983 | BC19: 0.13189497 | BD19: 0.11341878 | BE19: 0.11855715 | BF19: 0.111 | BG19: 0.12479188 | BH19: 0.108 | BI19: 0.11 | BJ19: 0.105 | BK19: 0.118 | BL19: 0.10542316 | BM19: 0.111 | BO19: 0.113 | BP19: 0.105 | BQ19: 0.107 | BR19: 0.113 | BS19: 0.116 | BT19: 0.116 | BU19: 0.11981369 | BV19: 0.12086111 | BW19: 0.12033817 | BX19: 0.11682306 | BY19: 0.13532543 | BZ19: 0.126 | CA19: 0.12114744 | CB19: 0.117 | CC19: 0.111
A20: Taxa de Ocupação | B20: Occupancy rate | C20: 0.972 | D20: 0.972 | E20: 0.979 | F20: 0.971 | G20: 0.967 | H20: 0.966 | I20: 0.968 | J20: 0.969 | K20: 0.966 | L20: 0.961 | M20: 0.961 | N20: 0.961 | O20: 0.954 | P20: 0.958 | Q20: 0.967 | R20: 0.955 | S20: 0.95 | T20: 0.952 | U20: 0.951 | V20: 0.953 | W20: 0.96 | X20: 0.95 | Y20: 0.941 | Z20: 0.94 | AA20: 0.94 | AB20: 0.938 | AC20: 0.9325 | AD20: 0.9336 | AE20: 0.93 | AF20: 0.931 | AG20: 0.933 | AH20: 0.942 | AI20: 0.9465 | AJ20: 0.94580497 | AK20: 0.9436999 | AL20: 0.94604375 | AM20: 0.937 | AN20: 0.9210126 | AO20: 0.9242584 | AP20: 0.93989872 | AQ20: 0.94138129 | AR20: 0.93569278 | AS20: 0.91561893 | AT20: 0.90986471 | AU20: 0.903 | AV20: 0.90071271 | AW20: 0.907 | AX20: 0.92 | AY20: 0.927 | AZ20: 0.926 | BA20: 0.932 | BB20: 0.92895229 | BC20: 0.927 | BD20: 0.924 | BE20: 0.93438368 | BF20: 0.94451212 | BG20: 0.94063128 | BH20: 0.95 | BI20: 0.959 | BJ20: 0.977 | BK20: 0.96561367 | BL20: 0.96378249 | BM20: 0.96065863 | BO20: 0.971 | BP20: 0.97 | BQ20: 0.961 | BR20: 0.963 | BS20: 0.952 | BT20: 0.946 | BU20: 0.9347 | BV20: 0.936 | BW20: 0.94552142 | BX20: 0.93049704 | BY20: 0.93089767 | BZ20: 0.90773627 | CA20: 0.92855232 | CB20: 0.93256455 | CC20: 0.95718276
A21: Inadimplência líquida | B21: Net delinquency rate | C21: 0.037 | D21: 0.037 | E21: 0.041 | F21: 0.019 | G21: 0.031 | H21: 0.033 | I21: 0.022 | J21: 0.026 | K21: 0.025 | L21: 0.012 | M21: 0.012 | N21: 0.009 | O21: 0.016 | P21: 0.01 | Q21: 0.014 | R21: 0.014 | S21: 0.0198 | T21: 0.017 | U21: 0.01 | V21: 0.018 | W21: 0.026 | X21: 0.017 | Y21: 0.024 | Z21: 0.011050608 | AA21: 0.0374 | AB21: 0.03 | AC21: 0.0105 | AD21: 0.002 | AE21: 0.036869851 | AF21: 0.012 | AG21: 0.014612328 | AH21: 0.0017 | AI21: 0.04 | AJ21: 0.016309593 | AK21: 0.0073853304 | AL21: 0.012822454 | AM21: 0.028824255 | AN21: 0.0056647959 | AO21: 0.0041308884 | AP21: -0.0079400734 | AQ21: 0.037232123 | AR21: -0.262 | AS21: 0.1343413 | AT21: 0.093 | AU21: 0.113 | AV21: -0.039539903 | AW21: 0.020832771 | AX21: 0.014 | AY21: 0.053 | AZ21: -0.023 | BA21: -0.0074 | BB21: -0.037872382 | BC21: 0.043567398 | BD21: 0.00074706338 | BE21: -0.0026495323 | BF21: -0.017076243 | BG21: 0.021186801 | BH21: -0.014 | BI21: -0.030638848 | BJ21: -0.03 | BK21: 0.014 | BL21: 0.0027974978 | BM21: -0.0029688388 | BO21: 0.019 | BP21: 0.022 | BQ21: 0.016 | BR21: 0.014 | BS21: 0.017 | BT21: 0.019941081 | BU21: 0.028 | BV21: 0.017561255 | BW21: 0.019751524 | BX21: 0.0075159414 | BY21: 0.058066518 | BZ21: 0.024 | CA21: -0.0022109061 | CB21: 0.011544613 | CC21: -0.010625807
A22: Venda/m² - Shoppings (2) | B22: Sales/sqm - Malls (2) | C22: 0 | D22: 0 | E22: 0 | F22: 0 | G22: 0 | H22: 0 | I22: 0 | J22: 0 | K22: 0 | L22: 0 | M22: 0 | N22: 0 | O22: 0 | P22: 0 | Q22: 0 | R22: 0 | S22: 0 | T22: 0 | U22: 0 | V22: 0 | W22: 0 | X22: 0 | Y22: 0 | Z22: 0 | AA22: 0 | AB22: 0 | AC22: 0 | AD22: 0 | AE22: 0 | AF22: 0 | AG22: 0 | AH22: 0 | AI22: 0 | AJ22: 0 | AK22: 0 | AL22: 0 | AM22: 0 | AN22: 0 | AO22: 0 | AP22: 0 | AQ22: 0 | AR22: 0 | AS22: 0 | AT22: 0 | AU22: 0 | AV22: 0 | AW22: 0 | AX22: 0 | AY22: 5318.7234 | AZ22: 6832.3091 | BA22: 6512.1122 | BB22: 8408.5228 | BC22: 6192.5548 | BD22: 7344.6122 | BE22: 7079.3895 | BF22: 9343.5596 | BG22: 6852.3381 | BH22: 7929.1313 | BI22: 7923.0737 | BJ22: 10726.689 | BK22: 7683.7351 | BL22: 9189.5498 | BM22: 8738.6379 | BO22: 0 | BP22: 0 | BQ22: 0 | BR22: 0 | BS22: 0 | BT22: 0 | BU22: 0 | BV22: 0 | BW22: 0 | BX22: 0 | BY22: 0 | BZ22: 0 | CA22: 25448.411 | CB22: 29947.522 | CC22: 33442.092
A23: Aluguel/m² - Shoppings (2) | B23: Rent/sqm - Malls (2) | C23: 0 | D23: 0 | E23: 0 | F23: 0 | G23: 0 | H23: 0 | I23: 0 | J23: 0 | K23: 0 | L23: 0 | M23: 0 | N23: 0 | O23: 0 | P23: 0 | Q23: 0 | R23: 0 | S23: 0 | T23: 0 | U23: 0 | V23: 0 | W23: 0 | X23: 0 | Y23: 0 | Z23: 0 | AA23: 0 | AB23: 0 | AC23: 0 | AD23: 0 | AE23: 0 | AF23: 0 | AG23: 0 | AH23: 0 | AI23: 0 | AJ23: 0 | AK23: 0 | AL23: 0 | AM23: 0 | AN23: 0 | AO23: 0 | AP23: 0 | AQ23: 0 | AR23: 0 | AS23: 0 | AT23: 0 | AU23: 0 | AV23: 0 | AW23: 0 | AX23: 0 | AY23: =SUM('Portfólio | Portfolio'!AY8:AY24)/(AY8-SUM('Portfólio | Portfolio'!AY156:AY161))*1000 -> 502.93274 | AZ23: =SUM('Portfólio | Portfolio'!AZ8:AZ24)/(AZ8-SUM('Portfólio | Portfolio'!AZ156:AZ161))*1000 -> 534.57814 | BA23: =SUM('Portfólio | Portfolio'!BA8:BA24)/(BA8-SUM('Portfólio | Portfolio'!BA156:BA161))*1000 -> 544.6008 | BB23: =SUM('Portfólio | Portfolio'!BB8:BB24)/(BB8-SUM('Portfólio | Portfolio'!BB156:BB161))*1000 -> 702.65713 | BC23: =SUM('Portfólio | Portfolio'!BC8:BC24)/(BC8-SUM('Portfólio | Portfolio'!BC156:BC161))*1000 -> 550.03976 | BD23: =SUM('Portfólio | Portfolio'!BD8:BD24)/(BD8-SUM('Portfólio | Portfolio'!BD156:BD161))*1000 -> 571.99362 | BE23: =SUM('Portfólio | Portfolio'!BE8:BE24)/(BE8-SUM('Portfólio | Portfolio'!BE156:BE161))*1000 -> 567.75916 | BF23: =SUM('Portfólio | Portfolio'!BF8:BF24)/(BF8-SUM('Portfólio | Portfolio'!BF156:BF161))*1000 -> 732.92344 | ... BI23: =SUM('Portfólio | Portfolio'!BI8:BI24)/(BI8-SUM('Portfólio | Portfolio'!BI156:BI161))*1000 -> 598.26509 | BJ23: 794.54222 | BK23: 613.21451 | BL23: 687.65428 | BM23: 689.3821 | BO23: 0 | BP23: 0 | BQ23: 0 | BR23: 0 | BS23: 0 | BT23: 0 | BU23: 0 | BV23: 0 | BW23: 0 | BX23: 0 | BY23: 0 | BZ23: 0 | CA23: 2000.9347 | CB23: 2421.6568 | CC23: 2546.8555
A24: Aluguel/m² (3) | B24: Ren/sqm (3) | C24: 0 | D24: 0 | E24: 0 | F24: 0 | G24: 0 | H24: 0 | I24: 0 | J24: 0 | K24: 0 | L24: 0 | M24: 0 | N24: 0 | O24: 0 | P24: 0 | Q24: 0 | R24: 0 | S24: 0 | T24: 0 | U24: 0 | V24: 0 | W24: 0 | X24: 0 | Y24: 0 | Z24: 0 | AA24: 0 | AB24: 0 | AC24: 0 | AD24: 0 | AE24: 0 | AF24: 0 | AG24: 0 | AH24: 0 | AI24: 0 | AJ24: 0 | AK24: 0 | AL24: 0 | AM24: 0 | AN24: 0 | AO24: 0 | AP24: 0 | AQ24: 0 | AR24: 0 | AS24: 0 | AT24: 0 | AU24: 0 | AV24: 0 | AW24: 0 | AX24: 0 | AY24: =SUM('Portfólio | Portfolio'!AY8:AY31)/AY8*1000 -> 448.82301 | AZ24: =SUM('Portfólio | Portfolio'!AZ8:AZ31)/AZ8*1000 -> 476.91914 | BA24: =SUM('Portfólio | Portfolio'!BA8:BA31)/BA8*1000 -> 484.80327 | BB24: =SUM('Portfólio | Portfolio'!BB8:BB31)/BB8*1000 -> 611.898 | BC24: =SUM('Portfólio | Portfolio'!BC8:BC31)/BC8*1000 -> 483.64851 | BD24: =SUM('Portfólio | Portfolio'!BD8:BD31)/BD8*1000 -> 504.28455 | BE24: =SUM('Portfólio | Portfolio'!BE8:BE31)/BE8*1000 -> 499.94703 | BF24: =SUM('Portfólio | Portfolio'!BF8:BF31)/BF8*1000 -> 641.47943 | ... BI24: =SUM('Portfólio | Portfolio'!BI8:BI31)/BI8*1000 -> 527.33163 | BJ24: 699.21054 | BK24: 543.83745 | BL24: 610.34537 | BM24: 611.75968 | BO24: 0 | BP24: 0 | BQ24: 0 | BR24: 0 | BS24: 0 | BT24: 0 | BU24: 0 | BV24: 0 | BW24: 0 | BX24: 0 | BY24: 0 | BZ24: 0 | CA24: 0 | CB24: 2128.3825 | CC24: 2244.2128
A26: (1) Considera Iguatemi Esplanada e Esplanada Shopping como um único empreendimento. | B26: (1) Considers Iguatemi Esplanada and Esplanada Shopping as one asset.
A27: (2) Considera vendas e receita de aluguel dos shoppings e ABL total shoppings (exclui torres, outlets e Power Center Iguatemi Campinas). | B27: (2) Considers malls sales and rental income and total GLA malls (excludes towers, outlet and Power Center Iguatemi Campinas).
A28: (3) Considera ABL total shoppings e torres. | B28: (3) Considers total GLA, malls and towers.
A31: Vendas mesmas lojas (SSS) - Âncoras¹ | B31: Same-Store Sales (SSS) = Anchors¹ | C31: 1Q10 | D31: 2Q10 | E31: 3Q10 | F31: 4Q10 | G31: 1Q11 | H31: 2Q11 | I31: 3Q11 | J31: 4Q11 | K31: 1Q12 | L31: 2Q12 | M31: 3Q12 | N31: 4Q12 | O31: 1Q13 | P31: 2Q13 | Q31: 3Q13 | R31: 4Q13 | S31: 1Q14 | T31: 2Q14 | U31: 3Q14 | V31: 4Q14 | W31: 1Q15 | X31: 2Q15 | Y31: 3Q15 | Z31: 4Q15 | AA31: 1Q16 | AB31: 2Q16 | AC31: 3Q16 | AD31: 4Q16 | AE31: 1Q17 | AF31: 2Q17 | AG31: 3Q17 | AH31: 4Q17 | AI31: 1Q18 | AJ31: 2Q18 | AK31: 3Q18 | AL31: 4Q18 | AM31: 1Q19 | AN31: 2Q19 | AO31: 3Q19 | AP31: 4Q19 | AQ31: 1Q20 | AR31: 2Q20 | AS31: 3Q20 | AT31: 4Q20 | AU31: 1Q21 | AV31: 2Q21 | AW31: 3Q21 | AX31: 4Q21 | AY31: 1Q22 | AZ31: 2Q22 | BA31: 3Q22 | BB31: 4Q22 | BC31: 1Q23 | BD31: 2Q23 | BE31: 3Q23 | BF31: 4Q23 | BG31: 1Q24 | BH31: =BH7 -> 2Q24 | BI31: =BI7 -> 3Q24 | BJ31: =BJ7 -> 4Q24 | BK31: =BK7 -> 1Q25 | BL31: =BL7 -> 2Q25 | BM31: =BM7 -> 3Q25
A32: Alimentação | B32: Food | AM32: 0.12480456 | AN32: 0.12632926 | AO32: 0.020955039 | AP32: 0.099284893 | AQ32: -0.098791525 | AR32: -0.59840638 | AS32: -0.43161428 | AT32: -0.15086438 | AU32: -0.23290259 | AV32: 1.0811033 | AW32: 0.43017977 | AX32: 0.3614285 | AY32: 0.66367559 | AZ32: 0.41332756 | BA32: 0.092742632 | BB32: -0.011860477 | BC32: 0.02734923 | BD32: -0.0012136877 | BE32: -0.057682097 | BF32: -0.0035756408 | BG32: 0.013855258 | BH32: -0.059327578 | BI32: -0.015035354 | BJ32: 0.028570069 | BK32: -0.088293341 | BL32: -0.022045564 | BM32: -0.035188555
A33: Moda, Calçados, Artigos de Couro | B33: Apparel, Shoes, Leather Goods | AM33: 0.072761263 | AN33: 0.067046364 | AO33: 0.10463949 | AP33: 0.1253165 | AQ33: -0.1032099 | AR33: -0.80175823 | AS33: -0.50376968 | AT33: -0.17401185 | AU33: -0.35976682 | AV33: 4.1522496 | AW33: 0.66216452 | AX33: 0.42298883 | AY33: 1.1585527 | AZ33: 0.63400328 | BA33: 0.21300706 | BB33: 0.09996092 | BC33: 0.18460937 | BD33: 0.10365686 | BE33: 0.1372825 | BF33: 0.17870986 | BG33: 0.13519915 | BH33: -0.050722084 | BI33: 0.078516875 | BJ33: 0.10092824 | BK33: 0.07804013 | BL33: 0.17166066 | BM33: -0.00081661386
A34: Artigos para o Lar, Livraria, Papelaria, Info. | B34: Housewares, Bookstores, Stationerty, Tech | AM34: -0.13882644 | AN34: -0.047494404 | AO34: -0.05997697 | AP34: -0.062798337 | AQ34: -0.24025066 | AR34: -0.70169662 | AS34: -0.33482166 | AT34: -0.12596539 | AU34: -0.30501488 | AV34: 1.4736107 | AW34: 0.15808197 | AX34: 0.085172362 | AY34: 0.42713616 | AZ34: 0.075798392 | BA34: -0.098920916 | BB34: -0.11193559 | BC34: -0.019258105 | BD34: -0.069995946 | BE34: -0.084884026 | BF34: -0.025711464 | BG34: -0.046159683 | BH34: -0.0040489645 | BI34: 0.10249843 | BJ34: 0.077593947 | BK34: 0.034273319 | BL34: -0.032062738 | BM34: -0.10459662
A35: Artigos Diversos, Saúde & Beleza, Joalherias | B35: Miscellaneous, Health & Beauty, Jewelry | AM35: -0.08534668 | AN35: 0.16760543 | AO35: -0.035892484 | AP35: -0.035487966 | AQ35: -0.14628726 | AR35: -0.76960348 | AS35: -0.49418646 | AT35: -0.21985448 | AU35: -0.37231787 | AV35: 2.1923739 | AW35: 0.29128177 | AX35: 0.16382821 | AY35: 0.73313237 | AZ35: 0.4677213 | BA35: 0.20908396 | BB35: 0.084671874 | BC35: 0.03101788 | BD35: -0.074923644 | BE35: -0.0034367843 | BF35: -0.03299891 | BG35: 0.047493371 | BH35: -0.03977966 | BI35: 0.067365622 | BJ35: 0.054794606 | BK35: 0.025535729 | BL35: 0.26053075 | BM35: 0.018741734
A36: Serviços, Entretenimento, Outros | B36: Services, Entertainement, Others | AM36: 2.5778449e-06 | AN36: 0.13004611 | AO36: 0.066540282 | AP36: 0.0079059564 | AQ36: -0.035563635 | AR36: -0.10244061 | AS36: -0.16925013 | AT36: -0.20756266 | AU36: -0.25889747 | AV36: 0.18708474 | AW36: 0.0050944935 | AX36: 0.30772379 | AY36: 0.29168225 | AZ36: 0.38636919 | BA36: 0.5308732 | BB36: 0.11101512 | BC36: 0.15252711 | BD36: 0.098493826 | BE36: 0.12284021 | BF36: 0.074171429 | BG36: 0.11572688 | BH36: 0.0021348977 | BI36: 0.032287946 | BJ36: 0.11811933 | BK36: 0.028897415 | BL36: 0.085733297 | BM36: 0.0068445481
A37: Total | B37: Total | AM37: 0.0028108013 | AN37: 0.075359402 | AO37: 0.053150593 | AP37: 0.040930629 | AQ37: -0.10689994 | AR37: -0.58566631 | AS37: -0.39344695 | AT37: -0.1826256 | AU37: -0.3083804 | AV37: 1.1697823 | AW37: 0.2799581 | AX37: 0.31580484 | AY37: 0.64509503 | AZ37: 0.47931209 | BA37: 0.23874599 | BB37: 0.073148061 | BC37: 0.12234748 | BD37: 0.062175673 | BE37: 0.082205155 | BF37: 0.092962178 | BG37: 0.095556637 | BH37: -0.033647951 | BI37: 0.058700627 | BJ37: 0.09355707 | BK37: 0.041913007 | BL37: 0.13051732 | BM37: -0.0062774102
A38: (1) Considerando âncoras como lojas com ABL igual ou superior a 1.000 m2 e demais lojas com ABL inferior a 1.000 m2 | B38: (1) Considering anchors such as stores with GLA equal to or greater than 1,000 sqm and other stores with GLA lower than 1,000 sqm.
A40: Vendas mesmas lojas (SSS) - Demais Lojas | B40: Same-Store Sales (SSS) - Other Stores | C40: 1Q10 | D40: 2Q10 | E40: 3Q10 | F40: 4Q10 | G40: 1Q11 | H40: 2Q11 | I40: 3Q11 | J40: 4Q11 | K40: 1Q12 | L40: 2Q12 | M40: 3Q12 | N40: 4Q12 | O40: 1Q13 | P40: 2Q13 | Q40: 3Q13 | R40: 4Q13 | S40: 1Q14 | T40: 2Q14 | U40: 3Q14 | V40: 4Q14 | W40: 1Q15 | X40: 2Q15 | Y40: 3Q15 | Z40: 4Q15 | AA40: 1Q16 | AB40: 2Q16 | AC40: 3Q16 | AD40: 4Q16 | AE40: 1Q17 | AF40: 2Q17 | AG40: 3Q17 | AH40: 4Q17 | AI40: 1Q18 | AJ40: 2Q18 | AK40: 3Q18 | AL40: 4Q18 | AM40: 1Q19 | AN40: 2Q19 | AO40: 3Q19 | AP40: 4Q19 | AQ40: 1Q20 | AR40: 2Q20 | AS40: 3Q20 | AT40: 4Q20 | AU40: 1Q21 | AV40: 2Q21 | AW40: 3Q21 | AX40: 4Q21 | AY40: 1Q22 | AZ40: 2Q22 | BA40: 3Q22 | BB40: 4Q22 | BC40: 1Q23 | BD40: 2Q23 | BE40: 3Q23 | BF40: 4Q23 | BG40: 1Q24 | BH40: =BH31 -> 2Q24 | BI40: =BI31 -> 3Q24 | BJ40: =BJ31 -> 4Q24 | BK40: =BK31 -> 1Q25 | BL40: =BL31 -> 2Q25 | BM40: =BM31 -> 3Q25
A41: Alimentação | B41: Food | AM41: 0.010056411 | AN41: 0.1211346 | AO41: 0.027603846 | AP41: 0.0315109 | AQ41: -0.16675304 | AR41: -0.77392334 | AS41: -0.57455486 | AT41: -0.27923098 | AU41: -0.37402762 | AV41: 2.1729595 | AW41: 0.29814491 | AX41: 0.43477124 | AY41: 0.89941172 | AZ41: 0.82748862 | BA41: 0.28083459 | BB41: 0.14012837 | BC41: 0.2159187 | BD41: 0.10027212 | BE41: 0.10836846 | BF41: 0.12345751 | BG41: 0.12557294 | BH41: 0.010050268 | BI41: 0.035289592 | BJ41: 0.067944827 | BK41: -0.012797686 | BL41: 0.12384246 | BM41: 0.051924344
A42: Moda, Calçados, Artigos de Couro | B42: Apparel, Shoes, Leather Goods | AM42: 0.042090107 | AN42: 0.066278588 | AO42: 0.016981054 | AP42: 0.042857006 | AQ42: -0.13876203 | AR42: -0.76117614 | AS42: -0.36111765 | AT42: -0.063258685 | AU42: -0.21739557 | AV42: 3.3906202 | AW42: 0.61866306 | AX42: 0.34781759 | AY42: 0.92680319 | AZ42: 0.55098955 | BA42: 0.19764308 | BB42: 0.057196828 | BC42: 0.11375587 | BD42: 0.039364559 | BE42: 0.041498239 | BF42: 0.089160832 | BG42: 0.042977167 | BH42: 0.029706633 | BI42: 0.087289373 | BJ42: 0.093176808 | BK42: 0.097322766 | BL42: 0.140655 | BM42: 0.095329757
A43: Artigos para o Lar, Livraria, Papelaria, Info. | B43: Housewares, Bookstores, Stationerty, Tech | AM43: -0.00088327962 | AN43: -0.056796206 | AO43: -0.026044931 | AP43: 0.029681973 | AQ43: -0.16127528 | AR43: -0.69843622 | AS43: -0.26433308 | AT43: -0.084776067 | AU43: -0.26650852 | AV43: 2.0486635 | AW43: 0.15241663 | AX43: 0.0043582102 | AY43: 0.44470347 | AZ43: 0.23161017 | BA43: 0.11421693 | BB43: 0.1238874 | BC43: 0.13789798 | BD43: -0.0083658385 | BE43: -0.013029979 | BF43: 0.023554919 | BG43: -0.006960101 | BH43: 0.083390591 | BI43: 0.075282241 | BJ43: 0.096890975 | BK43: 0.076120108 | BL43: 0.047771989 | BM43: 0.037147329
A44: Artigos Diversos, Saúde & Beleza, Joalherias | B44: Miscellaneous, Health & Beauty, Jewelry | AM44: 0.084258446 | AN44: 0.1003487 | AO44: 0.067209924 | AP44: 0.12790565 | AQ44: -0.07949752 | AR44: -0.68645578 | AS44: -0.27610476 | AT44: -0.041104457 | AU44: -0.15049291 | AV44: 2.345567 | AW44: 0.4080814 | AX44: 0.17544698 | AY44: 0.50076861 | AZ44: 0.36725692 | BA44: 0.17150858 | BB44: 0.10595332 | BC44: 0.18089003 | BD44: 0.10574892 | BE44: 0.072001334 | BF44: 0.10628511 | BG44: 0.094006094 | BH44: 0.12779469 | BI44: 0.1602609 | BJ44: 0.1172528 | BK44: 0.082630782 | BL44: 0.10715286 | BM44: 0.069121477
A45: Serviços, Entretenimento, Outros | B45: Services, Entertainement, Others | AM45: -0.0137546 | AN45: 0.069507943 | AO45: 0.035536178 | AP45: 0.016106752 | AQ45: -0.14829348 | AR45: -0.6699851 | AS45: -0.53643013 | AT45: -0.35957372 | AU45: -0.40882994 | AV45: 1.1691599 | AW45: 0.068423725 | AX45: 0.27523791 | AY45: 0.54954826 | AZ45: 0.6387284 | BA45: -0.030430034 | BB45: 0.21441701 | BC45: 0.28467732 | BD45: 0.16796063 | BE45: 0.13830321 | BF45: 0.097426908 | BG45: 0.045687777 | BH45: 0.1107645 | BI45: 0.13014047 | BJ45: 0.079903712 | BK45: 0.03682301 | BL45: 0.010798107 | BM45: -0.07761911
A46: Total | B46: Total | AM46: 0.036633167 | AN46: 0.067746202 | AO46: 0.025938376 | AP46: 0.060028703 | AQ46: -0.13340127 | AR46: -0.73492599 | AS46: -0.37148532 | AT46: -0.1047058 | AU46: -0.24362331 | AV46: 2.6788344 | AW46: 0.42886174 | AX46: 0.26720949 | AY46: 0.72336687 | AZ46: 0.50594663 | BA46: 0.18638101 | BB46: 0.092811535 | BC46: 0.15699218 | BD46: 0.066048855 | BE46: 0.059186303 | BF46: 0.094064819 | BG46: 0.06749959 | BH46: 0.057627724 | BI46: 0.096040727 | BJ46: 0.095752508 | BK46: 0.068292702 | BL46: 0.11876312 | BM46: 0.072057413
A48: Vendas mesmas lojas (SSS) - Total | B48: Same-Store Sales (SSS) - Total | C48: 1Q10 | D48: 2Q10 | E48: 3Q10 | F48: 4Q10 | G48: 1Q11 | H48: 2Q11 | I48: 3Q11 | J48: 4Q11 | K48: 1Q12 | L48: 2Q12 | M48: 3Q12 | N48: 4Q12 | O48: 1Q13 | P48: 2Q13 | Q48: 3Q13 | R48: 4Q13 | S48: 1Q14 | T48: 2Q14 | U48: 3Q14 | V48: 4Q14 | W48: 1Q15 | X48: 2Q15 | Y48: 3Q15 | Z48: 4Q15 | AA48: 1Q16 | AB48: 2Q16 | AC48: 3Q16 | AD48: 4Q16 | AE48: 1Q17 | AF48: 2Q17 | AG48: 3Q17 | AH48: 4Q17 | AI48: 1Q18 | AJ48: 2Q18 | AK48: 3Q18 | AL48: 4Q18 | AM48: 1Q19 | AN48: 2Q19 | AO48: 3Q19 | AP48: 4Q19 | AQ48: 1Q20 | AR48: 2Q20 | AS48: 3Q20 | AT48: 4Q20 | AU48: 1Q21 | AV48: 2Q21 | AW48: 3Q21 | AX48: 4Q21 | AY48: 1Q22 | AZ48: 2Q22 | BA48: 3Q22 | BB48: 4Q22 | BC48: 1Q23 | BD48: 2Q23 | BE48: 3Q23 | BF48: 4Q23 | BG48: 1Q24 | BH48: 2Q24 | BI48: =BI40 -> 3Q24 | BJ48: =BJ40 -> 4Q24 | BK48: =BK40 -> 1Q25 | BL48: =BL40 -> 2Q25 | BM48: =BM40 -> 3Q25
A49: Alimentação | B49: Food | AM49: 0.015633489 | AN49: 0.12147671 | AO49: 0.027152108 | AP49: 0.035906257 | AQ49: -0.16219496 | AR49: -0.75328755 | AS49: -0.56407462 | AT49: -0.27157413 | AU49: -0.36428063 | AV49: 1.964399 | AW49: 0.30987224 | AX49: 0.4293688 | AY49: 0.87971995 | AZ49: 0.79151413 | BA49: 0.2610855 | BB49: 0.12425697 | BC49: 0.19642738 | BD49: 0.090998895 | BE49: 0.092844262 | BF49: 0.1123654 | BG49: 0.11571892 | BH49: 0.0041640639 | BI49: 0.030981472 | BJ49: 0.064585813 | BK49: -0.018997861 | BL49: 0.11229218 | BM49: 0.045113695
A50: Moda, Calçados, Artigos de Couro | B50: Apparel, Shoes, Leather Goods | AM50: 0.047492617 | AN50: 0.066432094 | AO50: 0.033455577 | AP50: 0.054337222 | AQ50: -0.13246365 | AR50: -0.76833128 | AS50: -0.38760296 | AT50: -0.082641546 | AU50: -0.24271502 | AV50: 3.5068586 | AW50: 0.62582803 | AX50: 0.35998361 | AY50: 0.963864 | AZ50: 0.5671033 | BA50: 0.20040945 | BB50: 0.064492976 | BC50: 0.1259513 | BD50: 0.051844834 | BE50: 0.058102436 | BF50: 0.10424223 | BG50: 0.059744678 | BH50: 0.013013694 | BI50: 0.085623729 | BJ50: 0.094585551 | BK50: 0.093641732 | BL50: 0.14658369 | BM50: 0.077549019
A51: Artigos para o Lar, Livraria, Papelaria, Info. | B51: Housewares, Bookstores, Stationerty, Tech | AM51: -0.028750458 | AN51: -0.054720196 | AO51: -0.032223193 | AP51: 0.011890862 | AQ51: -0.17807286 | AR51: -0.6992421 | AS51: -0.27737492 | AT51: -0.091449001 | AU51: -0.27453662 | AV51: 1.912703 | AW51: 0.15352054 | AX51: 0.017349989 | AY51: 0.44120318 | AZ51: 0.2046979 | BA51: 0.075409011 | BB51: 0.083785364 | BC51: 0.10906117 | BD51: -0.018110899 | BE51: -0.024986703 | BF51: 0.016640028 | BG51: -0.013447373 | BH51: 0.069833531 | BI51: 0.079513949 | BJ51: 0.094236871 | BK51: 0.069272823 | BL51: 0.036074272 | BM51: 0.013857359
A52: Artigos Diversos, Saúde & Beleza, Joalherias | B52: Miscellaneous, Health & Beauty, Jewelry | AM52: 0.073172623 | AN52: 0.10446504 | AO52: 0.059446275 | AP52: 0.11262283 | AQ52: -0.085060437 | AR52: -0.694169 | AS52: -0.29181942 | AT52: -0.055818603 | AU52: -0.16713539 | AV52: 2.3346488 | AW52: 0.39998493 | AX52: 0.17451879 | AY52: 0.52041495 | AZ52: 0.37515369 | BA52: 0.1750582 | BB52: 0.10388242 | BC52: 0.1658534 | BD52: 0.08764657 | BE52: 0.06457143 | BF52: 0.093067099 | BG52: 0.090016204 | BH52: 0.1136509 | BI52: 0.15235037 | BJ52: 0.11260423 | BK52: 0.078318277 | BL52: 0.11709216 | BM52: 0.065224238
A53: Serviços, Entretenimento, Outros | B53: Services, Entertainement, Others | AM53: -0.0056563119 | AN53: 0.10668745 | AO53: 0.054267893 | AP53: 0.011402723 | AQ53: -0.07950189 | AR53: -0.27858564 | AS53: -0.33173789 | AT53: -0.2653467 | AU53: -0.30799369 | AV53: 0.31028355 | AW53: 0.021869309 | AX53: 0.29764743 | AY53: 0.36008235 | AZ53: 0.45535263 | BA53: 0.26104827 | BB53: 0.14234348 | BC53: 0.19255036 | BD53: 0.12006873 | BE53: 0.12766981 | BF53: 0.081529521 | BG53: 0.094423509 | BH53: 0.038082271 | BI53: 0.060523842 | BJ53: 0.10588817 | BK53: 0.031212876 | BL53: 0.062570704 | BM53: -0.019168058
A54: Total | B54: Total | AM54: 0.03069806 | AN54: 0.069183991 | AO54: 0.030856798 | AP54: 0.057033995 | AQ54: -0.12853047 | AR54: -0.7059738 | AS54: -0.37522201 | AT54: -0.11775188 | AU54: -0.2561852 | AV54: 2.2305521 | AW54: 0.39901956 | AX54: 0.27519298 | AY54: 0.7081855 | AZ54: 0.5008484 | BA54: 0.19551138 | BB54: 0.089353998 | BC54: 0.15049134 | BD54: 0.065310999 | BE54: 0.063420534 | BF54: 0.093876465 | BG54: 0.072702965 | BH54: 0.040110545 | BI54: 0.089003049 | BJ54: 0.095382264 | BK54: 0.063437538 | BL54: 0.12083415 | BM54: 0.058053777

Sheet Portfólio | Portfolio
C4: IGUATEMI EMPRESA DE SHOPPING CENTERS S/A | G4: IGUATEMI EMPRESA DE SHOPPING CENTERS S/A | K4: IGUATEMI EMPRESA DE SHOPPING CENTERS S/A | O4: IGUATEMI EMPRESA DE SHOPPING CENTERS S/A | S4: IGUATEMI EMPRESA DE SHOPPING CENTERS S/A | W4: IGUATEMI EMPRESA DE SHOPPING CENTERS S/A | AA4: IGUATEMI EMPRESA DE SHOPPING CENTERS S/A | AE4: IGUATEMI EMPRESA DE SHOPPING CENTERS S/A | AI4: IGUATEMI EMPRESA DE SHOPPING CENTERS S/A | AM4: IGUATEMI EMPRESA DE SHOPPING CENTERS S/A | AQ4: IGUATEMI EMPRESA DE SHOPPING CENTERS S/A | AU4: IGUATEMI EMPRESA DE SHOPPING CENTERS S/A | AY4: IGUATEMI S.A. | BC4: IGUATEMI S.A. | BG4: IGUATEMI S.A.
A5: Desempenho Operacional | B5: Operatinal Performance (100%) | C5: ='Indicadores | Indicators'!C5 -> 1Q10 | D5: ='Indicadores | Indicators'!D5 -> 2Q10 | E5: ='Indicadores | Indicators'!E5 -> 3Q10 | F5: ='Indicadores | Indicators'!F5 -> 4Q10 | G5: ='Indicadores | Indicators'!G5 -> 1Q11 | H5: ='Indicadores | Indicators'!H5 -> 2Q11 | I5: ='Indicadores | Indicators'!I5 -> 3Q11 | J5: ='Indicadores | Indicators'!J5 -> 4Q11 | ... BI5: ='Indicadores | Indicators'!BI5 -> 3Q24 | BJ5: 4Q24 | BK5: 1Q25 | BL5: 2Q25 | BM5: 3Q25
A7: AMM+OV+TEMP (R$ mil) (1) | B7: Minimum Rental + Overage + Temporary Rent (R$ ‘000) (1) | C7: =C5 -> 1Q10 | D7: =D5 -> 2Q10 | E7: =E5 -> 3Q10 | F7: =F5 -> 4Q10 | G7: =G5 -> 1Q11 | H7: =H5 -> 2Q11 | I7: =I5 -> 3Q11 | J7: =J5 -> 4Q11 | ... BE7: =BE5 -> 3Q23 | BF7: =BF$5 -> 4Q23 | BG7: =BG$5 -> 1Q24 | BH7: =BH$5 -> 2Q24 | BI7: =BI$5 -> 3Q24 | BJ7: =BJ$5 -> 4Q24 | BK7: =BK$5 -> 1Q25 | BL7: =BL$5 -> 2Q25 | BM7: =BM$5 -> 3Q25
A8: Iguatemi São Paulo | B8: Iguatemi São Paulo | C8: 23087.838 | D8: 25156.796 | E8: 25023.156 | F8: 35650.239 | G8: 26113.244 | H8: 28447.158 | I8: 28317.589 | J8: 40289.579 | K8: 29588.192 | L8: 32008.808 | M8: 30575.838 | N8: 41135.042 | O8: 30653.26 | P8: 33654.018 | Q8: 33890.096 | R8: 45504.733 | S8: 34438.42 | T8: 36205.364 | U8: 36720.182 | V8: 50782.094 | W8: 37059.925 | X8: 38768.96 | Y8: 40368.389 | Z8: 52981.82 | AA8: 39889.391 | AB8: 44469.8 | AC8: 42429.84 | AD8: 56986.33 | AE8: 43241.985 | AF8: 45805.599 | AG8: 46036.474 | AH8: 62831.588 | AI8: 45095.725 | AJ8: 49063.646 | AK8: 48081.693 | AL8: 58500.446 | AM8: 47265.763 | AN8: 50577.503 | AO8: 51141.086 | AP8: 69090.275 | AQ8: 49577.067 | AR8: 49787.561 | AS8: 51101.231 | AT8: 76388.816 | AU8: 55497.317 | AV8: 62110.481 | AW8: 68221.935 | AX8: 96116.517 | AY8: 70983.109 | AZ8: 75156.926 | BA8: 77083.635 | BB8: 101561.35 | BC8: 76825.578 | BD8: 82323.117 | BE8: 80815.619 | BF8: 106984.32 | BG8: 79983.735 | BH8: 87120.59 | BI8: 84747.029 | BJ8: 115756.23 | BK8: 85032.072 | BL8: 95619.129 | BM8: 97108.384
A9: JK Iguatemi | B9: JK Iguatemi | C9: - | D9: - | E9: - | F9: - | G9: - | H9: - | I9: - | J9: - | K9: - | L9: 1071.9642 | M9: 13481.097 | N9: 18714.384 | O9: 13451.814 | P9: 15640.129 | Q9: 15441.233 | R9: 19564.63 | S9: 15077.888 | T9: 15387.203 | U9: 17133.26 | V9: 22154.1 | W9: 16351.064 | X9: 18400.442 | Y9: 17048.807 | Z9: 22326.16 | AA9: 16559.635 | AB9: 17748.8 | AC9: 17938.624 | AD9: 23859.265 | AE9: 16808.447 | AF9: 18345.977 | AG9: 18022.686 | AH9: 24493.382 | AI9: 16936.786 | AJ9: 19062.026 | AK9: 19611.46 | AL9: 26546.008 | AM9: 19518.432 | AN9: 22148.281 | AO9: 21810.255 | AP9: 28999.434 | AQ9: 20250.702 | AR9: 19065.267 | AS9: 20524.466 | AT9: 28490.986 | AU9: 20735.265 | AV9: 25088.002 | AW9: 30858.658 | AX9: 43090.236 | AY9: 32140.301 | AZ9: 36048.882 | BA9: 36417.077 | BB9: 45833.77 | BC9: 37457.552 | BD9: 39745.3 | BE9: 38473.595 | BF9: 50755.331 | BG9: 37643.191 | BH9: 43632.064 | BI9: 43470.875 | BJ9: 54308.308 | BK9: 40197.889 | BL9: 47339.526 | BM9: 48108.929
A10: Pátio Higienópolis (2) | B10: Pátio Higienópolis (2) | C10: - | D10: - | E10: - | F10: - | G10: - | H10: - | I10: - | J10: - | K10: - | L10: - | M10: - | N10: - | O10: - | P10: - | Q10: - | R10: - | S10: - | T10: - | U10: - | V10: - | W10: - | X10: - | Y10: 19033.777 | Z10: 25452.072 | AA10: 21403.222 | AB10: 22010.18 | AC10: 20884.848 | AD10: 27398.374 | AE10: 22534.25 | AF10: 23142.83 | AG10: 22976.691 | AH10: 31189.982 | AI10: 22763.637 | AJ10: 23601.595 | AK10: 23936.601 | AL10: 32035.135 | AM10: 24693.883 | AN10: 24993.072 | AO10: 25161.703 | AP10: 32922.438 | AQ10: 25314.67 | AR10: 24158.125 | AS10: 23293.575 | AT10: 31909.983 | AU10: 24975.847 | AV10: 25604.643 | AW10: 27503.828 | AX10: 38191.347 | AY10: 29711.441 | AZ10: 30097.299 | BA10: 31416.247 | BB10: 41430.473 | BC10: 32155.08 | BD10: 32658.03 | BE10: 33469.664 | BF10: 43462.349 | BG10: 34734.131 | BH10: 35671.168 | BI10: 35468.779 | BJ10: 46492.353 | BK10: 35548.202 | BL10: 37664.213 | BM10: 37738.181
A11: Pátio Paulista | B11: Pátio Paulista | C11: 0 | D11: 0 | E11: 0 | F11: 0 | G11: 0 | H11: 0 | I11: 0 | J11: 0 | K11: 0 | L11: 0 | M11: 0 | N11: 0 | O11: 0 | P11: 0 | Q11: 0 | R11: 0 | S11: 0 | T11: 0 | U11: 0 | V11: 0 | W11: 0 | X11: 0 | Y11: 0 | Z11: 0 | AA11: 0 | AB11: 0 | AC11: 0 | AD11: 0 | AE11: 0 | AF11: 0 | AG11: 0 | AH11: 0 | AI11: 0 | AJ11: 0 | AK11: 0 | AL11: 0 | AM11: 0 | AN11: 0 | AO11: 0 | AP11: 0 | AQ11: 0 | AR11: 0 | AS11: 0 | AT11: 0 | AU11: 0 | AV11: 0 | AW11: 0 | AX11: 0 | AY11: 0 | AZ11: 0 | BA11: 0 | BB11: 0 | BC11: 0 | BD11: 0 | BE11: 0 | BF11: 0 | BG11: 0 | BH11: 0 | BI11: 0 | BJ11: 0 | BK11: 0 | BL11: 36180.629 | BM11: 37437.214
A12: Market Place | B12: Market Place | C12: 4797.1672 | D12: 4885.6637 | E12: 5154.92 | F12: 7129.1178 | G12: 5272.7378 | H12: 5377.0799 | I12: 6637.7792 | J12: 8156.8431 | K12: 5903.8789 | L12: 6176.9051 | M12: 6674.6967 | N12: 8328.7486 | O12: 6053.6037 | P12: 6602.1349 | Q12: 6544.8146 | R12: 8297.6917 | S12: 6006.4668 | T12: 6673.8947 | U12: 6765.9277 | V12: 9101.7372 | W12: 6184.4077 | X12: 6415.7813 | Y12: 7563.4337 | Z12: 7969.672 | AA12: 6344.6001 | AB12: 6725.1278 | AC12: 7438.1188 | AD12: 8956.2312 | AE12: 6928.3423 | AF12: 7069.2101 | AG12: 6850.7042 | AH12: 9887.7209 | AI12: 6928.2923 | AJ12: 6921.7593 | AK12: 7096.8637 | AL12: 8722.4151 | AM12: 6406.329 | AN12: 6808.1724 | AO12: 7744.6632 | AP12: 9723.829 | AQ12: 6642.9468 | AR12: 6070.7981 | AS12: 6367.5994 | AT12: 7849.3569 | AU12: 6201.4042 | AV12: 6219.4079 | AW12: 6993.5487 | AX12: 8972.4134 | AY12: 7914.1707 | AZ12: 7663.4426 | BA12: 7997.5446 | BB12: 9747.1743 | BC12: 7775.9689 | BD12: 8480.0789 | BE12: 7522.0633 | BF12: 9336.0291 | BG12: 6837.9396 | BH12: 6733.2186 | BI12: 6399.3137 | BJ12: 7203.8309 | BK12: 5855.5839 | BL12: 6195.8471 | BM12: 7620.0543
A13: Iguatemi Alphaville | B13: Iguatemi Alphaville | C13: - | D13: - | E13: - | F13: - | G13: - | H13: 4271.9709 | I13: 6455.2891 | J13: 8495.7765 | K13: 6450.5755 | L13: 6784.5133 | M13: 6728.9265 | N13: 8332.4856 | O13: 6231.4196 | P13: 6556.2796 | Q13: 6544.9042 | R13: 8658.9049 | S13: 6416.517 | T13: 6887.6617 | U13: 6740.8512 | V13: 9167.7244 | W13: 6773.0065 | X13: 7281.2051 | Y13: 7251.2682 | Z13: 11001.549 | AA13: 6960.0324 | AB13: 7434.5124 | AC13: 7384.7096 | AD13: 11446.228 | AE13: 6996.5224 | AF13: 7490.5809 | AG13: 8247.3867 | AH13: 9374.9441 | AI13: 7312.9082 | AJ13: 7598.5459 | AK13: 8324.986 | AL13: 10963.051 | AM13: 7138.0178 | AN13: 7928.8393 | AO13: 8378.1144 | AP13: 11363.356 | AQ13: 8247.2042 | AR13: 7752.6994 | AS13: 7799.7695 | AT13: 10331.741 | AU13: 8127.3454 | AV13: 8472.2963 | AW13: 9387.4044 | AX13: 12677.168 | AY13: 9556.3227 | AZ13: 11014.659 | BA13: 11048.734 | BB13: 13018.344 | BC13: 10330.805 | BD13: 10686.411 | BE13: 11038.313 | BF13: 14396.073 | BG13: 10887.232 | BH13: 11077.283 | BI13: 11301.304 | BJ13: 15043.6 | BK13: 11201.384 | BL13: 12636.435 | BM13: 12337.307
A14: Iguatemi Campinas | B14: Iguatemi Campinas | C14: 11817.54 | D14: 12372.129 | E14: 12774.582 | F14: 17208.717 | G14: 12552.992 | H14: 13358.415 | I14: 13444.579 | J14: 18981.11 | K14: 13406.72 | L14: 14623.848 | M14: 15685.859 | N14: 20171.146 | O14: 15457.924 | P14: 16189.368 | Q14: 17040.541 | R14: 22185.228 | S14: 16907.674 | T14: 17929.387 | U14: 18114.349 | V14: 23711.383 | W14: 17969.031 | X14: 20942.616 | Y14: 22062.428 | Z14: 29909.745 | AA14: 22367.046 | AB14: 23140.511 | AC14: 24143.481 | AD14: 34887.06 | AE14: 23726.407 | AF14: 25198.802 | AG14: 25638.464 | AH14: 34068.821 | AI14: 25105.988 | AJ14: 26316.778 | AK14: 27355.877 | AL14: 35303.084 | AM14: 27210.834 | AN14: 28434.54 | AO14: 28737.256 | AP14: 37095.962 | AQ14: 27526.235 | AR14: 25018.966 | AS14: 24324.856 | AT14: 33701.314 | AU14: 25926.783 | AV14: 28009.022 | AW14: 30976.073 | AX14: 43482.982 | AY14: 33698.717 | AZ14: 36258.385 | BA14: 36402.115 | BB14: 47885.95 | BC14: 36563.309 | BD14: 37847.911 | BE14: 37495.363 | BF14: 48953.892 | BG14: 36527.536 | BH14: 38311.56 | BI14: 38206.546 | BJ14: 50948.113 | BK14: 37695.339 | BL14: 40890.615 | BM14: 40079.849
A15: Galleria | B15: Galleria | C15: 2495.7101 | D15: 2603.5662 | E15: 2651.2866 | F15: 4166.72 | G15: 2686.4503 | H15: 2927.2479 | I15: 3176.2502 | J15: 4113.8085 | K15: 3074.5974 | L15: 3279.7955 | M15: 3781.9052 | N15: 6081.5023 | O15: 4854.1102 | P15: 4794.0781 | Q15: 4966.2757 | R15: 6376.9317 | S15: 4917.5271 | T15: 5072.2727 | U15: 4991.1908 | V15: 7454.9937 | W15: 4919.6752 | X15: 5077.0903 | Y15: 5041.3167 | Z15: 6745.3426 | AA15: 5136.9179 | AB15: 5208.2419 | AC15: 5137.5524 | AD15: 6945.2335 | AE15: 5343.1975 | AF15: 5389.9156 | AG15: 4784.4306 | AH15: 7268.4847 | AI15: 5461.3944 | AJ15: 5405.5815 | AK15: 5579.8922 | AL15: 7996.6816 | AM15: 5272.0169 | AN15: 5227.417 | AO15: 5222.4801 | AP15: 6567.3397 | AQ15: 5662.0231 | AR15: 4998.7004 | AS15: 5158.1465 | AT15: 7156.705 | AU15: 5760.8203 | AV15: 6134.3014 | AW15: 6757.6539 | AX15: 9706.7433 | AY15: 7921.8995 | AZ15: 8515.826 | BA15: 8415.6514 | BB15: 10737.331 | BC15: 8811.6639 | BD15: 8999.223 | BE15: 8979.6992 | BF15: 10840.552 | BG15: 8384.2498 | BH15: 8229.042 | BI15: 8253.1761 | BJ15: 10225.6 | BK15: 8390.8686 | BL15: 8545.1421 | BM15: 8646.8743
A16: Iguatemi Esplanada (3) | B16: Iguatemi Esplanada (3) | C16: 5749.0915 | D16: 5940.6222 | E16: 6101.0929 | F16: 8051.8446 | G16: 6158.0597 | H16: 6511.4471 | I16: 6710.5091 | J16: 8998.8178 | K16: 7043.4479 | L16: 7186.005 | M16: 7395.9225 | N16: 9901.7919 | O16: 7822.2315 | P16: 7919.7265 | Q16: 8044.2518 | R16: 14733.865 | S16: 14347.964 | T16: 14066.966 | U16: 14032.677 | V16: 19674.778 | W16: 14361.612 | X16: 14590.283 | Y16: 14530.833 | Z16: 19309.107 | AA16: 14845.271 | AB16: 15065.598 | AC16: 15082.635 | AD16: 20381.722 | AE16: 15870.054 | AF16: 15838.371 | AG16: 16199.442 | AH16: 22560.409 | AI16: 16164.206 | AJ16: 16356.678 | AK16: 16272.654 | AL16: 22512.91 | AM16: 15899.931 | AN16: 16493.142 | AO16: 16335.629 | AP16: 21977.15 | AQ16: 16484.208 | AR16: 15458.09 | AS16: 14627.164 | AT16: 20065.603 | AU16: 16320.474 | AV16: 17479.331 | AW16: 18572.79 | AX16: 25898.743 | AY16: 20970.349 | AZ16: 21317.696 | BA16: 21280.175 | BB16: 26452.64 | BC16: 23194.18 | BD16: 22994.371 | BE16: 23233.9 | BF16: 29870.924 | BG16: 23401.528 | BH16: 24243.898 | BI16: 24062.076 | BJ16: 30833.614 | BK16: 24733.872 | BL16: 25514.489 | BM16: 25107.771
A17: Iguatemi São Carlos | B17: Iguatemi São Carlos | C17: 1246.5503 | D17: 1383.0492 | E17: 1357.9692 | F17: 2072.8303 | G17: 1444.946 | H17: 1602.7944 | I17: 1402.9121 | J17: 2212.1351 | K17: 1513.984 | L17: 1740.4452 | M17: 1703.69 | N17: 2344.573 | O17: 1783.2171 | P17: 1786.9834 | Q17: 1819.9702 | R17: 2810.0523 | S17: 1861.0468 | T17: 2000.9552 | U17: 2257.9801 | V17: 3060.1164 | W17: 2354.4091 | X17: 2416.7924 | Y17: 2469.2964 | Z17: 3462.3941 | AA17: 2472.2469 | AB17: 2716.5737 | AC17: 2595.6464 | AD17: 3734.9595 | AE17: 2680.5912 | AF17: 2706.4749 | AG17: 2741.1386 | AH17: 3801.4704 | AI17: 2759.891 | AJ17: 2826.7013 | AK17: 2831.5462 | AL17: 4457.1468 | AM17: 2990.0369 | AN17: 3154.8404 | AO17: 3192.4955 | AP17: 4099.8826 | AQ17: 3135.1433 | AR17: 2779.7412 | AS17: 2846.5017 | AT17: 3771.7374 | AU17: 3030.7215 | AV17: 3307.5015 | AW17: 3499.3462 | AX17: 4714.5851 | AY17: 4102.204 | AZ17: 4144.4329 | BA17: 3953.6052 | BB17: 4963.395 | BC17: 3972.5631 | BD17: 4143.7224 | BE17: 4196.8781 | BF17: 5376.5245 | BG17: 4168.2582 | BH17: 4360.5867 | BI17: 2928.048 | BJ17: 0 | BK17: 0 | BL17: 0 | BM17: 0
A18: Iguatemi Ribeirão Preto | B18: Iguatemi Ribeirão Preto | C18: - | D18: - | E18: - | F18: - | G18: - | H18: - | I18: - | J18: - | K18: - | L18: - | M18: - | N18: - | O18: - | P18: - | Q18: 82 | R18: 6167.0537 | S18: 4641.1082 | T18: 4721.0419 | U18: 4691.0577 | V18: 6325.2371 | W18: 5173.5595 | X18: 4884.7284 | Y18: 5087.996 | Z18: 6585.6671 | AA18: 5779.2063 | AB18: 5278.6786 | AC18: 5470.571 | AD18: 7004.9505 | AE18: 6108.517 | AF18: 5356.4921 | AG18: 5512.6921 | AH18: 6694.602 | AI18: 5672.4067 | AJ18: 5312.8967 | AK18: 5338.3468 | AL18: 7602.0454 | AM18: 6093.7081 | AN18: 6241.6727 | AO18: 6738.2014 | AP18: 8529.6462 | AQ18: 6796.1147 | AR18: 5254.366 | AS18: 5680.2379 | AT18: 7914.9785 | AU18: 6406.8688 | AV18: 6594.3007 | AW18: 7416.3742 | AX18: 10587.579 | AY18: 8993.8729 | AZ18: 9149.2109 | BA18: 9775.0129 | BB18: 11877.592 | BC18: 10047.53 | BD18: 10358.819 | BE18: 10365.043 | BF18: 12539.388 | BG18: 10274.112 | BH18: 10749.848 | BI18: 10639.704 | BJ18: 13570.979 | BK18: 10572.985 | BL18: 11114.504 | BM18: 11255.185
A19: Iguatemi Rio Preto | B19: Iguatemi Rio Preto | C19: - | D19: - | E19: - | F19: - | G19: - | H19: - | I19: - | J19: - | K19: - | L19: - | M19: - | N19: - | O19: - | P19: - | Q19: - | R19: - | S19: - | T19: 3658.0515 | U19: 5221.1871 | V19: 6521.9966 | W19: 5296.1331 | X19: 5082.211 | Y19: 5683.6888 | Z19: 7255.8264 | AA19: 5739.0503 | AB19: 6544.4548 | AC19: 6382.3587 | AD19: 8972.9647 | AE19: 6268.3335 | AF19: 6776.9464 | AG19: 6523.6007 | AH19: 8335.4225 | AI19: 7635.8404 | AJ19: 7745.3093 | AK19: 7824.5731 | AL19: 10081.051 | AM19: 7545.8633 | AN19: 7642.1259 | AO19: 8981.54 | AP19: 11145.022 | AQ19: 7480.7322 | AR19: 6901.5079 | AS19: 7260.2907 | AT19: 9271.534 | AU19: 7544.1101 | AV19: 9566.4562 | AW19: 9948.0827 | AX19: 13310.77 | AY19: 9944.6043 | AZ19: 11679.43 | BA19: 11270.023 | BB19: 14677.511 | BC19: 11684.978 | BD19: 11909.749 | BE19: 12018.995 | BF19: 15088.066 | BG19: 12032.336 | BH19: 12543.893 | BI19: 12203.676 | BJ19: 16143.237 | BK19: 11893.908 | BL19: 13103.43 | BM19: 12906.491
A20: Iguatemi Porto Alegre | B20: Iguatemi Porto Alegre | C20: 12581.151 | D20: 13567.646 | E20: 14031.803 | F20: 18104.117 | G20: 13476.842 | H20: 14427.12 | I20: 14908.691 | J20: 19218.154 | K20: 14864.123 | L20: 15967.891 | M20: 15727.998 | N20: 20214.595 | O20: 15992.098 | P20: 17221.353 | Q20: 16427.322 | R20: 21953.286 | S20: 16971.955 | T20: 17382.075 | U20: 17061.814 | V20: 23255.161 | W20: 17056.973 | X20: 17539.295 | Y20: 17521.286 | Z20: 24915.919 | AA20: 18722.69 | AB20: 21408.446 | AC20: 24753.91 | AD20: 31722.736 | AE20: 24058.971 | AF20: 25275.282 | AG20: 28193.742 | AH20: 34111.781 | AI20: 26265.787 | AJ20: 27946.875 | AK20: 27070.374 | AL20: 37908.89 | AM20: 28154.645 | AN20: 30850.956 | AO20: 30259.837 | AP20: 39765.43 | AQ20: 30627.671 | AR20: 27513.689 | AS20: 26920.261 | AT20: 35913.147 | AU20: 29325.299 | AV20: 32365.267 | AW20: 35652.091 | AX20: 49610.191 | AY20: 38478.781 | AZ20: 41861.52 | BA20: 42544.688 | BB20: 56212.776 | BC20: 44260.187 | BD20: 45531.053 | BE20: 45169.939 | BF20: 57606.414 | BG20: 43777.561 | BH20: 45208.818 | BI20: 45461.689 | BJ20: 59417.752 | BK20: 43523.126 | BL20: 48428.984 | BM20: 47619.723
A21: Praia de Belas | B21: Praia de Belas | C21: 5989.8834 | D21: 6438.6401 | E21: 6579.5574 | F21: 8789.0716 | G21: 6464.8887 | H21: 6973.0923 | I21: 6924.7837 | J21: 9268.7055 | K21: 6823.8305 | L21: 7403.7825 | M21: 7159.6295 | N21: 10081.058 | O21: 7265.2551 | P21: 7998.202 | Q21: 8412.6076 | R21: 11719.732 | S21: 9457.353 | T21: 10760.859 | U21: 10291.255 | V21: 13771.604 | W21: 10342.624 | X21: 11140.18 | Y21: 10641.253 | Z21: 14451.282 | AA21: 11166.627 | AB21: 11410.445 | AC21: 11173.595 | AD21: 14940.016 | AE21: 11835.448 | AF21: 12069.766 | AG21: 11831.304 | AH21: 15151.953 | AI21: 11985.866 | AJ21: 12070.882 | AK21: 12221.126 | AL21: 15726.464 | AM21: 12574.269 | AN21: 13026.202 | AO21: 12933.7 | AP21: 16915.777 | AQ21: 12970.82 | AR21: 11337.03 | AS21: 11139.363 | AT21: 14724.319 | AU21: 12210.495 | AV21: 13636.802 | AW21: 14020.878 | AX21: 18742.058 | AY21: 15936.206 | AZ21: 15014.663 | BA21: 15783.772 | BB21: 20516.921 | BC21: 15387.573 | BD21: 15436.523 | BE21: 15549.424 | BF21: 19360.333 | BG21: 15555.133 | BH21: 14871.059 | BI21: 16222.189 | BJ21: 19369.011 | BK21: 16297.368 | BL21: 16615.276 | BM21: 16014.246
A22: Iguatemi Florianópolis | B22: Iguatemi Florianópolis | C22: 4174.8834 | D22: 4728.7311 | E22: 4647.0211 | F22: 6139.5959 | G22: 5166.1478 | H22: 5448.0509 | I22: 5402.2324 | J22: 7050.6416 | K22: 5573.2364 | L22: 5667.4221 | M22: 5523.4807 | N22: 7446.2182 | O22: 5601.7092 | P22: 5964.5595 | Q22: 5625.9565 | R22: 7784.7272 | S22: 6053.0825 | T22: 6200.7063 | U22: 6279.8256 | V22: 8418.5674 | W22: 6018.31 | X22: 6146.7505 | Y22: 6060.8997 | Z22: 8445.4267 | AA22: 6578.8746 | AB22: 6292.5378 | AC22: 6316.5416 | AD22: 9079.6672 | AE22: 6648.9032 | AF22: 6638.0681 | AG22: 6500.0594 | AH22: 9356.4661 | AI22: 6664.1691 | AJ22: 6765.897 | AK22: 6690.1332 | AL22: 8633.1207 | AM22: 6437.4691 | AN22: 6330.362 | AO22: 6289.7622 | AP22: 0 | AQ22: 0 | AR22: 0 | AS22: 0 | AT22: 0 | AU22: 0 | AV22: 0 | AW22: 0 | AX22: 0 | AY22: 0 | AZ22: 0 | BA22: 0 | BB22: 0 | BC22: 0 | BD22: 0 | BE22: 0 | BF22: 0 | BG22: 0 | BH22: 0 | BI22: 0 | BJ22: 0 | BK22: 0 | BL22: 0
A23: Iguatemi Caxias | B23: Iguatemi Caxias | C23: - | D23: - | E23: - | F23: - | G23: - | H23: - | I23: - | J23: - | K23: 4084.4353 | L23: 4660.1344 | M23: 4788.2593 | N23: 6108.3954 | O23: 4727.8119 | P23: 5312.2168 | Q23: 5227.9755 | R23: 7113.6198 | S23: 5310.6897 | T23: 5945.3023 | U23: 5820.4981 | V23: 7843.2898 | W23: 5534.0843 | X23: 6503.6216 | Y23: 6986.5291 | Z23: 8731.1902 | AA23: 6057.1097 | AB23: 6678 | AC23: 6360.11 | AD23: 8175.8814 | AE23: 5994.4263 | AF23: 5885.3215 | AG23: 5796.8963 | AH23: 7748.0482 | AI23: 5359.0971 | AJ23: 5736.6411 | AK23: 5575.7425 | AL23: 7458.1955 | AM23: 5672.4936 | AN23: 5952.3163 | AO23: 0 | AP23: 0 | AQ23: 0 | AR23: 0 | AS23: 0 | AT23: 0 | AU23: 0 | AV23: 0 | AW23: 0 | AX23: 0 | AY23: 0 | AZ23: 0 | BA23: 0 | BB23: 0 | BC23: 0 | BD23: 0 | BE23: 0 | BF23: 0 | BG23: 0 | BH23: 0 | BI23: 0 | BJ23: 0 | BK23: 0 | BL23: 0
A24: Iguatemi Brasília | B24: Iguatemi Brasília | C24: 109.76 | D24: 5469.6669 | E24: 5733.1141 | F24: 8430.2769 | G24: 6403.0625 | H24: 7092.5302 | I24: 7196.1912 | J24: 9705.7323 | K24: 7335.9517 | L24: 7735.4718 | M24: 7671.6874 | N24: 10300.815 | O24: 7324.7366 | P24: 8168.3809 | Q24: 8279.4981 | R24: 10873.784 | S24: 7967.0798 | T24: 8571.1798 | U24: 8742.4905 | V24: 11374.538 | W24: 8858.7102 | X24: 9140.8707 | Y24: 9229.616 | Z24: 12219.749 | AA24: 9461.7079 | AB24: 9961.4334 | AC24: 9738.0139 | AD24: 12958.926 | AE24: 9913.6597 | AF24: 10124.593 | AG24: 10305.53 | AH24: 15078.846 | AI24: 9682.5138 | AJ24: 9708.3213 | AK24: 9813.8759 | AL24: 14142.835 | AM24: 9711.383 | AN24: 10390.806 | AO24: 9886.336 | AP24: 13004.108 | AQ24: 9800.7082 | AR24: 10103.442 | AS24: 9596.9671 | AT24: 12848.853 | AU24: 10209.528 | AV24: 12000.517 | AW24: 12460.104 | AX24: 17012.613 | AY24: 12926.852 | AZ24: 14281.009 | BA24: 14754.291 | BB24: 18489.516 | BC24: 14543.635 | BD24: 15456.077 | BE24: 15685.087 | BF24: 19677.814 | BG24: 15174.324 | BH24: 16204.159 | BI24: 16311.819 | BJ24: 21417.82 | BK24: 16185.288 | BL24: 17546.717 | BM24: 17780.562
A25: RioSul | B25: RioSul | BJ25: 41303.378 | BK25: 39101.508 | BL25: 41532.393 | BM25: 40305.952
A26: I Fashion Outlet Novo Hamburgo | B26: I Fashion Outlet Novo Hamburgo | C26: - | D26: - | E26: - | F26: - | G26: - | H26: - | I26: - | J26: - | K26: - | L26: - | M26: - | N26: - | O26: - | P26: - | Q26: - | R26: 1799.974 | S26: 2124.0203 | T26: 1908.1926 | U26: 2244.3737 | V26: 2983.2715 | W26: 2343.5365 | X26: 2610.9759 | Y26: 2502.1777 | Z26: 3626.4275 | AA26: 2587.263 | AB26: 2727.4815 | AC26: 2717.832 | AD26: 3758.6544 | AE26: 2683.993 | AF26: 2833.4026 | AG26: 2817.5349 | AH26: 4726.9339 | AI26: 2932.8387 | AJ26: 3005.4797 | AK26: 3149.8002 | AL26: 3688.2812 | AM26: 2677.6379 | AN26: 2999.3169 | AO26: 3012.0724 | AP26: 4089.409 | AQ26: 2700.1564 | AR26: 2321.3716 | AS26: 2561.822 | AT26: 4445.9778 | AU26: 2730.5823 | AV26: 3594.0545 | AW26: 3996.6542 | AX26: 5665.4193 | AY26: 3905.7454 | AZ26: 4802.4833 | BA26: 4556.5006 | BB26: 6103.5006 | BC26: 4437.9804 | BD26: 5235.0309 | BE26: 5310.506 | BF26: 6785.9058 | BG26: 4787.4113 | BH26: 4794.7943 | BI26: 5546.657 | BJ26: 7182.262 | BK26: 4783.2692 | BL26: 5903.4806 | BM26: 5740.2582
A27: I Fashion Outlet Santa Catarina | B27: I Fashion Outlet Santa Catarina | C27: - | D27: - | E27: - | F27: - | G27: - | H27: - | I27: - | J27: - | K27: - | L27: - | M27: - | N27: - | O27: - | P27: - | Q27: - | R27: - | S27: - | T27: - | U27: - | V27: - | W27: - | X27: - | Y27: - | Z27: - | AA27: - | AB27: - | AC27: - | AD27: - | AE27: - | AF27: - | AG27: - | AH27: - | AI27: - | AJ27: - | AK27: - | AL27: 107.15404 | AM27: 1061.6304 | AN27: 1519.2211 | AO27: 970.57337 | AP27: 1604.6379 | AQ27: 1082.1465 | AR27: 799.37699 | AS27: 1036.7847 | AT27: 1665.3587 | AU27: 1307.3732 | AV27: 1499.0702 | AW27: 1465.8851 | AX27: 2235.1589 | AY27: 1975.2277 | AZ27: 2019.1221 | BA27: 1792.6764 | BB27: 2457.5762 | BC27: 2315.2215 | BD27: 1925.0821 | BE27: 1997.1883 | BF27: 2614.0302 | BG27: 2157.0824 | BH27: 1994.4227 | BI27: 2523.9902 | BJ27: 3497.8536 | BK27: 3955.3924 | BL27: 2615.0977 | BM27: 2371.862
A28: Power Center Iguatemi Campinas | B28: Power Center Iguatemi Campinas | C28: 352.75728 | D28: 473.56003 | E28: 928.68454 | F28: 520.53966 | G28: 664.87739 | H28: 615.74364 | I28: 642.49446 | J28: 664.78586 | K28: 777.95225 | L28: 682.69683 | M28: 781.59079 | N28: - | O28: 672.50557 | P28: 689.98957 | Q28: 773.76532 | R28: 878.23862 | S28: 799.91192 | T28: 749.80782 | U28: 808.89578 | V28: 835.62533 | W28: 835.84099 | X28: 823.65249 | Y28: 877.8187 | Z28: 934.51004 | AA28: 840.03635 | AB28: 712.93842 | AC28: 735.57408 | AD28: 899.6568 | AE28: 841.14693 | AF28: 788.77909 | AG28: 835.59338 | AH28: 987.45638 | AI28: 859 | AJ28: 769.05846 | AK28: 848.78463 | AL28: 1002.3319 | AM28: 884.09851 | AN28: 757.67889 | AO28: 759.94874 | AP28: 793.60727 | AQ28: 753.67491 | AR28: 708.77212 | AS28: 731.58842 | AT28: 823.94034 | AU28: 776.49103 | AV28: 706.1269 | AW28: 720.681 | AX28: 839.89107 | AY28: 985.50999 | AZ28: 1016.1559 | BA28: 1094.0267 | BB28: 1093.0175 | BC28: 1098.2005 | BD28: 1101.9931 | BE28: 1148.1568 | BF28: 1116.3156 | BG28: 1133.9665 | BH28: 1143.3752 | BI28: 1175.9298 | BJ28: 1197.5893 | BK28: 1188.044 | BL28: 1126.8015 | BM28: 1232.496
A29: Market Place Torre (I & II) | B29: Market Place Tower (I & II) | C29: 5514.8325 | D29: 5551 | E29: 5631 | F29: 5757 | G29: 5849 | H29: 5943 | I29: 6095.1302 | J29: 6283 | K29: 6600 | L29: 6508 | M29: 6506 | N29: 6731 | O29: 6865 | P29: 6825 | Q29: 7031 | R29: 7803 | S29: 7508 | T29: 7321 | U29: 7735 | V29: 7013.1269 | W29: 7057 | X29: 7244 | Y29: 6335 | Z29: 6264 | AA29: 6230 | AB29: 5985 | AC29: 6154 | AD29: 6068.9353 | AE29: 6128.9082 | AF29: 6046 | AG29: 6094 | AH29: 5560.8536 | AI29: 5383.5255 | AJ29: 5349.7694 | AK29: 5445.7884 | AL29: 5682.3025 | AM29: 5080.3283 | AN29: 4151.6024 | AO29: 4402.7203 | AP29: 6288.13 | AQ29: 6064.5788 | AR29: 6726.0266 | AS29: 6329.9975 | AT29: 7269.5517 | AU29: 5945.2153 | AV29: 6585.4829 | AW29: 4239.9564 | AX29: 5272.8379 | AY29: 5639.6633 | AZ29: 5679.9537 | BA29: 5491.4809 | BB29: 5076.4842 | BC29: 5360.1489 | BD29: 5592.2466 | BE29: 5575.5685 | BF29: 5972.7993 | BG29: 6467.8193 | BH29: 6747 | BI29: 6567.944 | BJ29: 6575.5195 | BK29: 6174.52 | BL29: 6487.8343 | BM29: 6622.7967
A30: Torre Iguatemi Porto Alegre | B30: Torre Iguatemi Porto Alegre | C30: 0 | D30: 0 | E30: 0 | F30: 0 | G30: 0 | H30: 0 | I30: 0 | J30: 0 | K30: 0 | L30: 0 | M30: 0 | N30: 0 | O30: 0 | P30: 0 | Q30: 0 | R30: 0 | S30: 0 | T30: 0 | U30: 0 | V30: 0 | W30: 0 | X30: 0 | Y30: 0 | Z30: 0 | AA30: 0 | AB30: 0 | AC30: 0 | AD30: 0 | AE30: 0 | AF30: 0 | AG30: 0 | AH30: 0 | AI30: 1245.6491 | AJ30: 1485.2684 | AK30: 1543.2761 | AL30: 1605.6509 | AM30: 1771.7595 | AN30: 1890.6839 | AO30: 2026.156 | AP30: 2035.8032 | AQ30: 2219.3659 | AR30: 2316.0006 | AS30: 2378.9485 | AT30: 2423.0214 | AU30: 2419.7234 | AV30: 2429.9852 | AW30: 2384.5461 | AX30: 2537.2884 | AY30: 2632.2519 | AZ30: 2487.7022 | BA30: 2621.3932 | BB30: 2547.0238 | BC30: 2713.1762 | BD30: 2809.6054 | BE30: 2684.7984 | BF30: 2759.7621 | BG30: 2742.9824 | BH30: 2747.3403 | BI30: 2822.5535 | BJ30: 2866.5878 | BK30: 2896.6446 | BL30: 2997.0787 | BM30: 3046.3729
A31: Torre Sky Galleria | B31: Torre Sky Galleria | C31: - | D31: - | E31: - | F31: - | G31: - | H31: - | I31: - | J31: - | K31: - | L31: - | M31: - | N31: - | O31: - | P31: - | Q31: - | R31: - | S31: - | T31: - | U31: - | V31: - | W31: - | X31: - | Y31: - | Z31: - | AA31: - | AB31: - | AC31: - | AD31: - | AE31: - | AF31: - | AG31: - | AH31: - | AI31: - | AJ31: - | AK31: - | AL31: - | AM31: - | AN31: - | AO31: - | AP31: - | AQ31: - | AR31: - | AS31: - | AT31: - | AU31: - | AV31: - | AW31: - | AX31: - | AY31: - | AZ31: - | BA31: - | BB31: 2013.4205 | BC31: 2354.6046 | BD31: 3433.8937 | BE31: 2792.3226 | BF31: 3075.1989 | BG31: 3075.1989 | BH31: 3075.0663 | BI31: 3108.7211 | BJ31: 3177 | BK31: 3222.691 | BL31: 3253.7106 | BM31: 3334.5089
A32: Total | B32: Total | C32: =SUM(C8:C31) -> 77917.165 | D32: =SUM(D8:D31) -> 88571.071 | E32: =SUM(E8:E31) -> 90614.187 | F32: =SUM(F8:F31) -> 122020.07 | G32: =SUM(G8:G31) -> 92253.248 | H32: =SUM(H8:H31) -> 102995.65 | I32: =SUM(I8:I31) -> 107314.43 | J32: =SUM(J8:J31) -> 143439.09 | ... BM32: =SUM(BM8:BM31) -> 482415.02
A34: (1) Números apresentados não incluem o efeito da linearização. | B34: (1) Numbers do not include the linearization effect.
A35: (2) A contabilização das Receitas no Pátio Higienópolis foi feita através do regime caixa de 2015 a 2016, com receitas acumuladas de 2015 não foram divulgadas uma vez que adquirimos participação no ativo em Julho/2015. A partir de 2017 passamos a utilizar o método de competência. | B35: (2) Revenues for Pátio Higienópolis calculated using the cash accounting regime in 2015 and 2016 (accumulated Revenues for 2015 not disclosed as we acquired a stake in the mall in July/2015). From 2017 onwards the mall started reporting under the formal accounting method.
A36: (3) Considera o Complexo formado pelo Iguatemi Esplanada e pelo Esplanada Shopping. | B36: (3) Considers Iguatemi Esplanada and Esplanada Shopping as one asset.
A38: Estacionamento (R$ mil) | B38: Parking (R$ ‘000) | C38: =C7 -> 1Q10 | D38: =D7 -> 2Q10 | E38: =E7 -> 3Q10 | F38: =F7 -> 4Q10 | G38: =G7 -> 1Q11 | H38: =H7 -> 2Q11 | I38: =I7 -> 3Q11 | J38: =J7 -> 4Q11 | ... BM38: =BM7 -> 3Q25
A39: Iguatemi São Paulo | B39: Iguatemi São Paulo | C39: 4606.58 | D39: 4741.537 | E39: 4788.067 | F39: 6140.423 | G39: 5190.0317 | H39: 5588.875 | I39: 5463.544 | J39: 6092.7513 | K39: 6193.8373 | L39: 6434.7397 | M39: 5541.8756 | N39: 6758.1335 | O39: 5945.2655 | P39: 6137.185 | Q39: 5987.7831 | R39: 7221.2075 | S39: 6770.629 | T39: 6940.3421 | U39: 6784.496 | V39: 7563.7 | W39: 6802.7947 | X39: 7162.037 | Y39: 7005.4785 | Z39: 8913.646 | AA39: 7077.691 | AB39: 7447.124 | AC39: 7122.987 | AD39: 8518.1133 | AE39: 7115.4945 | AF39: 7505.885 | AG39: 7586.746 | AH39: 8894.9275 | AI39: 6880.466 | AJ39: 7642.935 | AK39: 7422.5105 | AL39: 8698.6424 | AM39: 7184.801 | AN39: 7657.3209 | AO39: 7318.2126 | AP39: 8782.7885 | AQ39: 6324.2165 | AR39: 417.44402 | AS39: 3445.94 | AT39: 6604.5938 | AU39: 3599.932 | AV39: 4925.438 | AW39: 6818.889 | AX39: 9326.7937 | AY39: 7211.182 | AZ39: 9453.161 | BA39: 9073.293 | BB39: 10305.39 | BC39: 9214.3532 | BD39: 10721.769 | BE39: 10345.091 | BF39: 12249.387 | BG39: 10650.126 | BH39: 11601.814 | BI39: 10991.343 | BJ39: 13031.021 | BK39: 11944.695 | BL39: 13363.832 | BM39: 13311.465
A40: JK Iguatemi | B40: JK Iguatemi | C40: - | D40: - | E40: - | F40: - | G40: - | H40: - | I40: - | J40: - | K40: - | L40: 591.234 | M40: 4570.8005 | N40: 4127.275 | O40: 3902.384 | P40: 4032.9059 | Q40: 4261.2851 | R40: 4888.055 | S40: 4723.279 | T40: 4832.335 | U40: 4807.438 | V40: 5378.948 | W40: 5167.748 | X40: 5544.0372 | Y40: 4900.0846 | Z40: 5827.4234 | AA40: 5069.899 | AB40: 5483.772 | AC40: 5233.636 | AD40: 5975.3952 | AE40: 4862.364 | AF40: 5108.075 | AG40: 5241.7241 | AH40: 5654.646 | AI40: 5060.192 | AJ40: 5639.4771 | AK40: 5629.6787 | AL40: 6142.4013 | AM40: 5734.837 | AN40: 6010.5715 | AO40: 5784.6943 | AP40: 6312.6958 | AQ40: 4562.6322 | AR40: 315.74159 | AS40: 1991.2789 | AT40: 3565.4896 | AU40: 2020.6217 | AV40: 2677.39 | AW40: 3993.5707 | AX40: 5728.3041 | AY40: 4770.3179 | AZ40: 6645.7474 | BA40: 6135.892 | BB40: 6935.3482 | BC40: 6734.5599 | BD40: 7934.8154 | BE40: 8278.8135 | BF40: 8424.4951 | BG40: 7645.6033 | BH40: 8208.228 | BI40: 8141.5604 | BJ40: 9588.4336 | BK40: 8831.636 | BL40: 10359.579 | BM40: 9733.457
A41: Pátio Higienópolis (2) | B41: Pátio Higienópolis (2) | C41: - | D41: - | E41: - | F41: - | G41: - | H41: - | I41: - | J41: - | K41: - | L41: - | M41: - | N41: - | O41: - | P41: - | Q41: - | R41: - | S41: - | T41: - | U41: - | V41: - | W41: - | X41: - | Y41: 3622.5603 | Z41: 4577.359 | AA41: 3544.9142 | AB41: 3602.7487 | AC41: 3576.4798 | AD41: 4231.4552 | AE41: 4133.1016 | AF41: 3770.8075 | AG41: 3913.0085 | AH41: 3781.6638 | AI41: 4286.4594 | AJ41: 3853.9202 | AK41: 3983.1227 | AL41: 4726.3016 | AM41: 4546.8154 | AN41: 3184.0721 | AO41: 3839.6283 | AP41: 4933.1141 | AQ41: 3995.6167 | AR41: 748.31879 | AS41: 34.89397 | AT41: 2169.3806 | AU41: 2410.7771 | AV41: 931.14645 | AW41: 2702.404 | AX41: 3428.2894 | AY41: 3734.8837 | AZ41: 4020.0043 | BA41: 4069.0124 | BB41: 4082.6303 | BC41: 4692.4485 | BD41: 5170.1415 | BE41: 5082.097 | BF41: 7190.3862 | BG41: 6005.762 | BH41: 5864.5655 | BI41: 6517.6524 | BJ41: 6657.0781 | BK41: 7879.4333 | BL41: 6551.2477 | BM41: 6619.6357
A42: Pátio Paulista | B42: Pátio Paulista | C42: 0 | D42: 0 | E42: 0 | F42: 0 | G42: 0 | H42: 0 | I42: 0 | J42: 0 | K42: 0 | L42: 0 | M42: 0 | N42: 0 | O42: 0 | P42: 0 | Q42: 0 | R42: 0 | S42: 0 | T42: 0 | U42: 0 | V42: 0 | W42: 0 | X42: 0 | Y42: 0 | Z42: 0 | AA42: 0 | AB42: 0 | AC42: 0 | AD42: 0 | AE42: 0 | AF42: 0 | AG42: 0 | AH42: 0 | AI42: 0 | AJ42: 0 | AK42: 0 | AL42: 0 | AM42: 0 | AN42: 0 | AO42: 0 | AP42: 0 | AQ42: 0 | AR42: 0 | AS42: 0 | AT42: 0 | AU42: 0 | AV42: 0 | AW42: 0 | AX42: 0 | AY42: 0 | AZ42: 0 | BA42: 0 | BB42: 0 | BC42: 0 | BD42: 0 | BE42: 0 | BF42: 0 | BG42: 0 | BH42: 0 | BI42: 0 | BJ42: 0 | BK42: 0 | BL42: 5879.86 | BM42: 5962.4456
A43: Market Place | B43: Market Place | C43: 3302.0644 | D43: 3275.3032 | E43: 3476.4303 | F43: 3876.5902 | G43: 3519.3573 | H43: 3645.5229 | I43: 3732.418 | J43: 3839.874 | K43: 4124.1957 | L43: 4196.377 | M43: 4149.3892 | N43: 4687.1858 | O43: 4595.0332 | P43: 4446.75 | Q43: 4664.5145 | R43: 4812.2925 | S43: 5628.8454 | T43: 5483.5526 | U43: 5191.1958 | V43: 5466.4973 | W43: 5836.5208 | X43: 5817.1685 | Y43: 5715.0528 | Z43: 6809.153 | AA43: 6509.5643 | AB43: 6084.5892 | AC43: 6023.6176 | AD43: 6325.4721 | AE43: 6113.2535 | AF43: 5735.543 | AG43: 5705.0807 | AH43: 6013.677 | AI43: 5506.9803 | AJ43: 4971.5916 | AK43: 5238.491 | AL43: 5766.91 | AM43: 5066.737 | AN43: 5166.5195 | AO43: 4911.027 | AP43: 5331.7705 | AQ43: 4153.529 | AR43: 210.64 | AS43: 759.815 | AT43: 1994.0035 | AU43: 1974.2599 | AV43: 1884.4495 | AW43: 2781.866 | AX43: 3722.124 | AY43: 3322.5015 | AZ43: 3807.328 | BA43: 3764.0965 | BB43: 3961.0355 | BC43: 3329.8115 | BD43: 3906.364 | BE43: 4194.0009 | BF43: 4400.0667 | BG43: 4156.5006 | BH43: 4171.2853 | BI43: 4177.388 | BJ43: 4694.016 | BK43: 4592.9422 | BL43: 5128.2057 | BM43: 4462.0602
A44: Iguatemi Alphaville | B44: Iguatemi Alphaville | C44: - | D44: - | E44: - | F44: - | G44: - | H44: 1440.5792 | I44: 1549.698 | J44: 1757.217 | K44: 1515.224 | L44: 1713.102 | M44: 1763.657 | N44: 2150.908 | O44: 1905.789 | P44: 2089.7372 | Q44: 2092.8275 | R44: 2439.226 | S44: 2335.098 | T44: 2564.573 | U44: 2375.7376 | V44: 3004.468 | W44: 3140.144 | X44: 3206.583 | Y44: 3142.348 | Z44: 3711.119 | AA44: 3478.073 | AB44: 3550.878 | AC44: 3547.664 | AD44: 4014.784 | AE44: 3799.2131 | AF44: 3849.904 | AG44: 3578.83 | AH44: 3933.653 | AI44: 3553.127 | AJ44: 3846.1794 | AK44: 3804.5209 | AL44: 4211.701 | AM44: 3709.836 | AN44: 4084.862 | AO44: 4018.831 | AP44: 4632.1632 | AQ44: 3472.625 | AR44: 269.9469 | AS44: 1744.7244 | AT44: 2980.09 | AU44: 1616.593 | AV44: 2140.121 | AW44: 3348.316 | AX44: 4481.6611 | AY44: 3461.3254 | AZ44: 4403.5182 | BA44: 4174.6342 | BB44: 4545.4718 | BC44: 3718.0475 | BD44: 4547.0946 | BE44: 4248.711 | BF44: 5167.649 | BG44: 4509.29 | BH44: 4861.0325 | BI44: 4783.405 | BJ44: 6141.2641 | BK44: 5331.0877 | BL44: 5959.0556 | BM44: 5529.6702
A45: Iguatemi Campinas | B45: Iguatemi Campinas | C45: 2973.121 | D45: 2990.6734 | E45: 3127.3097 | F45: 3647.8502 | G45: 3346.0305 | H45: 3790.3712 | I45: 3740.1764 | J45: 4411.7382 | K45: 3718.1275 | L45: 3926.6793 | M45: 3813.4515 | N45: 4423.2982 | O45: 4011.162 | P45: 4215.2935 | Q45: 4203.3365 | R45: 4866.0905 | S45: 4468.4755 | T45: 4505.0035 | U45: 4365.4695 | V45: 5122.0832 | W45: 4413.852 | X45: 5021.8665 | Y45: 5518.5431 | Z45: 6670.728 | AA45: 6145.6855 | AB45: 6512.637 | AC45: 6183.5202 | AD45: 8182.2806 | AE45: 6979.3716 | AF45: 7089.488 | AG45: 6681.3493 | AH45: 8884.0335 | AI45: 7653.7975 | AJ45: 7298.6178 | AK45: 7829.815 | AL45: 9546.3477 | AM45: 8224.3895 | AN45: 8247.908 | AO45: 7761.496 | AP45: 9825.7225 | AQ45: 7007.0535 | AR45: 332.969 | AS45: 2474.271 | AT45: 6325.228 | AU45: 3117.6328 | AV45: 3857.576 | AW45: 5640.312 | AX45: 9133.212 | AY45: 7206.9321 | AZ45: 8359.7576 | BA45: 8859.7027 | BB45: 10401.025 | BC45: 8709.4615 | BD45: 10309.746 | BE45: 10108.052 | BF45: 11949.348 | BG45: 10674.478 | BH45: 10956.591 | BI45: 10746.745 | BJ45: 13426.372 | BK45: 11045.771 | BL45: 12115.628 | BM45: 11483.499
A46: Galleria | B46: Galleria | C46: - | D46: 380.864 | E46: 801.3935 | F46: 926.237 | G46: 826.543 | H46: 814.59411 | I46: 958.28 | J46: 1053.0902 | K46: 1083.3804 | L46: 1052.026 | M46: 1126.3134 | N46: 1340.245 | O46: 1462.895 | P46: 1388.7885 | Q46: 1432.3347 | R46: 1646.1345 | S46: 1659.5075 | T46: 1662.634 | U46: 1748.658 | V46: 2232.8255 | W46: 2027.136 | X46: 1896.7315 | Y46: 2084.026 | Z46: 2568.484 | AA46: 2343.6085 | AB46: 2109.3163 | AC46: 2187.988 | AD46: 2426.4353 | AE46: 2278.0715 | AF46: 2293.8902 | AG46: 2351.5877 | AH46: 2636.4054 | AI46: 2512.9251 | AJ46: 2512.9434 | AK46: 2630.8167 | AL46: 2825.9507 | AM46: 2444.6431 | AN46: 2364.8953 | AO46: 2595.6496 | AP46: 2842.6814 | AQ46: 2290.1696 | AR46: 331.0632 | AS46: 901.14305 | AT46: 1810.5858 | AU46: 1145.8165 | AV46: 1254.7267 | AW46: 1806.831 | AX46: 2331.94 | AY46: 2074.6332 | AZ46: 2432.0601 | BA46: 2466.5742 | BB46: 2584.9996 | BC46: 2708.7363 | BD46: 3048.2675 | BE46: 3218.5271 | BF46: 3446.7851 | BG46: 3853.9519 | BH46: 3777.7111 | BI46: 3763.5428 | BJ46: 4246.3261 | BK46: 4273.0945 | BL46: 4203.2436 | BM46: 4407.1825
A47: Iguatemi Esplanada (3) | B47: Iguatemi Esplanada (3) | C47: 1411.5108 | D47: 1544.118 | E47: 1604.7496 | F47: 1828.2186 | G47: 1401.0461 | H47: 1501.9997 | I47: 1799.0677 | J47: 2114.6221 | K47: 1718.1263 | L47: 1798.9055 | M47: 2001.0978 | N47: 2368.8029 | O47: 1918.9496 | P47: 1942.7591 | Q47: 2221.364 | R47: 3305.7354 | S47: 2712.2897 | T47: 3120.3391 | U47: 3241.6167 | V47: 4064.7931 | W47: 3162.4367 | X47: 3397.2418 | Y47: 3400.9199 | Z47: 4638.1988 | AA47: 3669.6339 | AB47: 4159.7275 | AC47: 4029.8414 | AD47: 4978.1567 | AE47: 4102.447 | AF47: 5019.8405 | AG47: 4819.7283 | AH47: 5854.9781 | AI47: 4801.5645 | AJ47: 4577.1552 | AK47: 4831.6591 | AL47: 6356.5371 | AM47: 4988.616 | AN47: 5120.4519 | AO47: 5325.837 | AP47: 6830.1319 | AQ47: 4793 | AR47: 708.04315 | AS47: 2541.239 | AT47: 5630.7412 | AU47: 2710.0769 | AV47: 3567.3743 | AW47: 5164.5448 | AX47: 7328.0469 | AY47: 5845.1829 | AZ47: 7113.8619 | BA47: 7002.337 | BB47: 8306.2578 | BC47: 6689.429 | BD47: 7990.09 | BE47: 7968.0727 | BF47: 9662.336 | BG47: 8603.9995 | BH47: 8767.7215 | BI47: 8727.4183 | BJ47: 10714.437 | BK47: 9630.1301 | BL47: 10343.741 | BM47: 9696.5296
A48: Iguatemi São Carlos | B48: Iguatemi São Carlos | C48: - | D48: - | E48: - | F48: - | G48: - | H48: - | I48: - | J48: - | K48: - | L48: - | M48: - | N48: - | O48: - | P48: - | Q48: - | R48: - | S48: - | T48: - | U48: 162.568 | V48: 667.201 | W48: 566.2905 | X48: 588.4999 | Y48: 675.862 | Z48: 885.846 | AA48: 685.44801 | AB48: 705.6791 | AC48: 694.937 | AD48: 863.8895 | AE48: 844.064 | AF48: 840.14905 | AG48: 798.574 | AH48: 1004.8882 | AI48: 847.7925 | AJ48: 818.121 | AK48: 855.186 | AL48: 1052.353 | AM48: 896.1436 | AN48: 901.59558 | AO48: 870.9325 | AP48: 1059.784 | AQ48: 759.328 | AR48: 132.42 | AS48: 372.776 | AT48: 699.2905 | AU48: 254.704 | AV48: 452.188 | AW48: 614.683 | AX48: 888.192 | AY48: 640.674 | AZ48: 824.31 | BA48: 843.83 | BB48: 1061.3046 | BC48: 858.03308 | BD48: 1025.476 | BE48: 1036.426 | BF48: 1314.197 | BG48: 1015.548 | BH48: 1102.39 | BI48: 804.094 | BJ48: 0 | BK48: 0 | BL48: 0 | BM48: 0
A49: Iguatemi Ribeirão Preto | B49: Iguatemi Ribeirão Preto | C49: - | D49: - | E49: - | F49: - | G49: - | H49: - | I49: - | J49: - | K49: - | L49: - | M49: - | N49: - | O49: - | P49: - | Q49: - | R49: 52.02351 | S49: 16.81 | T49: 12.139 | U49: 12.4825 | V49: 42.277 | W49: 8.731 | X49: - | Y49: - | Z49: - | AA49: - | AB49: - | AC49: - | AD49: - | AE49: - | AF49: - | AG49: - | AH49: - | AI49: - | AJ49: - | AK49: - | AL49: - | AM49: 0 | AN49: 0 | AO49: 0 | AP49: 0 | AQ49: 0 | AR49: 0 | AS49: 0 | AT49: 0 | AU49: 0 | AV49: 0 | AW49: 0 | AX49: 0 | AY49: 1531.7624 | AZ49: 1811.224 | BA49: 1764.395 | BB49: 1933.811 | BC49: 1788.7171 | BD49: 2386.656 | BE49: 2392.6868 | BF49: 2617.653 | BG49: 2556.274 | BH49: 2669.0226 | BI49: 2607.683 | BJ49: 3097.6375 | BK49: 3261.673 | BL49: 3267.927 | BM49: 3141.8315
A50: Iguatemi Rio Preto | B50: Iguatemi Rio Preto | C50: - | D50: - | E50: - | F50: - | G50: - | H50: - | I50: - | J50: - | K50: - | L50: - | M50: - | N50: - | O50: - | P50: - | Q50: - | R50: - | S50: - | T50: 52.124 | U50: 73.804 | V50: 89.687 | W50: 62.872 | X50: 57.532 | Y50: 53.596 | Z50: 80.49 | AA50: 56.59 | AB50: 64.167 | AC50: 59.547 | AD50: 94.42 | AE50: 81.635 | AF50: 83.74 | AG50: 44.33 | AH50: - | AI50: - | AJ50: - | AK50: - | AL50: - | AM50: 0 | AN50: 0 | AO50: 0 | AP50: 0 | AQ50: 0 | AR50: 0 | AS50: 0 | AT50: 0 | AU50: 0 | AV50: 0 | AW50: 0 | AX50: 0 | AY50: 1426.1213 | AZ50: 1735.9525 | BA50: 1750.0305 | BB50: 1941.537 | BC50: 1756.261 | BD50: 2125.9671 | BE50: 2138.2961 | BF50: 2537.479 | BG50: 2731.104 | BH50: 2787.2614 | BI50: 2791.463 | BJ50: 3364.9385 | BK50: 3241.5175 | BL50: 3366.723 | BM50: 3297.2441
A51: Iguatemi Porto Alegre | B51: Iguatemi Porto Alegre | C51: 2385.3321 | D51: 2663.1406 | E51: 2725.9741 | F51: 3090.0265 | G51: 2814.2721 | H51: 3037.5433 | I51: 3122.6633 | J51: 3381.4937 | K51: 3014.031 | L51: 3139.4693 | M51: 3222.7612 | N51: 3664.9766 | O51: 3242.8268 | P51: 3431.6925 | Q51: 3474.6555 | R51: 3567.467 | S51: 3315.4934 | T51: 2970.9741 | U51: 3142.9591 | V51: 3764.4214 | W51: 3498.9835 | X51: 3802.1404 | Y51: 3762.2998 | Z51: 4540.6821 | AA51: 3382.7923 | AB51: 5167.7237 | AC51: 5437.7484 | AD51: 6888.2737 | AE51: 6254.6882 | AF51: 6444.5262 | AG51: 6222.252 | AH51: 7678.2531 | AI51: 6433.3281 | AJ51: 6837.4675 | AK51: 6799.0397 | AL51: 8104.3712 | AM51: 6577.4638 | AN51: 6990.8969 | AO51: 6954.5001 | AP51: 8731.7633 | AQ51: 5842.6362 | AR51: 1217.4742 | AS51: 2173.8805 | AT51: 5982.1484 | AU51: 3478.5222 | AV51: 5199.2447 | AW51: 6171.772 | AX51: 8791.0217 | AY51: 6256.013 | AZ51: 7651.2685 | BA51: 7315.107 | BB51: 8444.5815 | BC51: 7510.503 | BD51: 8507.3311 | BE51: 8739.021 | BF51: 10222.286 | BG51: 8530.0965 | BH51: 9013.4125 | BI51: 9702.3655 | BJ51: 12049.424 | BK51: 9318.8295 | BL51: 10593.669 | BM51: 10963.39
A52: Praia de Belas | B52: Praia de Belas | C52: 1443.2297 | D52: 1551.0595 | E52: 1608.1174 | F52: 1727.8021 | G52: 1463.4897 | H52: 1674.8521 | I52: 1724.1095 | J52: 1777.8175 | K52: 1567.5692 | L52: 1891.868 | M52: 1924.298 | N52: 2084.616 | O52: 1820.3336 | P52: 2031.0158 | Q52: 2225.2815 | R52: 2309.8701 | S52: 2324.6363 | T52: 2662.0782 | U52: 2664.6754 | V52: 2850.624 | W52: 2616.9275 | X52: 3156.992 | Y52: 3520.676 | Z52: 3808.454 | AA52: 2972.245 | AB52: 3547.8445 | AC52: 3641.319 | AD52: 3972.5672 | AE52: 3623.4 | AF52: 3949.9245 | AG52: 4365.0296 | AH52: 4728.0854 | AI52: 3910.778 | AJ52: 4459.503 | AK52: 5029.3085 | AL52: 5293.842 | AM52: 4522.2791 | AN52: 4897.891 | AO52: 4836.514 | AP52: 5282.666 | AQ52: 3725.112 | AR52: 482.077 | AS52: 833.42199 | AT52: 2501.014 | AU52: 1509.651 | AV52: 2131.268 | AW52: 2764.997 | AX52: 3603.646 | AY52: 2944.0651 | AZ52: 3536.7734 | BA52: 3714.237 | BB52: 3822.827 | BC52: 3753.8952 | BD52: 4075.627 | BE52: 4229.7807 | BF52: 4453.0105 | BG52: 4014.8078 | BH52: 2327.1939 | BI52: 4216.16 | BJ52: 4680.4811 | BK52: 4406.518 | BL52: 4897.527 | BM52: 4677.232
A53: Iguatemi Florianópolis | B53: Iguatemi Florianópolis | C53: 930.44383 | D53: 886.83005 | E53: 909.10576 | F53: 1022.4908 | G53: 944.1615 | H53: 886.87877 | I53: 821.86275 | J53: 991.94683 | K53: 1099.5473 | L53: 1046.0433 | M53: 1063.7775 | N53: 1162.2007 | O53: 1212.2152 | P53: 993.18558 | Q53: 1040.9175 | R53: 1205.5289 | S53: 1358.0089 | T53: 1234.2337 | U53: 1142.3213 | V53: 1354.8438 | W53: 1426.2052 | X53: 1234.3955 | Y53: 1170.814 | Z53: 1520.1367 | AA53: 1574.4152 | AB53: 1308.031 | AC53: 1223.0765 | AD53: 1551.542 | AE53: 1435.687 | AF53: 1212.7432 | AG53: 1173.1175 | AH53: 1493.2476 | AI53: 1680.1645 | AJ53: 1296.3358 | AK53: 1361.2275 | AL53: 1546.0332 | AM53: 1511.1095 | AN53: 1322.738 | AO53: 1289.654 | AP53: 0 | AQ53: 0 | AR53: 0 | AS53: 0 | AT53: 0 | AU53: 0 | AV53: 0 | AW53: 0 | AX53: 0 | AY53: 0 | AZ53: 0 | BA53: 0 | BB53: 0 | BC53: 0 | BD53: 0 | BE53: 0 | BF53: 0 | BG53: 0 | BH53: 0 | BI53: 0 | BJ53: 0 | BK53: 0 | BL53: 0
A54: Iguatemi Caxias | B54: Iguatemi Caxias | C54: - | D54: - | E54: - | F54: - | G54: - | H54: - | I54: - | J54: - | K54: - | L54: - | M54: - | N54: - | O54: - | P54: - | Q54: - | R54: - | S54: - | T54: - | U54: - | V54: - | W54: 688.54266 | X54: 622.24247 | Y54: 1321.461 | Z54: 1507.9012 | AA54: 1344.6918 | AB54: 956 | AC54: 1416.6742 | AD54: 1416.2223 | AE54: 1438.4718 | AF54: 1656.3577 | AG54: 1263.5804 | AH54: 1522.043 | AI54: 1210.2538 | AJ54: 1158.7476 | AK54: 1333.8868 | AL54: 1621.6753 | AM54: 1348.6415 | AN54: 1397.2486 | AO54: 0 | AP54: 0 | AQ54: 0 | AR54: 0 | AS54: 0 | AT54: 0 | AU54: 0 | AV54: 0 | AW54: 0 | AX54: 0 | AY54: 0 | AZ54: 0 | BA54: 0 | BB54: 0 | BC54: 0 | BD54: 0 | BE54: 0 | BF54: 0 | BG54: 0 | BH54: 0 | BI54: 0 | BJ54: 0 | BK54: 0 | BL54: 0
A55: Iguatemi Brasília | B55: Iguatemi Brasília | C55: - | D55: 821.74814 | E55: 933.34944 | F55: 1292.831 | G55: 1611.1761 | H55: 1525.4929 | I55: 1586.5258 | J55: 2038.5332 | K55: 1623.908 | L55: 1653.0765 | M55: 1689.1786 | N55: 2065.367 | O55: 2012.4451 | P55: 1935.4168 | Q55: 1961.1343 | R55: 2424.4659 | S55: 2100.1787 | T55: 2299.8457 | U55: 2006.4916 | V55: 2690.1512 | W55: 2375.8428 | X55: 2445.651 | Y55: 2263.0784 | Z55: 2871.6393 | AA55: 2796.067 | AB55: 2907.4592 | AC55: 2705.2851 | AD55: 3504.9564 | AE55: 2860.9832 | AF55: 2698.841 | AG55: 2420.3529 | AH55: 3054.0151 | AI55: 2698.9617 | AJ55: 2665.6188 | AK55: 2755.1206 | AL55: 3411.455 | AM55: 2776.6949 | AN55: 2594.7628 | AO55: 2517.0209 | AP55: 3341.4333 | AQ55: 2469.6373 | AR55: 320.77307 | AS55: 1163.9948 | AT55: 2022.5817 | AU55: 1097.7742 | AV55: 1552.9836 | AW55: 2146.1302 | AX55: 3118.1557 | AY55: 2171.0822 | AZ55: 2517.7461 | BA55: 2537.4465 | BB55: 3311.0307 | BC55: 2779.6775 | BD55: 3346.054 | BE55: 3277.4061 | BF55: 4113.475 | BG55: 3739.791 | BH55: 3709.0556 | BI55: 3644.4752 | BJ55: 4803.4671 | BK55: 4238.6992 | BL55: 4292.7821 | BM55: 4054.5142
A56: RioSul | B56: RioSul | BJ56: 4219.9209 | BK56: 4737.7713 | BL56: 4601.4533 | BM56: 4736.1068
A57: I Fashion Outlet Novo Hamburgo | B57: I Fashion Outlet Novo Hamburgo | C57: - | D57: - | E57: - | F57: - | G57: - | H57: - | I57: - | J57: - | K57: - | L57: - | M57: - | N57: - | O57: - | P57: - | Q57: - | R57: - | S57: - | T57: - | U57: - | V57: - | W57: - | X57: - | Y57: - | Z57: - | AA57: - | AB57: - | AC57: - | AD57: - | AE57: - | AF57: - | AG57: - | AH57: - | AI57: - | AJ57: - | AK57: - | AL57: - | AM57: 0 | AN57: 0 | AO57: 0 | AP57: 0 | AQ57: 0 | AR57: 0 | AS57: 0 | AT57: 0 | AU57: 0 | AV57: 0 | AW57: 0 | AX57: 0 | AY57: 0 | AZ57: 0 | BA57: 0 | BB57: 0 | BC57: 0 | BD57: 0 | BE57: 0 | BF57: 0 | BG57: 450.43255 | BH57: 778.45861 | BI57: 1056.415 | BJ57: 1203.011 | BK57: 1371.346 | BL57: 1648.7249 | BM57: 1529.717
A58: I Fashion Santa Catarina | B58: I Fashion Santa Catarina | C58: - | D58: - | E58: - | F58: - | G58: - | H58: - | I58: - | J58: - | K58: - | L58: - | M58: - | N58: - | O58: - | P58: - | Q58: - | R58: - | S58: - | T58: - | U58: - | V58: - | W58: - | X58: - | Y58: - | Z58: - | AA58: - | AB58: - | AC58: - | AD58: - | AE58: - | AF58: - | AG58: - | AH58: - | AI58: - | AJ58: - | AK58: - | AL58: - | AM58: 0 | AN58: 0 | AO58: 0 | AP58: 0 | AQ58: 0 | AR58: 0 | AS58: 0 | AT58: 0 | AU58: 0 | AV58: 0 | AW58: 0 | AX58: 0 | AY58: 0 | AZ58: 0 | BA58: 0 | BB58: 0 | BC58: 0 | BD58: 0 | BE58: 0 | BF58: 0 | BG58: 0 | BH58: 0 | BI58: 0 | BJ58: 0 | BK58: 0 | BL58: 0 | BM58: 0
A59: Power Center Iguatemi Campinas | B59: Power Center Iguatemi Campinas | C59: - | D59: - | E59: - | F59: - | G59: - | H59: 44.839 | I59: 142.214 | J59: 114.099 | K59: 106.65 | L59: 90.033 | M59: 84.0095 | N59: 81.691 | O59: 93.7805 | P59: 86.3935 | Q59: 99.9145 | R59: 126.686 | S59: 117.408 | T59: 108.54 | U59: 112.218 | V59: 115.286 | W59: 129.3295 | X59: 106.6075 | Y59: 100.894 | Z59: 106.53 | AA59: 122.0775 | AB59: 129.594 | AC59: 131.996 | AD59: 227.043 | AE59: 218.5745 | AF59: 200.274 | AG59: 219.186 | AH59: 248.37601 | AI59: 244.091 | AJ59: 212.9335 | AK59: 256.551 | AL59: 295.718 | AM59: 271.98 | AN59: 283.051 | AO59: 304.071 | AP59: 365.726 | AQ59: 312.402 | AR59: 120.375 | AS59: 229.502 | AT59: 293.272 | AU59: 169.73502 | AV59: 237.056 | AW59: 281.317 | AX59: 344.757 | AY59: 380.561 | AZ59: 360.854 | BA59: 400.6391 | BB59: 339.31 | BC59: 324.555 | BD59: 314.28201 | BE59: 366.087 | BF59: 352.721 | BG59: 311.109 | BH59: 320.361 | BI59: 240.415 | BJ59: 359.838 | BK59: 616.328 | BL59: 387.463 | BM59: 305.9295
A60: Market Place Torre (I & II) | B60: Market Place Tower (I & II) | C60: - | D60: - | E60: - | F60: - | G60: - | H60: - | I60: - | J60: - | K60: - | L60: - | M60: - | N60: - | O60: - | P60: - | Q60: - | R60: - | S60: - | T60: - | U60: - | V60: - | W60: - | X60: - | Y60: - | Z60: - | AA60: - | AB60: - | AC60: - | AD60: - | AE60: - | AF60: - | AG60: - | AH60: - | AI60: - | AJ60: - | AK60: - | AL60: 0 | AM60: 0 | AN60: 0 | AO60: 0 | AP60: 0 | AQ60: 0 | AR60: 0 | AS60: 0 | AT60: 0 | AU60: 0 | AV60: 0 | AW60: 0 | AX60: 0 | AY60: 0 | AZ60: 0 | BA60: 0 | BB60: 0 | BC60: 0 | BD60: 0 | BE60: 0 | BF60: 0 | BG60: 0 | BH60: 0 | BI60: 0 | BJ60: 0 | BK60: 0 | BL60: 0 | BM60: 0
A61: Torre Iguatemi Porto Alegre | B61: Torre Iguatemi Porto Alegre | C61: - | D61: - | E61: - | F61: - | G61: - | H61: - | I61: - | J61: - | K61: - | L61: - | M61: - | N61: - | O61: - | P61: - | Q61: - | R61: - | S61: - | T61: - | U61: - | V61: - | W61: - | X61: - | Y61: - | Z61: - | AA61: - | AB61: - | AC61: - | AD61: - | AE61: - | AF61: - | AG61: - | AH61: - | AI61: - | AJ61: - | AK61: - | AL61: - | AM61: 0 | AN61: 0 | AO61: 0 | AP61: 0 | AQ61: 0 | AR61: 0 | AS61: 0 | AT61: 0 | AU61: 0 | AV61: 0 | AW61: 0 | AX61: 0 | AY61: 0 | AZ61: 0 | BA61: 0 | BB61: 0 | BC61: 0 | BD61: 0 | BE61: 0 | BF61: 0 | BG61: 0 | BH61: 0 | BI61: 0 | BJ61: 0 | BK61: 0 | BL61: 0 | BM61: 0
A62: Torre Sky Galleria | B62: Torre Sky Galleria | S62: - | T62: - | U62: - | V62: - | W62: - | X62: - | Y62: - | Z62: - | AA62: - | AB62: - | AC62: - | AD62: - | AE62: - | AF62: - | AG62: - | AH62: - | AI62: - | AJ62: - | AK62: - | AL62: - | AM62: 0 | AN62: 0 | AO62: 0 | AP62: 0 | AQ62: 0 | AR62: 0 | AS62: 0 | AT62: 0 | AU62: 0 | AV62: 0 | AW62: 0 | AX62: 0 | AY62: 0 | AZ62: 0 | BA62: 0 | BB62: 0 | BC62: 0 | BD62: 0 | BE62: 0 | BF62: 0 | BG62: 0 | BH62: 0 | BI62: 0 | BJ62: 0 | BK62: 0 | BL62: 0 | BM62: 0
A63: Total | B63: Total | C63: =SUM(C39:C62) -> 17052.282 | D63: =SUM(D39:D62) -> 18855.274 | E63: =SUM(E39:E62) -> 19974.497 | F63: =SUM(F39:F62) -> 23552.469 | G63: =SUM(G39:G62) -> 21116.108 | H63: =SUM(H39:H62) -> 23951.548 | I63: =SUM(I39:I62) -> 24640.56 | J63: =SUM(J39:J62) -> 27573.183 | ... BM63: =SUM(BM39:BM62) -> 103911.91
A65: (2) A contabilização das Receitas no Pátio Higienópolis foi feita através do regime caixa de 2015 a 2016, com receitas acumuladas de 2015 não foram divulgadas uma vez que adquirimos participação no ativo em Julho/2015. A partir de 2017 passamos a utilizar o método de competência. | B65: (2) Revenues for Pátio Higienópolis calculated using the cash accounting regime in 2015 and 2016 (accumulated Revenues for 2015 not disclosed as we acquired a stake in the mall in July/2015). From 2017 onwards the mall started reporting under the formal accounting method.
A66: (3) Considera o Complexo formado pelo Iguatemi Esplanada e pelo Esplanada Shopping. | B66: (3) Considers Iguatemi Esplanada and Esplanada Shopping as one asset.
A68: Desempenho Operacional (Participação Iguatemi) | B68: Operatinal Performance (Participação Iguatemi) | C68: =C5 -> 1Q10 | D68: =D5 -> 2Q10 | E68: =E5 -> 3Q10 | F68: =F5 -> 4Q10 | G68: =G5 -> 1Q11 | H68: =H5 -> 2Q11 | I68: =I5 -> 3Q11 | J68: =J5 -> 4Q11 | ... BM68: =BM5 -> 3Q25
A69: AMM+OV+TEMP (R$ mil) (1) | B69: Minimum Rental + Overage + Temporary Rent (R$ ‘000) (1) | C69: =C68 -> 1Q10 | D69: =D68 -> 2Q10 | E69: =E68 -> 3Q10 | F69: =F68 -> 4Q10 | G69: =G68 -> 1Q11 | H69: =H68 -> 2Q11 | I69: =I68 -> 3Q11 | J69: =J68 -> 4Q11 | ... BM69: =BM68 -> 3Q25
A70: Iguatemi São Paulo | B70: Iguatemi São Paulo | C70: =C8*'Portfólio | Portfolio'!C169 -> 11659.358 | D70: =D8*'Portfólio | Portfolio'!D169 -> 12704.182 | E70: =E8*'Portfólio | Portfolio'!E169 -> 12636.694 | F70: =F8*'Portfólio | Portfolio'!F169 -> 18003.37 | G70: =G8*'Portfólio | Portfolio'!G169 -> 13213.301 | H70: =H8*'Portfólio | Portfolio'!H169 -> 14394.262 | I70: =I8*'Portfólio | Portfolio'!I169 -> 14328.7 | J70: =J8*'Portfólio | Portfolio'!J169 -> 23206.797 | ... BM70: =BM8*'Portfólio | Portfolio'!BM169 -> 57847.464
A71: JK Iguatemi | B71: JK Iguatemi | C71: =IFERROR(C9*'Portfólio | Portfolio'!C170,"-") -> - | D71: =IFERROR(D9*'Portfólio | Portfolio'!D170,"-") -> - | E71: =IFERROR(E9*'Portfólio | Portfolio'!E170,"-") -> - | F71: =IFERROR(F9*'Portfólio | Portfolio'!F170,"-") -> - | G71: =IFERROR(G9*'Portfólio | Portfolio'!G170,"-") -> - | H71: =IFERROR(H9*'Portfólio | Portfolio'!H170,"-") -> - | I71: =IFERROR(I9*'Portfólio | Portfolio'!I170,"-") -> - | J71: =IFERROR(J9*'Portfólio | Portfolio'!J170,"-") -> - | K71: =IFERROR(K9*'Portfólio | Portfolio'!K170,"-") -> - | L71: =L9*'Portfólio | Portfolio'!L170 -> 535.98208 | M71: =M9*'Portfólio | Portfolio'!M170 -> 6740.5485 | N71: =N9*'Portfólio | Portfolio'!N170 -> 9357.1918 | O71: =O9*'Portfólio | Portfolio'!O170 -> 6725.9068 | P71: =P9*'Portfólio | Portfolio'!P170 -> 7820.0647 | Q71: =Q9*'Portfólio | Portfolio'!Q170 -> 7720.6167 | R71: =R9*'Portfólio | Portfolio'!R170 -> 9782.3152 | S71: =S9*'Portfólio | Portfolio'!S170 -> 9649.848 | ... BM71: =BM9*'Portfólio | Portfolio'!BM170 -> 48108.929
A72: Pátio Higienópolis (2) | B72: Pátio Higienópolis (2) | C72: =IFERROR(C10*'Portfólio | Portfolio'!C171,"-") -> - | D72: =IFERROR(D10*'Portfólio | Portfolio'!D171,"-") -> - | E72: =IFERROR(E10*'Portfólio | Portfolio'!E171,"-") -> - | F72: =IFERROR(F10*'Portfólio | Portfolio'!F171,"-") -> - | G72: =IFERROR(G10*'Portfólio | Portfolio'!G171,"-") -> - | H72: =IFERROR(H10*'Portfólio | Portfolio'!H171,"-") -> - | I72: =IFERROR(I10*'Portfólio | Portfolio'!I171,"-") -> - | J72: =IFERROR(J10*'Portfólio | Portfolio'!J171,"-") -> - | ... X72: =IFERROR(X10*'Portfólio | Portfolio'!X171,"-") -> - | Y72: =Y10*'Portfólio | Portfolio'!Y171 -> 540.55926 | Z72: =Z10*'Portfólio | Portfolio'!Z171 -> 2850.632 | AA72: =AA10*'Portfólio | Portfolio'!AA171 -> 2397.1609 | AB72: =AB10*'Portfólio | Portfolio'!AB171 -> 2465.1401 | AC72: =AC10*'Portfólio | Portfolio'!AC171 -> 2339.1029 | AD72: =AD10*'Portfólio | Portfolio'!AD171 -> 3068.6178 | AE72: =AE10*'Portfólio | Portfolio'!AE171 -> 2523.836 | AF72: =AF10*'Portfólio | Portfolio'!AF171 -> 2591.9969 | ... BM72: =BM10*'Portfólio | Portfolio'!BM171 -> 10925.203
A73: Pátio Paulista | B73: Pátio Paulista | C73: 0 | D73: 0 | E73: 0 | F73: 0 | G73: 0 | H73: 0 | I73: 0 | J73: 0 | K73: 0 | L73: 0 | M73: 0 | N73: 0 | O73: 0 | P73: 0 | Q73: 0 | R73: 0 | S73: 0 | T73: 0 | U73: 0 | V73: 0 | W73: 0 | X73: 0 | Y73: 0 | Z73: 0 | AA73: 0 | AB73: 0 | AC73: 0 | AD73: 0 | AE73: 0 | AF73: 0 | AG73: 0 | AH73: 0 | AI73: 0 | AJ73: 0 | AK73: 0 | AL73: 0 | AM73: 0 | AN73: 0 | AO73: 0 | AP73: 0 | AQ73: 0 | AR73: 0 | AS73: 0 | AT73: 0 | AU73: 0 | AV73: 0 | AW73: 0 | AX73: 0 | AY73: 0 | AZ73: 0 | BA73: 0 | BB73: 0 | BC73: 0 | BD73: 0 | BE73: 0 | BF73: 0 | BG73: 0 | BH73: 0 | BI73: 0 | BJ73: 0 | BK73: 0 | BL73: =BL11*'Portfólio | Portfolio'!BL172 -> 4142.682 | BM73: =BM11*'Portfólio | Portfolio'!BM172 -> 4286.561
A74: Market Place | B74: Market Place | C74: =C12*'Portfólio | Portfolio'!C173 -> 4797.1672 | D74: =D12*'Portfólio | Portfolio'!D173 -> 4885.6637 | E74: =E12*'Portfólio | Portfolio'!E173 -> 5154.92 | F74: =F12*'Portfólio | Portfolio'!F173 -> 7129.1178 | G74: =G12*'Portfólio | Portfolio'!G173 -> 5272.7378 | H74: =H12*'Portfólio | Portfolio'!H173 -> 5377.0799 | I74: =I12*'Portfólio | Portfolio'!I173 -> 6637.7792 | J74: =J12*'Portfólio | Portfolio'!J173 -> 8156.8431 | ... BM74: =BM12*'Portfólio | Portfolio'!BM173 -> 3886.2277
A75: Iguatemi Alphaville (4) | B75: Iguatemi Alphaville (4) | C75: =IFERROR(C13*'Portfólio | Portfolio'!C174,"-") -> - | D75: =IFERROR(D13*'Portfólio | Portfolio'!D174,"-") -> - | E75: =IFERROR(E13*'Portfólio | Portfolio'!E174,"-") -> - | F75: =IFERROR(F13*'Portfólio | Portfolio'!F174,"-") -> - | G75: =IFERROR(G13*'Portfólio | Portfolio'!G174,"-") -> - | H75: =IFERROR(H13*'Portfólio | Portfolio'!H174,"-") -> 3332.1373 | I75: =IFERROR(I13*'Portfólio | Portfolio'!I174,"-") -> 5035.1255 | J75: =IFERROR(J13*'Portfólio | Portfolio'!J174,"-") -> 6626.7056 | ... BH75: =IFERROR(BH13*'Portfólio | Portfolio'!BH174,"-") -> 8640.2808 | BI75: =BI13*'Portfólio | Portfolio'!BI174 -> 8136.9391 | BJ75: =BJ13*'Portfólio | Portfolio'!BJ174 -> 9026.16 | BK75: =BK13*'Portfólio | Portfolio'!BK174 -> 6720.8304 | BL75: =BL13*'Portfólio | Portfolio'!BL174 -> 7581.8611 | BM75: =BM13*'Portfólio | Portfolio'!BM174 -> 7402.3843
A76: Iguatemi Campinas | B76: Iguatemi Campinas | C76: =C14*'Portfólio | Portfolio'!C175 -> 7681.401 | D76: =D14*'Portfólio | Portfolio'!D175 -> 8041.884 | E76: =E14*'Portfólio | Portfolio'!E175 -> 8303.4781 | F76: =F14*'Portfólio | Portfolio'!F175 -> 11185.666 | G76: =G14*'Portfólio | Portfolio'!G175 -> 8159.4445 | H76: =H14*'Portfólio | Portfolio'!H175 -> 8682.9698 | I76: =I14*'Portfólio | Portfolio'!I175 -> 8738.9761 | J76: =J14*'Portfólio | Portfolio'!J175 -> 13286.777 | ... BM76: =BM14*'Portfólio | Portfolio'!BM175 -> 28055.894
A77: Galleria | B77: Galleria | C77: =C15*'Portfólio | Portfolio'!C176 -> 1247.8551 | D77: =D15*'Portfólio | Portfolio'!D176 -> 1301.7831 | E77: =E15*'Portfólio | Portfolio'!E176 -> 1325.6433 | F77: =F15*'Portfólio | Portfolio'!F176 -> 2083.36 | G77: =G15*'Portfólio | Portfolio'!G176 -> 1343.2251 | H77: =H15*'Portfólio | Portfolio'!H176 -> 1463.624 | I77: =I15*'Portfólio | Portfolio'!I176 -> 1588.1251 | J77: =J15*'Portfólio | Portfolio'!J176 -> 2056.9043 | ... BM77: =BM15*'Portfólio | Portfolio'!BM176 -> 4409.9059
A78: Iguatemi Esplanada (3) | B78: Iguatemi Esplanada (3) | C78: =C16*'Portfólio | Portfolio'!C177 -> 1707.4802 | D78: =D16*'Portfólio | Portfolio'!D177 -> 1764.3648 | E78: =E16*'Portfólio | Portfolio'!E177 -> 1812.0246 | F78: =F16*'Portfólio | Portfolio'!F177 -> 2391.3978 | G78: =G16*'Portfólio | Portfolio'!G177 -> 2038.3177 | H78: =H16*'Portfólio | Portfolio'!H177 -> 2155.289 | I78: =I16*'Portfólio | Portfolio'!I177 -> 2549.9935 | J78: =J16*'Portfólio | Portfolio'!J177 -> 3419.5508 | ... BM78: =BM16*'Portfólio | Portfolio'!BM177 -> 15299.805
A79: Iguatemi São Carlos (5) | B79: Iguatemi São Carlos (5) | C79: =C17*'Portfólio | Portfolio'!C179 -> 560.94762 | D79: =D17*'Portfólio | Portfolio'!D179 -> 622.37214 | E79: =E17*'Portfólio | Portfolio'!E179 -> 611.08614 | F79: =F17*'Portfólio | Portfolio'!F179 -> 932.77364 | G79: =G17*'Portfólio | Portfolio'!G179 -> 650.22571 | H79: =H17*'Portfólio | Portfolio'!H179 -> 721.2575 | I79: =I17*'Portfólio | Portfolio'!I179 -> 631.31043 | J79: =J17*'Portfólio | Portfolio'!J179 -> 995.46079 | ... BI79: =BI17*'Portfólio | Portfolio'!BI179 -> 976.01599 | BJ79: 0 | BK79: 0 | BL79: 0 | BM79: 0
A80: Iguatemi Ribeirão Preto | B80: Iguatemi Ribeirão Preto | C80: =IFERROR(C18*'Portfólio | Portfolio'!C180,"-") -> - | D80: =IFERROR(D18*'Portfólio | Portfolio'!D180,"-") -> - | E80: =IFERROR(E18*'Portfólio | Portfolio'!E180,"-") -> - | F80: =IFERROR(F18*'Portfólio | Portfolio'!F180,"-") -> - | G80: =IFERROR(G18*'Portfólio | Portfolio'!G180,"-") -> - | H80: =IFERROR(H18*'Portfólio | Portfolio'!H180,"-") -> - | I80: =IFERROR(I18*'Portfólio | Portfolio'!I180,"-") -> - | J80: =IFERROR(J18*'Portfólio | Portfolio'!J180,"-") -> - | ... BH80: =IFERROR(BH18*'Portfólio | Portfolio'!BH180,"-") -> 9459.8666 | BI80: =BI18*'Portfólio | Portfolio'!BI180 -> 9362.9392 | BJ80: =BJ18*'Portfólio | Portfolio'!BJ180 -> 12072.743 | BK80: =BK18*'Portfólio | Portfolio'!BK180 -> 9405.7276 | BL80: =BL18*'Portfólio | Portfolio'!BL180 -> 9887.4631 | BM80: =BM18*'Portfólio | Portfolio'!BM180 -> 10012.612
A81: Iguatemi Rio Preto | B81: Iguatemi Rio Preto | C81: =IFERROR(C19*'Portfólio | Portfolio'!C181,"-") -> - | D81: =IFERROR(D19*'Portfólio | Portfolio'!D181,"-") -> - | E81: =IFERROR(E19*'Portfólio | Portfolio'!E181,"-") -> - | F81: =IFERROR(F19*'Portfólio | Portfolio'!F181,"-") -> - | G81: =IFERROR(G19*'Portfólio | Portfolio'!G181,"-") -> - | H81: =IFERROR(H19*'Portfólio | Portfolio'!H181,"-") -> - | I81: =IFERROR(I19*'Portfólio | Portfolio'!I181,"-") -> - | J81: =IFERROR(J19*'Portfólio | Portfolio'!J181,"-") -> - | ... BH81: =IFERROR(BH19*'Portfólio | Portfolio'!BH181,"-") -> 11038.626 | BI81: =BI19*'Portfólio | Portfolio'!BI181 -> 10739.235 | BJ81: =BJ19*'Portfólio | Portfolio'!BJ181 -> 14206.048 | BK81: =BK19*'Portfólio | Portfolio'!BK181 -> 10466.639 | BL81: =BL19*'Portfólio | Portfolio'!BL181 -> 11531.019 | BM81: =BM19*'Portfólio | Portfolio'!BM181 -> 11357.712
A82: Iguatemi Porto Alegre | B82: Iguatemi Porto Alegre | C82: =C20*'Portfólio | Portfolio'!C182 -> 4529.2144 | D82: =D20*'Portfólio | Portfolio'!D182 -> 4884.3527 | E82: =E20*'Portfólio | Portfolio'!E182 -> 5051.449 | F82: =F20*'Portfólio | Portfolio'!F182 -> 6517.482 | G82: =G20*'Portfólio | Portfolio'!G182 -> 4851.6632 | H82: =H20*'Portfólio | Portfolio'!H182 -> 5193.7631 | I82: =I20*'Portfólio | Portfolio'!I182 -> 5367.1287 | J82: =J20*'Portfólio | Portfolio'!J182 -> 6918.5355 | ... BM82: =BM20*'Portfólio | Portfolio'!BM182 -> 20276.478
A83: Praia de Belas | B83: Praia de Belas | C83: =C21*'Portfólio | Portfolio'!C183 -> 2246.2063 | D83: =D21*'Portfólio | Portfolio'!D183 -> 2414.49 | E83: =E21*'Portfólio | Portfolio'!E183 -> 2487.0727 | F83: =F21*'Portfólio | Portfolio'!F183 -> 3322.2691 | G83: =G21*'Portfólio | Portfolio'!G183 -> 2443.7279 | H83: =H21*'Portfólio | Portfolio'!H183 -> 2635.8289 | I83: =I21*'Portfólio | Portfolio'!I183 -> 2617.5683 | J83: =J21*'Portfólio | Portfolio'!J183 -> 3503.5707 | ... BM83: =BM21*'Portfólio | Portfolio'!BM183 -> 9216.1985
A84: Iguatemi Florianópolis | B84: Iguatemi Florianópolis | C84: =IFERROR(C22*'Portfólio | Portfolio'!C184,"-") -> 1252.465 | D84: =IFERROR(D22*'Portfólio | Portfolio'!D184,"-") -> 1418.6193 | E84: =IFERROR(E22*'Portfólio | Portfolio'!E184,"-") -> 1394.1063 | F84: =IFERROR(F22*'Portfólio | Portfolio'!F184,"-") -> 1841.8788 | G84: =IFERROR(G22*'Portfólio | Portfolio'!G184,"-") -> 1549.8443 | H84: =IFERROR(H22*'Portfólio | Portfolio'!H184,"-") -> 1634.4153 | I84: =IFERROR(I22*'Portfólio | Portfolio'!I184,"-") -> 1620.6697 | J84: =IFERROR(J22*'Portfólio | Portfolio'!J184,"-") -> 2115.1925 | ... BM84: =IFERROR(BM22*'Portfólio | Portfolio'!BM184,"-") -> 0
A85: Iguatemi Caxias | B85: Iguatemi Caxias | C85: =IFERROR(C23*'Portfólio | Portfolio'!C185,"-") -> - | D85: =IFERROR(D23*'Portfólio | Portfolio'!D185,"-") -> - | E85: =IFERROR(E23*'Portfólio | Portfolio'!E185,"-") -> - | F85: =IFERROR(F23*'Portfólio | Portfolio'!F185,"-") -> - | G85: =IFERROR(G23*'Portfólio | Portfolio'!G185,"-") -> - | H85: =IFERROR(H23*'Portfólio | Portfolio'!H185,"-") -> - | I85: =IFERROR(I23*'Portfólio | Portfolio'!I185,"-") -> - | J85: =IFERROR(J23*'Portfólio | Portfolio'!J185,"-") -> - | ... BM85: =IFERROR(BM23*'Portfólio | Portfolio'!BM185,"-") -> 0
A86: Iguatemi Brasília | B86: Iguatemi Brasília | C86: =C24*'Portfólio | Portfolio'!C186 -> 70.2464 | D86: =D24*'Portfólio | Portfolio'!D186 -> 3500.5868 | E86: =E24*'Portfólio | Portfolio'!E186 -> 3669.193 | F86: =F24*'Portfólio | Portfolio'!F186 -> 5395.3772 | G86: =G24*'Portfólio | Portfolio'!G186 -> 4097.96 | H86: =H24*'Portfólio | Portfolio'!H186 -> 4539.2193 | I86: =I24*'Portfólio | Portfolio'!I186 -> 4605.5624 | J86: =J24*'Portfólio | Portfolio'!J186 -> 6211.6686 | ... BH86: =BH24*'Portfólio | Portfolio'!BH186 -> 10370.662 | BI86: =IFERROR(BI24*'Portfólio | Portfolio'!BI186,"-") -> 10439.564 | BJ86: =IFERROR(BJ24*'Portfólio | Portfolio'!BJ186,"-") -> 13707.405 | BK86: =IFERROR(BK24*'Portfólio | Portfolio'!BK186,"-") -> 10358.585 | BL86: =IFERROR(BL24*'Portfólio | Portfolio'!BL186,"-") -> 11229.899 | BM86: =IFERROR(BM24*'Portfólio | Portfolio'!BM186,"-") -> 11379.559
A87: RioSul | B87: RioSul | BJ87: =IFERROR(BJ25*'Portfólio | Portfolio'!BJ187,"-") -> 6868.7518 | BK87: =IFERROR(BK25*'Portfólio | Portfolio'!BK187,"-") -> 6502.5807 | BL87: =IFERROR(BL25*'Portfólio | Portfolio'!BL187,"-") -> 6906.837 | BM87: =IFERROR(BM25*'Portfólio | Portfolio'!BM187,"-") -> 6702.8798
A88: I Fashion Outlet Novo Hamburgo | B88: I Fashion Outlet Novo Hamburgo | C88: =IFERROR(C26*'Portfólio | Portfolio'!C188,"-") -> - | D88: =IFERROR(D26*'Portfólio | Portfolio'!D188,"-") -> - | E88: =IFERROR(E26*'Portfólio | Portfolio'!E188,"-") -> - | F88: =IFERROR(F26*'Portfólio | Portfolio'!F188,"-") -> - | G88: =IFERROR(G26*'Portfólio | Portfolio'!G188,"-") -> - | H88: =IFERROR(H26*'Portfólio | Portfolio'!H188,"-") -> - | I88: =IFERROR(I26*'Portfólio | Portfolio'!I188,"-") -> - | J88: =IFERROR(J26*'Portfólio | Portfolio'!J188,"-") -> - | ... BM88: =IFERROR(BM26*'Portfólio | Portfolio'!BM188,"-") -> 2927.5317
A89: I Fashion Outlet Santa Catarina | B89: I Fashion Outlet Santa Catarina | C89: =IFERROR(C27*'Portfólio | Portfolio'!C189,"-") -> - | D89: =IFERROR(D27*'Portfólio | Portfolio'!D189,"-") -> - | E89: =IFERROR(E27*'Portfólio | Portfolio'!E189,"-") -> - | F89: =IFERROR(F27*'Portfólio | Portfolio'!F189,"-") -> - | G89: =IFERROR(G27*'Portfólio | Portfolio'!G189,"-") -> - | H89: =IFERROR(H27*'Portfólio | Portfolio'!H189,"-") -> - | I89: =IFERROR(I27*'Portfólio | Portfolio'!I189,"-") -> - | J89: =IFERROR(J27*'Portfólio | Portfolio'!J189,"-") -> - | ... BM89: =IFERROR(BM27*'Portfólio | Portfolio'!BM189,"-") -> 1280.8055
A90: Power Center Iguatemi Campinas | B90: Power Center Iguatemi Campinas | C90: =IFERROR(C28*'Portfólio | Portfolio'!C190,"-") -> 271.62311 | D90: =IFERROR(D28*'Portfólio | Portfolio'!D190,"-") -> 364.64122 | E90: =IFERROR(E28*'Portfólio | Portfolio'!E190,"-") -> 715.0871 | F90: =IFERROR(F28*'Portfólio | Portfolio'!F190,"-") -> 400.81554 | G90: =IFERROR(G28*'Portfólio | Portfolio'!G190,"-") -> 511.95559 | H90: =IFERROR(H28*'Portfólio | Portfolio'!H190,"-") -> 474.1226 | I90: =IFERROR(I28*'Portfólio | Portfolio'!I190,"-") -> 494.72073 | J90: =IFERROR(J28*'Portfólio | Portfolio'!J190,"-") -> 511.88511 | ... BM90: =IFERROR(BM28*'Portfólio | Portfolio'!BM190,"-") -> 949.02195
A91: Market Place Torre (I & II) | B91: Market Place Tower (I & II) | C91: =C29*'Portfólio | Portfolio'!C191 -> 5514.8325 | D91: =D29*'Portfólio | Portfolio'!D191 -> 5551 | E91: =E29*'Portfólio | Portfolio'!E191 -> 5631 | F91: =F29*'Portfólio | Portfolio'!F191 -> 5757 | G91: =G29*'Portfólio | Portfolio'!G191 -> 5849 | H91: =H29*'Portfólio | Portfolio'!H191 -> 5943 | I91: =I29*'Portfólio | Portfolio'!I191 -> 6095.1302 | J91: =J29*'Portfólio | Portfolio'!J191 -> 6283 | ... BM91: =BM29*'Portfólio | Portfolio'!BM191 -> 3377.6263
A92: Torre Iguatemi Porto Alegre | B92: Torre Iguatemi Porto Alegre | C92: =IFERROR(C30*'Portfólio | Portfolio'!C192,"-") -> - | D92: =IFERROR(D30*'Portfólio | Portfolio'!D192,"-") -> - | E92: =IFERROR(E30*'Portfólio | Portfolio'!E192,"-") -> - | F92: =IFERROR(F30*'Portfólio | Portfolio'!F192,"-") -> - | G92: =IFERROR(G30*'Portfólio | Portfolio'!G192,"-") -> - | H92: =IFERROR(H30*'Portfólio | Portfolio'!H192,"-") -> - | I92: =IFERROR(I30*'Portfólio | Portfolio'!I192,"-") -> - | J92: =IFERROR(J30*'Portfólio | Portfolio'!J192,"-") -> - | ... BM92: =IFERROR(BM30*'Portfólio | Portfolio'!BM192,"-") -> 1297.1456
A93: Torre Sky Galleria | B93: Torre Sky Galleria | C93: =IFERROR(C31*'Portfólio | Portfolio'!C193,"-") -> - | D93: =IFERROR(D31*'Portfólio | Portfolio'!D193,"-") -> - | E93: =IFERROR(E31*'Portfólio | Portfolio'!E193,"-") -> - | F93: =IFERROR(F31*'Portfólio | Portfolio'!F193,"-") -> - | G93: =IFERROR(G31*'Portfólio | Portfolio'!G193,"-") -> - | H93: =IFERROR(H31*'Portfólio | Portfolio'!H193,"-") -> - | I93: =IFERROR(I31*'Portfólio | Portfolio'!I193,"-") -> - | J93: =IFERROR(J31*'Portfólio | Portfolio'!J193,"-") -> - | ... BM93: =IFERROR(BM31*'Portfólio | Portfolio'!BM193,"-") -> 1733.9446
A94: Total | B94: Total | C94: =SUM(C70:C93) -> 41538.797 | D94: =SUM(D70:D93) -> 47453.94 | E94: =SUM(E70:E93) -> 48791.754 | F94: =SUM(F70:F93) -> 64960.508 | G94: =SUM(G70:G93) -> 49981.403 | H94: =SUM(H70:H93) -> 56546.969 | I94: =SUM(I70:I93) -> 60310.79 | J94: =SUM(J70:J93) -> 83292.891 | ... BM94: =SUM(BM70:BM93) -> 260733.89
A96: (1) Números apresentados não incluem o efeito da linearização. | B96: (1) Numbers do not include the linearization effect.
A97: (2) A contabilização das Receitas no Pátio Higienópolis foi feita através do regime caixa de 2015 a 2016, com receitas acumuladas de 2015 não foram divulgadas uma vez que adquirimos participação no ativo em Julho/2015. A partir de 2017 passamos a utilizar o método de competência. | B97: (2) Revenues for Pátio Higienópolis calculated using the cash accounting regime in 2015 and 2016 (accumulated Revenues for 2015 not disclosed as we acquired a stake in the mall in July/2015). From 2017 onwards the mall started reporting under the formal accounting method.
A98: (3) Considera o Complexo formado pelo Iguatemi Esplanada e pelo Esplanada Shopping. | B98: (3) Considers Iguatemi Esplanada and Esplanada Shopping as one asset.
A99: (4) Devido a venda de 18% da participação do Iguatemi Alphaville em setembro de 2024, o 3T24 considera 78% de participação em julho e agosto e 60% em setembro. | B99: (4) In 3Q24, it considers a 78% stake in July and August and 60% in September.
A100: (5) Devido a venda da participação do Iguatemi São Carlos em setembro de 2024, o 3T24 considera 50% de participação em julho e agosto e nenhuma em setembro. | B100: (5) In 3Q24, it considers a 50% stake in July and August and no stake in September.
A102: Estacionamento (R$ mil) | B102: Parking (R$ ‘000) | C102: =C5 -> 1Q10 | D102: =D5 -> 2Q10 | E102: =E5 -> 3Q10 | F102: =F5 -> 4Q10 | G102: =G5 -> 1Q11 | H102: =H5 -> 2Q11 | I102: =I5 -> 3Q11 | J102: =J5 -> 4Q11 | ... BM102: =BM5 -> 3Q25
A103: Iguatemi São Paulo | B103: Iguatemi São Paulo | C103: =IFERROR(C39*'Portfólio | Portfolio'!C169,"-") -> 2326.3229 | D103: =IFERROR(D39*'Portfólio | Portfolio'!D169,"-") -> 2394.4762 | E103: =IFERROR(E39*'Portfólio | Portfolio'!E169,"-") -> 2417.9738 | F103: =IFERROR(F39*'Portfólio | Portfolio'!F169,"-") -> 3100.9136 | G103: =IFERROR(G39*'Portfólio | Portfolio'!G169,"-") -> 2626.156 | H103: =IFERROR(H39*'Portfólio | Portfolio'!H169,"-") -> 2827.9707 | I103: =IFERROR(I39*'Portfólio | Portfolio'!I169,"-") -> 2764.5533 | J103: =IFERROR(J39*'Portfólio | Portfolio'!J169,"-") -> 3509.4247 | ... BM103: =IFERROR(BM39*'Portfólio | Portfolio'!BM169,"-") -> 7929.6399
A104: JK Iguatemi | B104: JK Iguatemi | C104: =IFERROR(C40*'Portfólio | Portfolio'!C170,"-") -> - | D104: =IFERROR(D40*'Portfólio | Portfolio'!D170,"-") -> - | E104: =IFERROR(E40*'Portfólio | Portfolio'!E170,"-") -> - | F104: =IFERROR(F40*'Portfólio | Portfolio'!F170,"-") -> - | G104: =IFERROR(G40*'Portfólio | Portfolio'!G170,"-") -> - | H104: =IFERROR(H40*'Portfólio | Portfolio'!H170,"-") -> - | I104: =IFERROR(I40*'Portfólio | Portfolio'!I170,"-") -> - | J104: =IFERROR(J40*'Portfólio | Portfolio'!J170,"-") -> - | ... BM104: =IFERROR(BM40*'Portfólio | Portfolio'!BM170,"-") -> 9733.457
A105: Pátio Higienópolis (2) | B105: Pátio Higienópolis (2) | C105: =IFERROR(C41*'Portfólio | Portfolio'!C171,"-") -> - | D105: =IFERROR(D41*'Portfólio | Portfolio'!D171,"-") -> - | E105: =IFERROR(E41*'Portfólio | Portfolio'!E171,"-") -> - | F105: =IFERROR(F41*'Portfólio | Portfolio'!F171,"-") -> - | G105: =IFERROR(G41*'Portfólio | Portfolio'!G171,"-") -> - | H105: =IFERROR(H41*'Portfólio | Portfolio'!H171,"-") -> - | I105: =IFERROR(I41*'Portfólio | Portfolio'!I171,"-") -> - | J105: =IFERROR(J41*'Portfólio | Portfolio'!J171,"-") -> - | ... BM105: =IFERROR(BM41*'Portfólio | Portfolio'!BM171,"-") -> 1916.3845
A106: Pátio Paulista | B106: Pátio Paulista | C106: 0 | D106: 0 | E106: 0 | F106: 0 | G106: 0 | H106: 0 | I106: 0 | J106: 0 | K106: 0 | L106: 0 | M106: 0 | N106: 0 | O106: 0 | P106: 0 | Q106: 0 | R106: 0 | S106: 0 | T106: 0 | U106: 0 | V106: 0 | W106: 0 | X106: 0 | Y106: 0 | Z106: 0 | AA106: 0 | AB106: 0 | AC106: 0 | AD106: 0 | AE106: 0 | AF106: 0 | AG106: 0 | AH106: 0 | AI106: 0 | AJ106: 0 | AK106: 0 | AL106: 0 | AM106: 0 | AN106: 0 | AO106: 0 | AP106: 0 | AQ106: 0 | AR106: 0 | AS106: 0 | AT106: 0 | AU106: 0 | AV106: 0 | AW106: 0 | AX106: 0 | AY106: 0 | AZ106: 0 | BA106: 0 | BB106: 0 | BC106: 0 | BD106: 0 | BE106: 0 | BF106: 0 | BG106: 0 | BH106: 0 | BI106: 0 | BJ106: 0 | BK106: 0 | BL106: =IFERROR(BL42*'Portfólio | Portfolio'!BL172,"-") -> 673.24397 | BM106: =IFERROR(BM42*'Portfólio | Portfolio'!BM172,"-") -> 682.70003
A107: Market Place | B107: Market Place | C107: =IFERROR(C43*'Portfólio | Portfolio'!C173,"-") -> 3302.0644 | D107: =IFERROR(D43*'Portfólio | Portfolio'!D173,"-") -> 3275.3032 | E107: =IFERROR(E43*'Portfólio | Portfolio'!E173,"-") -> 3476.4303 | F107: =IFERROR(F43*'Portfólio | Portfolio'!F173,"-") -> 3876.5902 | G107: =IFERROR(G43*'Portfólio | Portfolio'!G173,"-") -> 3519.3573 | H107: =IFERROR(H43*'Portfólio | Portfolio'!H173,"-") -> 3645.5229 | I107: =IFERROR(I43*'Portfólio | Portfolio'!I173,"-") -> 3732.418 | J107: =IFERROR(J43*'Portfólio | Portfolio'!J173,"-") -> 3839.874 | ... BM107: =IFERROR(BM43*'Portfólio | Portfolio'!BM173,"-") -> 2275.6507
A108: Iguatemi Alphaville (4) | B108: Iguatemi Alphaville (4) | C108: =IFERROR('Portfólio | Portfolio'!C44*'Portfólio | Portfolio'!C174,"-") -> - | D108: =IFERROR('Portfólio | Portfolio'!D44*'Portfólio | Portfolio'!D174,"-") -> - | E108: =IFERROR('Portfólio | Portfolio'!E44*'Portfólio | Portfolio'!E174,"-") -> - | F108: =IFERROR('Portfólio | Portfolio'!F44*'Portfólio | Portfolio'!F174,"-") -> - | G108: =IFERROR('Portfólio | Portfolio'!G44*'Portfólio | Portfolio'!G174,"-") -> - | H108: =IFERROR('Portfólio | Portfolio'!H44*'Portfólio | Portfolio'!H174,"-") -> 1123.6518 | I108: =IFERROR('Portfólio | Portfolio'!I44*'Portfólio | Portfolio'!I174,"-") -> 1208.7644 | J108: =IFERROR('Portfólio | Portfolio'!J44*'Portfólio | Portfolio'!J174,"-") -> 1370.6293 | ... BM108: =IFERROR('Portfólio | Portfolio'!BM44*'Portfólio | Portfolio'!BM174,"-") -> 3317.8021
A109: Iguatemi Campinas | B109: Iguatemi Campinas | C109: ='Portfólio | Portfolio'!C45*'Portfólio | Portfolio'!C175 -> 1932.5287 | D109: ='Portfólio | Portfolio'!D45*'Portfólio | Portfolio'!D175 -> 1943.9377 | E109: ='Portfólio | Portfolio'!E45*'Portfólio | Portfolio'!E175 -> 2032.7513 | F109: ='Portfólio | Portfolio'!F45*'Portfólio | Portfolio'!F175 -> 2371.1027 | G109: ='Portfólio | Portfolio'!G45*'Portfólio | Portfolio'!G175 -> 2174.9198 | H109: ='Portfólio | Portfolio'!H45*'Portfólio | Portfolio'!H175 -> 2463.7413 | I109: ='Portfólio | Portfolio'!I45*'Portfólio | Portfolio'!I175 -> 2431.1147 | J109: ='Portfólio | Portfolio'!J45*'Portfólio | Portfolio'!J175 -> 3088.2167 | ... BM109: ='Portfólio | Portfolio'!BM45*'Portfólio | Portfolio'!BM175 -> 8038.4494
A110: Galleria | B110: Galleria | C110: =IFERROR('Portfólio | Portfolio'!C46*'Portfólio | Portfolio'!C176,"-") -> - | D110: =IFERROR('Portfólio | Portfolio'!D46*'Portfólio | Portfolio'!D176,"-") -> 190.432 | E110: =IFERROR('Portfólio | Portfolio'!E46*'Portfólio | Portfolio'!E176,"-") -> 400.69675 | F110: =IFERROR('Portfólio | Portfolio'!F46*'Portfólio | Portfolio'!F176,"-") -> 463.1185 | G110: =IFERROR('Portfólio | Portfolio'!G46*'Portfólio | Portfolio'!G176,"-") -> 413.2715 | H110: =IFERROR('Portfólio | Portfolio'!H46*'Portfólio | Portfolio'!H176,"-") -> 407.29706 | I110: =IFERROR('Portfólio | Portfolio'!I46*'Portfólio | Portfolio'!I176,"-") -> 479.14 | J110: =IFERROR('Portfólio | Portfolio'!J46*'Portfólio | Portfolio'!J176,"-") -> 526.5451 | ... BM110: =IFERROR('Portfólio | Portfolio'!BM46*'Portfólio | Portfolio'!BM176,"-") -> 2247.6631
...

Sheet DRE | P&L
C4: IGUATEMI EMPRESA DE SHOPPING CENTERS S/A | G4: IGUATEMI EMPRESA DE SHOPPING CENTERS S/A | K4: IGUATEMI EMPRESA DE SHOPPING CENTERS S/A | O4: IGUATEMI EMPRESA DE SHOPPING CENTERS S/A | S4: IGUATEMI EMPRESA DE SHOPPING CENTERS S/A | W4: IGUATEMI EMPRESA DE SHOPPING CENTERS S/A | AA4: IGUATEMI EMPRESA DE SHOPPING CENTERS S/A | AE4: IGUATEMI EMPRESA DE SHOPPING CENTERS S/A | AI4: IGUATEMI EMPRESA DE SHOPPING CENTERS S/A | AM4: IGUATEMI EMPRESA DE SHOPPING CENTERS S/A | AQ4: IGUATEMI EMPRESA DE SHOPPING CENTERS S/A | AU4: IGUATEMI EMPRESA DE SHOPPING CENTERS S/A | AY4: IGUATEMI S.A. | BC4: IGUATEMI S.A. | BG4: IGUATEMI S.A.
A5: Demonstração de Resultados | B5: Financial Performance | C5: ='Indicadores | Indicators'!C5 -> 1Q10 | D5: ='Indicadores | Indicators'!D5 -> 2Q10 | E5: ='Indicadores | Indicators'!E5 -> 3Q10 | F5: ='Indicadores | Indicators'!F5 -> 4Q10 | G5: ='Indicadores | Indicators'!G5 -> 1Q11 | H5: ='Indicadores | Indicators'!H5 -> 2Q11 | I5: ='Indicadores | Indicators'!I5 -> 3Q11 | J5: ='Indicadores | Indicators'!J5 -> 4Q11 | ... BF5: ='Indicadores | Indicators'!BF5 -> 4Q23 | BG5: 1Q24 | BH5: 2Q24 | BI5: 3Q24 | BJ5: 4Q24 | BK5: 1Q25 | BL5: 2Q25 | BM5: 3Q25
A7: DRE Consolidada Gerencial (R$ mil) | B7: Consolidated P&L - Managerial (R$ ‘000) | C7: =C$5 -> 1Q10 | D7: =D$5 -> 2Q10 | E7: =E$5 -> 3Q10 | F7: =F$5 -> 4Q10 | G7: =G$5 -> 1Q11 | H7: =H$5 -> 2Q11 | I7: =I$5 -> 3Q11 | J7: =J$5 -> 4Q11 | ... BG7: =BG$5 -> 1Q24 | BH7: =BH5 -> 2Q24 | BI7: =BI5 -> 3Q24 | BJ7: =BJ5 -> 4Q24 | BK7: =BK5 -> 1Q25 | BL7: =BL5 -> 2Q25 | BM7: =BM5 -> 3Q25
A8: Aluguel Mínimo Mensal | B8: Minimum monthly rent | C8: 41471 | D8: 46248 | E8: 47177 | F8: 45051 | G8: 47726 | H8: 53390 | I8: 56453 | J8: 52749 | K8: 58879 | L8: 60739 | M8: 66897 | N8: 67956 | O8: 68440 | P8: 69726 | Q8: 71654 | R8: 83552 | S8: 84405 | T8: 90160 | U8: 93863 | V8: 97567 | W8: 95373 | X8: 97679 | Y8: 101134 | Z8: 105352 | AA8: 106329 | AB8: 107466 | AC8: 111953 | AD8: 118181 | AE8: 116354 | AF8: 115188 | AG8: 121382 | AH8: 122247 | AI8: 117027 | AJ8: 119152 | AK8: 122469 | AL8: 130088 | AM8: 120820 | AN8: 123647 | AO8: 126398 | AP8: 131749 | AQ8: 134567 | AR8: 136256 | AS8: 132070 | AT8: 137449 | AU8: 138981 | AV8: 148005 | AW8: 156305 | AX8: 170717 | AY8: 173254 | AZ8: 177374.87 | BA8: 182763.4 | BB8: 195193 | BC8: 202018 | BD8: 202277.05 | BE8: 202852.21 | BF8: 199147.69 | BG8: 202014.79 | BH8: 203537.35 | BI8: 203167.44 | BJ8: 212280.1 | BK8: 210484.18 | BL8: 246127.12 | BM8: 227249.41
A9: Aluguel Percentual | B9: Overage | C9: 2441 | D9: 3780 | E9: 3370 | F9: 5100 | G9: 2894 | H9: 4801 | I9: 4441 | J9: 10553 | K9: 5336 | L9: 6060 | M9: 6290 | N9: 8225 | O9: 5159 | P9: 6112 | Q9: 5171 | R9: 8917 | S9: 5679 | T9: 7502 | U9: 6802 | V9: 9431 | W9: 6673 | X9: 7875 | Y9: 7180 | Z9: 10364 | AA9: 6704 | AB9: 8476 | AC9: 6906 | AD9: 11234 | AE9: 6526 | AF9: 8237 | AG9: 6382 | AH9: 10336 | AI9: 6251 | AJ9: 7283 | AK9: 6793 | AL9: 10852 | AM9: 7224 | AN9: 10414 | AO9: 8490 | AP9: 13251 | AQ9: 4149 | AR9: 3626 | AS9: 6892 | AT9: 14725 | AU9: 5787 | AV9: 13195 | AW9: 14210 | AX9: 22510 | AY9: 8471 | AZ9: 17370.785 | BA9: 11691.767 | BB9: 16809 | BC9: 13215 | BD9: 18685.814 | BE9: 15986.064 | BF9: 23068.157 | BG9: 13044.797 | BH9: 22004.209 | BI9: 19557.135 | BJ9: 28290.027 | BK9: 15593.897 | BL9: 29942.975 | BM9: 23817.927
A10: Locação Temporária | B10: Temporary rent | C10: 3046 | D10: 3726 | E10: 4250 | F10: 7550 | G10: 4188 | H10: 5083 | I10: 5224 | J10: 8959 | K10: 5399 | L10: 6861 | M10: 7047 | N10: 8987 | O10: 5166 | P10: 8129 | Q10: 8080 | R10: 11400 | S10: 7678 | T10: 9408 | U10: 9587 | V10: 14778 | W10: 8366 | X10: 10013 | Y10: 9651 | Z10: 12854 | AA10: 8404 | AB10: 10918 | AC10: 9207 | AD10: 14497 | AE10: 8370 | AF10: 10443 | AG10: 10356 | AH10: 15732 | AI10: 9693 | AJ10: 11995 | AK10: 10507 | AL10: 17160 | AM10: 10804 | AN10: 13315 | AO10: 13866 | AP10: 18525 | AQ10: 13225 | AR10: 3397 | AS10: 4076 | AT10: 11443 | AU10: 8118 | AV10: 8234 | AW10: 12038 | AX10: 19564 | AY10: 15311 | AZ10: 16208.871 | BA10: 18594.695 | BB10: 23986 | BC10: 18429 | BD10: 21993.081 | BE10: 22145.503 | BF10: 32141.423 | BG10: 21921.01 | BH10: 25363.03 | BI10: 25688.416 | BJ10: 34795.488 | BK10: 23908.807 | BL10: 31748.732 | BM10: 30136.908
A11: Taxa de Administração | B11: Management Fee | C11: 3527 | D11: 5172 | E11: 6222 | F11: 6750 | G11: 5623 | H11: 5995 | I11: 6185 | J11: 6156 | K11: 7048 | L11: 6189 | M11: 6182 | N11: 7139 | O11: 6407 | P11: 6430 | Q11: 7002 | R11: 8492 | S11: 8241 | T11: 8591 | U11: 9647 | V11: 10669 | W11: 9327 | X11: 10461 | Y11: 10706 | Z11: 12084 | AA11: 11356 | AB11: 10969 | AC11: 10507 | AD11: 11116 | AE11: 11373 | AF11: 11474 | AG11: 11559 | AH11: 13760 | AI11: 11944 | AJ11: 11547 | AK11: 12378 | AL11: 13629 | AM11: 11981 | AN11: 13556 | AO11: 12634 | AP11: 14550 | AQ11: 11432 | AR11: 7071 | AS11: 8778 | AT11: 11978 | AU11: 10322 | AV11: 10664 | AW11: 12182 | AX11: 15226 | AY11: 13817 | AZ11: 14543.913 | BA11: 14988.62 | BB11: 17507 | BC11: 14843 | BD11: 15537.189 | BE11: 15545.071 | BF11: 17276.01 | BG11: 15223.785 | BH11: 16053.65 | BI11: 16104.987 | BJ11: 19873.853 | BK11: 19219.21 | BL11: 20468.724 | BM11: 23377.878
A12: Estacionamento | B12: Parking | C12: 9523 | D12: 10704 | E12: 11262 | F12: 13143 | G12: 12375 | H12: 14313 | I12: 14796 | J12: 16480 | K12: 16673 | L12: 17645 | M12: 18680 | N12: 20839 | O12: 19313 | P12: 19783 | Q12: 20441 | R12: 24498 | S12: 24132 | T12: 27291 | U12: 26725 | V12: 30662 | W12: 29063 | X12: 30941 | Y12: 30724 | Z12: 37308 | AA12: 33832 | AB12: 35200 | AC12: 33015 | AD12: 40002 | AE12: 35456 | AF12: 36024 | AG12: 35455 | AH12: 40968 | AI12: 35506 | AJ12: 36121 | AK12: 37671 | AL12: 43201 | AM12: 37201 | AN12: 38253 | AO12: 37251 | AP12: 43517 | AQ12: 33025 | AR12: 3199 | AS12: 12824 | AT12: 27704 | AU12: 16061 | AV12: 20373 | AW12: 28963 | AX12: 40852 | AY12: 35387 | AZ12: 43599.864 | BA12: 42987.18 | BB12: 48398 | BC12: 42978 | BD12: 50789.945 | BE12: 51204.946 | BF12: 58021.885 | BG12: 53271.913 | BH12: 54386.75 | BI12: 55120.792 | BJ12: 65534.905 | BK12: 60052.239 | BL12: 72539.165 | BM12: 61312.228
A13: Outros | B13: Others | C13: 2659 | D13: 5111 | E13: 3274 | F13: 3880 | G13: 4106 | H13: 6513 | I13: 8534 | J13: 11965 | K13: 9171 | L13: 11207 | M13: 14516 | N13: 18667 | O13: 10979 | P13: 11858 | Q13: 13608 | R13: 19389 | S13: 14967 | T13: 16270 | U13: 18966 | V13: 24041 | W13: 16805 | X13: 18747 | Y13: 18366 | Z13: 18637 | AA13: 13793 | AB13: 15924 | AC13: 15167 | AD13: 18013 | AE13: 14469 | AF13: 15427 | AG13: 12701 | AH13: 15249 | AI13: 11864 | AJ13: 15065 | AK13: 12355 | AL13: 15592 | AM13: 3365.087 | AN13: 7108.8952 | AO13: 3654.9947 | AP13: 6645.0149 | AQ13: 2599.2101 | AR13: 3228.0473 | AS13: 4400.0566 | AT13: 2049 | AU13: 7753.1628 | AV13: 6039.996 | AW13: 4805.9359 | AX13: 5535 | AY13: 3217 | AZ13: 4413.032 | BA13: 3361.303 | BB13: 3167 | BC13: 4613 | BD13: 4235.967 | BE13: 4454.796 | BF13: 5424.923 | BG13: 10546.018 | BH13: 3832.178 | BI13: 5157.569 | BJ13: 6896.471 | BK13: 6755.869 | BL13: 4904.792 | BM13: 6306.127
A14: Varejo (Iguatemi 365 e I-Retail) | B14: Retail (Iguatemi 365 and I-Retail) | C14: 0 | D14: 0 | E14: 0 | F14: 0 | G14: 0 | H14: 0 | I14: 0 | J14: 0 | K14: 0 | L14: 0 | M14: 0 | N14: 0 | O14: 0 | P14: 0 | Q14: 0 | R14: 0 | S14: 0 | T14: 0 | U14: 0 | V14: 0 | W14: 0 | X14: 0 | Y14: 0 | Z14: 0 | AA14: 0 | AB14: 0 | AC14: 0 | AD14: 0 | AE14: 0 | AF14: 0 | AG14: 0 | AH14: 0 | AI14: 0 | AJ14: 0 | AK14: 0 | AL14: 0 | AM14: 0 | AN14: 0 | AO14: 0 | AP14: 0 | AQ14: 0 | AR14: 0 | AS14: 0 | AT14: 0 | AU14: 0 | AV14: 0 | AW14: 0 | AX14: 48779 | AY14: 25986 | AZ14: 32345.757 | BA14: 35585.181 | BB14: 46092 | BC14: 30177 | BD14: 39487.921 | BE14: 29337.215 | BF14: 46994.986 | BG14: 25768.088 | BH14: 38095.537 | BI14: 41821.828 | BJ14: 62301.78 | BK14: 35426.595 | BL14: 53146.754 | BM14: 60020.055 | BN14: 0 | BO14: 0
A15: Receita Bruta | B15: Gross Revenue | C15: =SUM(C8:C14) -> 62667 | D15: =SUM(D8:D14) -> 74741 | E15: =SUM(E8:E14) -> 75555 | F15: =SUM(F8:F14) -> 81474 | G15: =SUM(G8:G14) -> 76912 | H15: =SUM(H8:H14) -> 90095 | I15: =SUM(I8:I14) -> 95633 | J15: =SUM(J8:J14) -> 106862 | ... BL15: =SUM(BL8:BL14) -> 458878.26 | BM15: 432220.53
A16: Impostos e descontos | B16: Taxes and discounts | C16: -6350 | D16: -8041 | E16: -7945 | F16: -8521 | G16: -8025 | H16: -9448 | I16: -10875 | J16: -11631 | K16: -11842 | L16: -11628 | M16: -15306 | N16: -13336 | O16: -12966 | P16: -13922 | Q16: -12903 | R16: -16166 | S16: -13894 | T16: -15385 | U16: -17615 | V16: -20566 | W16: -16784 | X16: -19106 | Y16: -18139 | Z16: -24459 | AA16: -19931 | AB16: -26143 | AC16: -25658 | AD16: -29291 | AE16: -25199 | AF16: -27380 | AG16: -28144 | AH16: -32589 | AI16: -23815 | AJ16: -26152 | AK16: -24619 | AL16: -30029 | AM16: -24016 | AN16: -26368 | AO16: -27080 | AP16: -29793 | AQ16: -48048 | AR16: -95707 | AS16: -62164 | AT16: -59173 | AU16: -56399 | AV16: -60570 | AW16: -58644 | AX16: -68321 | AY16: -42224 | AZ16: -40387 | BA16: -40450.358 | BB16: -46183 | BC16: -38541 | BD16: -44605.039 | BE16: -38263.561 | BF16: -50261.698 | BG16: -36153.891 | BH16: -43447.938 | BI16: -41876.616 | BJ16: -53859.843 | BK16: -40371.106 | BL16: -51002.035 | BM16: -50585.589
A17: Linearização dos descontos (1) | B17: Straight-line effect on discounts (1) | C17: 0 | D17: 0 | E17: 0 | F17: 0 | G17: 0 | H17: 0 | I17: 0 | J17: 0 | K17: 0 | L17: 0 | M17: 0 | N17: 0 | O17: 0 | P17: 0 | Q17: 0 | R17: 0 | S17: 0 | T17: 0 | U17: 0 | V17: 0 | W17: 0 | X17: 0 | Y17: 0 | Z17: 0 | AA17: 0 | AB17: 0 | AC17: 0 | AD17: 0 | AE17: 0 | AF17: 0 | AG17: 0 | AH17: 0 | AI17: 0 | AJ17: 0 | AK17: 0 | AL17: 0 | AM17: 0 | AN17: 0 | AO17: 0 | AP17: 0 | AQ17: 0 | AR17: 96632 | AS17: 65034 | AT17: 15440 | AU17: 29666 | AV17: 2713 | AW17: 15600 | AX17: 60616 | AY17: -4846 | AZ17: -11829 | BA17: -15261.006 | BB17: -12655 | BC17: -17515 | BD17: -5729.728 | BE17: -20556.295 | BF17: -16693.276 | BG17: -22486.855 | BH17: -18450.679 | BI17: -14088.731 | BJ17: -12401.864 | BK17: -15644.953 | BL17: -10158.417 | BM17: -8770.45
A18: Receita Líquida | B18: Net Revenue | C18: =SUM(C15:C17) -> 56317 | D18: =SUM(D15:D17) -> 66700 | E18: =SUM(E15:E17) -> 67610 | F18: =SUM(F15:F17) -> 72953 | G18: =SUM(G15:G17) -> 68887 | H18: =SUM(H15:H17) -> 80647 | I18: =SUM(I15:I17) -> 84758 | J18: =SUM(J15:J17) -> 95231 | ... BL18: =SUM(BL15:BL17) -> 397717.81 | BM18: 372864.49
A19: Custos | B19: Costs | C19: -10000 | D19: -15577 | E19: -13451 | F19: -16097 | G19: -14367 | H19: -15888 | I19: -14753 | J19: -21881 | K19: -17212 | L19: -20150 | M19: -25800 | N19: 23859 | O19: -20764 | P19: -21348 | Q19: -20699 | R19: -28359 | S19: -24106 | T19: -28945 | U19: -29187 | V19: -31894.464 | W19: -29633 | X19: -31603 | Y19: -30344 | Z19: -35282 | AA19: -27267 | AB19: -32741 | AC19: -27822 | AD19: -32936 | AE19: -30195 | AF19: -32774 | AG19: -28932 | AH19: -29641 | AI19: -29332 | AJ19: -30714 | AK19: -29766 | AL19: -33037 | AM19: -33510 | AN19: -34773 | AO19: -35646 | AP19: -44158 | AQ19: -34790 | AR19: -27434 | AS19: -38998 | AT19: -52890 | AU19: -47286 | AV19: -54020 | AW19: -62302 | AX19: -77442 | AY19: -63562 | AZ19: -71321.311 | BA19: -68699.118 | BB19: -85318 | BC19: -66614 | BD19: -78529.479 | BE19: -58646.28 | BF19: -68759.185 | BG19: -56265.842 | BH19: -63838.881 | BI19: -63402.673 | BJ19: -67376.569 | BK19: -61040.087 | BL19: -72554.507 | BM19: -70342.341
A20: Despesas administrativas | B20: Administrative Expenses | C20: -11357 | D20: -12840 | E20: -12123 | F20: -19157 | G20: -13721 | H20: -15538 | I20: -25761 | J20: -21183 | K20: -13679 | L20: -17128 | M20: -24016 | N20: 23780 | O20: -14127 | P20: -17984 | Q20: -21442 | R20: -29107 | S20: -17269 | T20: -17803 | U20: -16662 | V20: -15098.066 | W20: -15055 | X20: -15160 | Y20: -13931 | Z20: -18838 | AA20: -13768 | AB20: -13240 | AC20: -10617 | AD20: -8388 | AE20: -11509 | AF20: -13910 | AG20: -11713 | AH20: -16403 | AI20: -16131 | AJ20: -17922 | AK20: -16703 | AL20: -24315 | AM20: -15011 | AN20: -19890 | AO20: -17998 | AP20: -19187 | AQ20: -16445 | AR20: -11495 | AS20: -13465 | AT20: -15192 | AU20: -16468 | AV20: -20416 | AW20: -19774 | AX20: -25980 | AY20: -21505 | AZ20: -28077.271 | BA20: -28270.916 | BB20: -36561 | BC20: -24736 | BD20: -29989.573 | BE20: -26312.487 | BF20: -30913.322 | BG20: -28226.276 | BH20: -28186.917 | BI20: -25340.357 | BJ20: -41827.402 | BK20: -35876.289 | BL20: -32359.43 | BM20: -28239.876
A21: Despesas Pré-operacionais | B21: Pre-Operating Expenses | BG21: -492.52125 | BH21: -622.4543 | BI21: -655.98226 | BJ21: -1155.6799 | BK21: -454.7689 | BL21: -1087.9934 | BM21: -269.83048
A22: Outras Receitas (Desp.) Operacionais | B22: Other Operational Revenue (Expenses) | C22: 189 | D22: 11402 | E22: 13286 | F22: 7077 | G22: 509 | H22: 8522 | I22: 20824 | J22: 18721 | K22: 1156 | L22: 22579 | M22: 110636 | N22: 26494 | O22: 14418 | P22: 2481 | Q22: 6765 | R22: 34204 | S22: 8693 | T22: 3084 | U22: 10324 | V22: 23593 | W22: -1460 | X22: 12520 | Y22: 19384 | Z22: 26013 | AA22: 9354 | AB22: 4534 | AC22: 5010 | AD22: 91 | AE22: -180 | AF22: 7444 | AG22: 4499 | AH22: 10526 | AI22: 2493 | AJ22: 5852 | AK22: 9828 | AL22: 15621 | AM22: 4636 | AN22: 4369 | AO22: 39491 | AP22: 52013 | AQ22: -2984 | AR22: -7394 | AS22: 4066 | AT22: 45583 | AU22: -4432 | AV22: 12788 | AW22: 23166 | AX22: -26398 | AY22: 3672 | AZ22: 17551 | BA22: 10469 | BB22: 21437 | BC22: 3468 | BD22: 9138 | BE22: 30523 | BF22: 32555 | BG22: 5788.123 | BH22: 6690 | BI22: 15874.296 | BJ22: 49967.21 | BK22: 11292.036 | BL22: 143824.16 | BM22: 19867.939
A23: Linearização revenda de ponto | B23: Straight-line effect on key money | C23: 0 | D23: 0 | E23: 0 | F23: 0 | G23: 0 | H23: 0 | I23: 0 | J23: 0 | K23: 0 | L23: 0 | M23: 0 | N23: 0 | O23: 0 | P23: 0 | Q23: 0 | R23: 0 | S23: 0 | T23: 0 | U23: 0 | V23: 0 | W23: 0 | X23: 0 | Y23: 0 | Z23: 0 | AA23: 0 | AB23: 0 | AC23: 0 | AD23: 0 | AE23: 0 | AF23: 0 | AG23: 0 | AH23: 0 | AI23: 0 | AJ23: 0 | AK23: 0 | AL23: 0 | AM23: 0 | AN23: 0 | AO23: 0 | AP23: 0 | AQ23: 0 | AR23: 0 | AS23: 0 | AT23: 0 | AU23: 0 | AV23: 0 | AW23: 0 | AX23: 0 | AY23: 576 | AZ23: -5432 | BA23: -2211 | BB23: -2211 | BC23: 1764 | BD23: -3450 | BE23: -17441 | BF23: 391 | BG23: 1945 | BH23: -983 | BI23: -10072 | BJ23: -2685 | BK23: 3393.245 | BL23: 1485.95 | BM23: -2581.278
A24: Resultado de Equivalência Patrimonial | B24: Income using the equity method | C24: 0 | D24: 0 | E24: 0 | F24: 0 | G24: 0 | H24: 0 | I24: 0 | J24: 0 | K24: 0 | L24: 0 | M24: 0 | N24: 0 | O24: 0 | P24: 0 | Q24: 0 | R24: 0 | S24: 0 | T24: 0 | U24: 0 | V24: 0 | W24: 0 | X24: 0 | Y24: 0 | Z24: 0 | AA24: 218 | AB24: 223 | AC24: 257 | AD24: 241 | AE24: 299 | AF24: 299 | AG24: 298 | AH24: 294 | AI24: 279 | AJ24: 287 | AK24: 281 | AL24: 277 | AM24: 305 | AN24: 292 | AO24: 293 | AP24: 299 | AQ24: 336 | AR24: 339 | AS24: 335 | AT24: 338 | AU24: 236 | AV24: 251 | AW24: 238 | AX24: 249 | AY24: 262 | AZ24: 300.43 | BA24: 309.441 | BB24: -2094 | BC24: -5579 | BD24: -4347.9516 | BE24: 386.91999 | BF24: -21171.43 | BG24: -7351.5386 | BH24: -3623.4766 | BI24: 431.64394 | BJ24: 399.91217 | BK24: 392.96503 | BL24: 410.62541 | BM24: 404.16461
A25: EBITDA | B25: EBITDA | C25: =SUM(C18:C24) -> 35149 | D25: =SUM(D18:D24) -> 49685 | E25: =SUM(E18:E24) -> 55322 | F25: =SUM(F18:F24) -> 44776 | G25: =SUM(G18:G24) -> 41308 | H25: =SUM(H18:H24) -> 57743 | I25: =SUM(I18:I24) -> 65068 | J25: =SUM(J18:J24) -> 70888 | ... BL25: =SUM(BL18:BL24) -> 437436.62 | BM25: 291703.27
A26: Depreciação e Amortização | B26: Depreciation and amortization | C26: -4414 | D26: -5537 | E26: -5209 | F26: -5275 | G26: -5056 | H26: -6010 | I26: -6523 | J26: -8142 | K26: -8357 | L26: -9509 | M26: -11208 | N26: -11594 | O26: -11892 | P26: -12057 | Q26: -13259 | R26: -16879 | S26: -18574 | T26: -21824 | U26: -23180 | V26: -23857 | W26: -24335 | X26: -25185 | Y26: -25918 | Z26: -27307 | AA26: -27847 | AB26: -27223 | AC26: -26751 | AD26: -26500 | AE26: -26479 | AF26: -26381 | AG26: -26743 | AH26: -26729 | AI26: -27069 | AJ26: -27274 | AK26: -27468 | AL26: -27830 | AM26: -31104 | AN26: -31524 | AO26: -31948 | AP26: -33446 | AQ26: -37005 | AR26: -37281 | AS26: -36509 | AT26: -38205 | AU26: -37144 | AV26: -38727 | AW26: -39679 | AX26: -39834 | AY26: -38634 | AZ26: -38860.009 | BA26: -41155.866 | BB26: -39931 | BC26: -44296 | BD26: -43481.479 | BE26: -43290.25 | BF26: -43297.379 | BG26: -45305.64 | BH26: -47348.299 | BI26: -47879.053 | BJ26: -55185.647 | BK26: -24621.013 | BL26: -31921.132 | BM26: -31409.512
A27: EBIT | B27: EBIT | C27: =SUM(C25:C26) -> 30735 | D27: =SUM(D25:D26) -> 44148 | E27: =SUM(E25:E26) -> 50113 | F27: =SUM(F25:F26) -> 39501 | G27: =SUM(G25:G26) -> 36252 | H27: =SUM(H25:H26) -> 51733 | I27: =SUM(I25:I26) -> 58545 | J27: =SUM(J25:J26) -> 62746 | ... BL27: =SUM(BL25:BL26) -> 405515.48 | BM27: 260293.76
A28: Receitas Financeiras | B28: Financial revenue | C28: 14983 | D28: 14517 | E28: 16615 | F28: 16817 | G28: 18925 | H28: 25628 | I28: 33306 | J28: 24746 | K28: 24435 | L28: 27501 | M28: 19536 | N28: 18093 | O28: 19654 | P28: 29217 | Q28: 32260 | R28: 32030 | S28: 28946 | T28: 32667 | U28: 27129 | V28: 20126 | W28: 29910 | X28: 18930 | Y28: 28504 | Z28: 18544 | AA28: 19282 | AB28: 17586 | AC28: 24619 | AD28: 22297 | AE28: 17067 | AF28: 11577 | AG28: 12364 | AH28: 13037 | AI28: 14488 | AJ28: 7189 | AK28: 13601 | AL28: 14244 | AM28: 15366 | AN28: 15076 | AO28: 13476 | AP28: 14372 | AQ28: 15706 | AR28: 8257 | AS28: 16594 | AT28: 25566 | AU28: 37148 | AV28: 450238 | AW28: -153144 | AX28: 40228 | AY28: 45418.29 | AZ28: 21808.931 | BA28: 36447.522 | BB28: 43426 | BC28: 45617.397 | BD28: 53182.586 | BE28: 31527.061 | BF28: 28991.97 | BG28: 46379.133 | BH28: 35792.409 | BI28: 54368.716 | BJ28: 31468.606 | BK28: 37638.921 | BL28: 25674 | BM28: 63065.197
A29: Resultado operação SWAP | B29: Result from SWAP operation | C29: 0 | D29: 0 | E29: 0 | F29: 0 | G29: 0 | H29: 0 | I29: 0 | J29: 0 | K29: 0 | L29: 0 | M29: 0 | N29: 0 | O29: 0 | P29: 0 | Q29: 0 | R29: 0 | S29: 0 | T29: 0 | U29: 0 | V29: 0 | W29: 0 | X29: 0 | Y29: 0 | Z29: 0 | AA29: 0 | AB29: 0 | AC29: 0 | AD29: 0 | AE29: 0 | AF29: 0 | AG29: 0 | AH29: 0 | AI29: 0 | AJ29: 0 | AK29: 0 | AL29: 0 | AM29: 0 | AN29: 0 | AO29: 0 | AP29: 0 | AQ29: 0 | AR29: 0 | AS29: 0 | AT29: 0 | AU29: 0 | AV29: 0 | AW29: 0 | AX29: 0 | AY29: 18562 | AZ29: -3682.412 | BA29: 9669.532 | BB29: -14958 | BC29: 5473 | BD29: 7019.757 | BE29: -22331.827 | BF29: 27523.35 | BG29: -8161.94 | BH29: -19067.361 | BI29: 307.035 | BJ29: -19114.25 | BK29: 2949.744 | BL29: 9940.536 | BM29: 0
A30: Despesas Financeiras | B30: Financial expenses | C30: -9019 | D30: -13953 | E30: -12462 | F30: -18676 | G30: -14134 | H30: -27330 | I30: -44872 | J30: -37146 | K30: -35329 | L30: -36522 | M30: -33235 | N30: -33704 | O30: -32454 | P30: -40394 | Q30: -40001 | R30: -63218 | S30: -49537 | T30: -53849 | U30: -58614 | V30: -59779 | W30: -58053 | X30: -56689 | Y30: -68627 | Z30: -72475 | AA30: -71135 | AB30: -70505 | AC30: -78435 | AD30: -73476 | AE30: -60545 | AF30: -54964 | AG30: -55191 | AH30: -52725 | AI30: -40663 | AJ30: -37303 | AK30: -45558 | AL30: -45375 | AM30: -43218 | AN30: -44137 | AO30: -40799 | AP30: -37467 | AQ30: -40893 | AR30: -27819 | AS30: -37463 | AT30: -52507 | AU30: -44652 | AV30: -84716 | AW30: -58389 | AX30: -90123 | AY30: -103711 | AZ30: -105880.88 | BA30: -138073.65 | BB30: -112173 | BC30: -117079 | BD30: -117129.62 | BE30: -109334.33 | BF30: -97747.78 | BG30: -97583.597 | BH30: -93014.068 | BI30: -112248.69 | BJ30: -91393.284 | BK30: -119678.52 | BL30: -211147.27 | BM30: -165187.81
A31: Valor justo de instrumento de capital | B31: Fair value of capital instrument | C31: 0 | D31: 0 | E31: 0 | F31: 0 | G31: 0 | H31: 0 | I31: 0 | J31: 0 | K31: 0 | L31: 0 | M31: 0 | N31: 0 | O31: 0 | P31: 0 | Q31: 0 | R31: 0 | S31: 0 | T31: 0 | U31: 0 | V31: 0 | W31: 0 | X31: 0 | Y31: 0 | Z31: 0 | AA31: 0 | AB31: 0 | AC31: 0 | AD31: 0 | AE31: 0 | AF31: 0 | AG31: 0 | AH31: 0 | AI31: 0 | AJ31: 0 | AK31: 0 | AL31: 0 | AM31: 0 | AN31: 0 | AO31: 0 | AP31: 0 | AQ31: 0 | AR31: 0 | AS31: 0 | AT31: 0 | AU31: 0 | AV31: 0 | AW31: 0 | AX31: 29047 | AY31: -86862.29 | AZ31: -258142 | BA31: 32763.48 | BB31: -11154 | BC31: -8260.3969 | BD31: -2141 | BE31: 0 | BF31: 0 | BG31: 0 | BH31: 0 | BI31: 0 | BJ31: 0 | BK31: 0 | BL31: 0
A32: IR e CSLL | B32: Income Tax & Social Contribution | C32: -9483 | D32: -6989 | E32: -11374 | F32: -6128 | G32: -9546 | H32: -7040 | I32: -16261 | J32: -3574 | K32: -9464 | L32: -9797 | M32: -11269 | N32: -17031 | O32: -9995 | P32: -12487 | Q32: -11714 | R32: -12314 | S32: -11226 | T32: -7035 | U32: 9298 | V32: -14315 | W32: -5067 | X32: -11523 | Y32: -10247 | Z32: -20610 | AA32: -10612 | AB32: -6357 | AC32: -6735 | AD32: -15309 | AE32: -5188 | AF32: -9729 | AG32: -11211 | AH32: -17415 | AI32: -14431 | AJ32: -14559 | AK32: -16190 | AL32: -24000 | AM32: -15004 | AN32: -16975 | AO32: -22332 | AP32: -31830 | AQ32: -16952 | AR32: -11798 | AS32: -15125 | AT32: -15080 | AU32: -16952 | AV32: -156692 | AW32: 39733 | AX32: -42337 | AY32: 1059 | AZ32: 98537.659 | BA32: 640.828 | BB32: 42043 | BC32: -11171 | BD32: -14243.747 | BE32: -6570.103 | BF32: -22469.749 | BG32: -12783.684 | BH32: -10831.757 | BI32: -20831.449 | BJ32: -25958.29 | BK32: -21916.602 | BL32: -20854.079 | BM32: -37272.999
A33: IRPJ/CSLL corrente | B33: Current IRPJ/CSLL | AV33: -11302 | AW33: -10550 | AX33: -14631 | AY33: -19565 | AZ33: -17873.56 | BA33: -19076.648 | BB33: -22008.654 | BC33: -21646 | BD33: -19921.171 | BE33: -15080.105 | BF33: -19921.347 | BG33: -22083.673 | BH33: -19192.054 | BI33: -16030.472 | BJ33: -24367.713 | BK33: -25780.234 | BL33: -36352.027 | BM33: -17997.962
A34: IRPJ/CSLL diferido | B34: Deferred IRPJ/CSLL | AV34: -145390 | AW34: 50283 | AX34: -27706 | AY34: 20624 | AZ34: 116411.22 | BA34: 19717.476 | BB34: 64052.507 | BC34: 10475 | BD34: 5677.424 | BE34: 8510.002 | BF34: -2548.402 | BG34: 9299.989 | BH34: 8360.297 | BI34: -4800.977 | BJ34: -1590.5771 | BK34: 3863.632 | BL34: 15497.948 | BM34: -19275.037
A35: Participação dos minoritários | B35: Minority interest | C35: 0 | D35: 0 | E35: 0 | F35: 0 | G35: 0 | H35: 0 | I35: 0 | J35: 0 | K35: 0 | L35: 0 | M35: 0 | N35: 0 | O35: 0 | P35: 0 | Q35: 0 | R35: 0 | S35: 0 | T35: 0 | U35: 0 | V35: 0 | W35: 0 | X35: 0 | Y35: 0 | Z35: 0 | AA35: 0 | AB35: 0 | AC35: 0 | AD35: 0 | AE35: 0 | AF35: 0 | AG35: 0 | AH35: 0 | AI35: 0 | AJ35: 0 | AK35: 0 | AL35: 0 | AM35: 0 | AN35: 0 | AO35: 0 | AQ35: 0 | AR35: 0 | AS35: 0 | AT35: 0 | AU35: 0 | AV35: 0 | AW35: 0 | AX35: 0 | AY35: -979 | AZ35: -1511.662 | BA35: -1336.805 | BB35: -1425 | BC35: -990 | BD35: -1323.336 | BE35: -1507.076 | BF35: -400.545 | BG35: -25.215 | BH35: -26.61 | BI35: -33.722 | BJ35: -46.179 | BK35: -26.537 | BL35: -29.078 | BM35: -28.362
A36: Lucro Líquido | B36: Net Income | C36: =SUM(C35,C27:C32) -> 27216 | D36: =SUM(D35,D27:D32) -> 37723 | E36: =SUM(E35,E27:E32) -> 42892 | F36: =SUM(F35,F27:F32) -> 31514 | G36: =SUM(G35,G27:G32) -> 31497 | H36: =SUM(H35,H27:H32) -> 42991 | I36: =SUM(I35,I27:I32) -> 30718 | J36: =SUM(J35,J27:J32) -> 46772 | ... BL36: =SUM(BL35,BL27:BL32) -> 209099.6 | BM36: 120869.79
A37: Margem Líquida | C37: =C36/C18 -> 0.48326438 | D37: =D36/D18 -> 0.56556222 | E37: =E36/E18 -> 0.63440319 | F37: =F36/F18 -> 0.43197675 | G37: =G36/G18 -> 0.45722705 | H37: =H36/H18 -> 0.53307625 | I37: =I36/I18 -> 0.36242007 | J37: =J36/J18 -> 0.49114259 | ... BM37: =BM36/BM18 -> 0.32416546
A38: FFO (R$ mil) | C38: =C36-C26 -> 31630 | D38: =D36-D26 -> 43260 | E38: =E36-E26 -> 48101 | F38: =F36-F26 -> 36789 | G38: =G36-G26 -> 36553 | H38: =H36-H26 -> 49001 | I38: =I36-I26 -> 37241 | J38: =J36-J26 -> 54914 | ... BM38: =BM36-BM26 -> 152279.3
A39: Margem FFO | C39: =C38/C18 -> 0.56164213 | D39: =D38/D18 -> 0.64857571 | E39: =E38/E18 -> 0.71144801 | F39: =F38/F18 -> 0.50428358 | G39: =G38/G18 -> 0.53062261 | H39: =H38/H18 -> 0.60759855 | I39: =I38/I18 -> 0.43938035 | J39: =J38/J18 -> 0.57663996 | ... BM39: =BM38/BM18 -> 0.40840387
A42: DRE Consolidada Ajustada (R$ mil) | B42: Consolidated P&L - Managerial (R$ ‘000) | C42: =C$5 -> 1Q10 | D42: =D$5 -> 2Q10 | E42: =E$5 -> 3Q10 | F42: =F$5 -> 4Q10 | G42: =G$5 -> 1Q11 | H42: =H$5 -> 2Q11 | I42: =I$5 -> 3Q11 | J42: =J$5 -> 4Q11 | ... BM42: =BM$5 -> 3Q25
A43: Aluguel Mínimo Mensal | B43: Minimum monthly rent | C43: 0 | D43: 0 | E43: 0 | F43: 0 | G43: 0 | H43: 0 | I43: 0 | J43: 0 | K43: 0 | L43: 0 | M43: 0 | N43: 0 | O43: 0 | P43: 0 | Q43: 0 | R43: 0 | S43: 0 | T43: 0 | U43: 0 | V43: 0 | W43: 0 | X43: 0 | Y43: 0 | Z43: 0 | AA43: 0 | AB43: 0 | AC43: 0 | AD43: 0 | AE43: 0 | AF43: 0 | AG43: 0 | AH43: 0 | AI43: 0 | AJ43: 0 | AK43: 0 | AL43: 0 | AM43: 0 | AN43: 0 | AO43: 0 | AP43: 0 | AQ43: 0 | AR43: 0 | AS43: 0 | AT43: 137449 | AU43: 138981 | AV43: 148005 | AW43: =AW8 -> 156305 | AX43: =AX8 -> 170717 | AY43: =AY8 -> 173254 | AZ43: =AZ8 -> 177374.87 | BA43: =BA8 -> 182763.4 | BB43: =BB8 -> 195193 | BC43: =BC8 -> 202018 | BD43: =BD8 -> 202277.05 | BE43: =BE8 -> 202852.21 | BF43: 199147.69 | BG43: 202014.79 | BH43: 203537.35 | BI43: 203167.44 | BJ43: 212280.1 | BK43: 210484.18 | BL43: 246127.12 | BM43: 227249.41
A44: Aluguel Percentual | B44: Overage | C44: 0 | D44: 0 | E44: 0 | F44: 0 | G44: 0 | H44: 0 | I44: 0 | J44: 0 | K44: 0 | L44: 0 | M44: 0 | N44: 0 | O44: 0 | P44: 0 | Q44: 0 | R44: 0 | S44: 0 | T44: 0 | U44: 0 | V44: 0 | W44: 0 | X44: 0 | Y44: 0 | Z44: 0 | AA44: 0 | AB44: 0 | AC44: 0 | AD44: 0 | AE44: 0 | AF44: 0 | AG44: 0 | AH44: 0 | AI44: 0 | AJ44: 0 | AK44: 0 | AL44: 0 | AM44: 0 | AN44: 0 | AO44: 0 | AP44: 0 | AQ44: 0 | AR44: 0 | AS44: 0 | AT44: 14725 | AU44: 5787 | AV44: 13195 | AW44: =AW9 -> 14210 | AX44: =AX9 -> 22510 | AY44: =AY9 -> 8471 | AZ44: =AZ9 -> 17370.785 | BA44: =BA9 -> 11691.767 | BB44: =BB9 -> 16809 | BC44: =BC9 -> 13215 | BD44: =BD9 -> 18685.814 | BE44: =BE9 -> 15986.064 | BF44: 23068.157 | BG44: 13044.797 | BH44: 22004.209 | BI44: 19557.135 | BJ44: 28290.027 | BK44: 15593.897 | BL44: 29942.975 | BM44: 23817.927
A45: Locação Temporária | B45: Temporary rent | C45: 0 | D45: 0 | E45: 0 | F45: 0 | G45: 0 | H45: 0 | I45: 0 | J45: 0 | K45: 0 | L45: 0 | M45: 0 | N45: 0 | O45: 0 | P45: 0 | Q45: 0 | R45: 0 | S45: 0 | T45: 0 | U45: 0 | V45: 0 | W45: 0 | X45: 0 | Y45: 0 | Z45: 0 | AA45: 0 | AB45: 0 | AC45: 0 | AD45: 0 | AE45: 0 | AF45: 0 | AG45: 0 | AH45: 0 | AI45: 0 | AJ45: 0 | AK45: 0 | AL45: 0 | AM45: 0 | AN45: 0 | AO45: 0 | AP45: 0 | AQ45: 0 | AR45: 0 | AS45: 0 | AT45: 11443 | AU45: 8118 | AV45: 8234 | AW45: =AW10 -> 12038 | AX45: =AX10 -> 19564 | AY45: =AY10 -> 15311 | AZ45: =AZ10 -> 16208.871 | BA45: =BA10 -> 18594.695 | BB45: =BB10 -> 23986 | BC45: =BC10 -> 18429 | BD45: =BD10 -> 21993.081 | BE45: =BE10 -> 22145.503 | BF45: 32141.423 | BG45: 21921.01 | BH45: 25363.03 | BI45: 25688.416 | BJ45: 34795.488 | BK45: 23908.807 | BL45: 31748.732 | BM45: 30136.908
A46: Taxa de Administração | B46: Management Fee | C46: 0 | D46: 0 | E46: 0 | F46: 0 | G46: 0 | H46: 0 | I46: 0 | J46: 0 | K46: 0 | L46: 0 | M46: 0 | N46: 0 | O46: 0 | P46: 0 | Q46: 0 | R46: 0 | S46: 0 | T46: 0 | U46: 0 | V46: 0 | W46: 0 | X46: 0 | Y46: 0 | Z46: 0 | AA46: 0 | AB46: 0 | AC46: 0 | AD46: 0 | AE46: 0 | AF46: 0 | AG46: 0 | AH46: 0 | AI46: 0 | AJ46: 0 | AK46: 0 | AL46: 0 | AM46: 0 | AN46: 0 | AO46: 0 | AP46: 0 | AQ46: 0 | AR46: 0 | AS46: 0 | AT46: 11978 | AU46: 10322 | AV46: 10664 | AW46: =AW11 -> 12182 | AX46: =AX11 -> 15226 | AY46: =AY11 -> 13817 | AZ46: =AZ11 -> 14543.913 | BA46: =BA11 -> 14988.62 | BB46: =BB11 -> 17507 | BC46: =BC11 -> 14843 | BD46: =BD11 -> 15537.189 | BE46: =BE11 -> 15545.071 | BF46: 17276.01 | BG46: 15223.785 | BH46: 16053.65 | BI46: 16104.987 | BJ46: 19873.853 | BK46: 19219.21 | BL46: 20468.724 | BM46: 23377.878
A47: Estacionamento | B47: Parking | C47: 0 | D47: 0 | E47: 0 | F47: 0 | G47: 0 | H47: 0 | I47: 0 | J47: 0 | K47: 0 | L47: 0 | M47: 0 | N47: 0 | O47: 0 | P47: 0 | Q47: 0 | R47: 0 | S47: 0 | T47: 0 | U47: 0 | V47: 0 | W47: 0 | X47: 0 | Y47: 0 | Z47: 0 | AA47: 0 | AB47: 0 | AC47: 0 | AD47: 0 | AE47: 0 | AF47: 0 | AG47: 0 | AH47: 0 | AI47: 0 | AJ47: 0 | AK47: 0 | AL47: 0 | AM47: 0 | AN47: 0 | AO47: 0 | AP47: 0 | AQ47: 0 | AR47: 0 | AS47: 0 | AT47: 27704 | AU47: 16061 | AV47: 20373 | AW47: =AW12 -> 28963 | AX47: =AX12 -> 40852 | AY47: =AY12 -> 35387 | AZ47: =AZ12 -> 43599.864 | BA47: =BA12 -> 42987.18 | BB47: =BB12 -> 48398 | BC47: =BC12 -> 42978 | BD47: =BD12 -> 50789.945 | BE47: =BE12 -> 51204.946 | BF47: 58021.885 | BG47: 53271.913 | BH47: 54386.75 | BI47: 55120.792 | BJ47: 65534.905 | BK47: 60052.239 | BL47: 72539.165 | BM47: 61312.228
A48: Outros (Shopping) | B48: Others (Mall) | C48: 0 | D48: 0 | E48: 0 | F48: 0 | G48: 0 | H48: 0 | I48: 0 | J48: 0 | K48: 0 | L48: 0 | M48: 0 | N48: 0 | O48: 0 | P48: 0 | Q48: 0 | R48: 0 | S48: 0 | T48: 0 | U48: 0 | V48: 0 | W48: 0 | X48: 0 | Y48: 0 | Z48: 0 | AA48: 0 | AB48: 0 | AC48: 0 | AD48: 0 | AE48: 0 | AF48: 0 | AG48: 0 | AH48: 0 | AI48: 0 | AJ48: 0 | AK48: 0 | AL48: 0 | AM48: 0 | AN48: 0 | AO48: 0 | AP48: 0 | AQ48: 0 | AR48: 0 | AS48: 0 | AT48: 24837 | AU48: 16853 | AV48: 27688 | AW48: 31540 | AX48: =AX13 -> 5535 | AY48: =AY13 -> 3217 | AZ48: =AZ13 -> 4413.032 | BA48: =BA13 -> 3361.303 | BB48: =BB13 -> 3167 | BC48: =BC13 -> 4613 | BD48: =BD13 -> 4235.967 | BE48: =BE13 -> 4454.796 | BF48: 5424.923 | BG48: 10546.018 | BH48: 3832.178 | BI48: 5157.569 | BJ48: 6896.471 | BK48: 6755.869 | BL48: 4904.792 | BM48: 6306.127
A49: Varejo (Iguatemi 365 e I-Retail) | B49: Retail (Iguatemi 365 and I-Retail) | C49: 0 | D49: 0 | E49: 0 | F49: 0 | G49: 0 | H49: 0 | I49: 0 | J49: 0 | K49: 0 | L49: 0 | M49: 0 | N49: 0 | O49: 0 | P49: 0 | Q49: 0 | R49: 0 | S49: 0 | T49: 0 | U49: 0 | V49: 0 | W49: 0 | X49: 0 | Y49: 0 | Z49: 0 | AA49: 0 | AB49: 0 | AC49: 0 | AD49: 0 | AE49: 0 | AF49: 0 | AG49: 0 | AH49: 0 | AI49: 0 | AJ49: 0 | AK49: 0 | AL49: 0 | AM49: 0 | AN49: 0 | AO49: 0 | AP49: 0 | AQ49: 0 | AR49: 0 | AS49: 0 | AT49: 0 | AU49: 0 | AV49: 0 | AX49: 48779 | AY49: 25986 | AZ49: 32345.757 | BA49: 35585.181 | BB49: 46092 | BC49: 30177 | BD49: 39487.921 | BE49: 29337.215 | BF49: 46994.986 | BG49: 25768.088 | BH49: 38095.537 | BI49: 41821.828 | BJ49: 62301.78 | BK49: 35426.595 | BL49: 53146.754 | BM49: 60020.055 | BN49: 0 | BO49: 0
A50: Receita Bruta | B50: Gross Revenue | C50: 0 | D50: 0 | E50: 0 | F50: 0 | G50: 0 | H50: 0 | I50: 0 | J50: 0 | K50: 0 | L50: 0 | M50: 0 | N50: 0 | O50: 0 | P50: 0 | Q50: 0 | R50: 0 | S50: 0 | T50: 0 | U50: 0 | V50: 0 | W50: 0 | X50: 0 | Y50: 0 | Z50: 0 | AA50: 0 | AB50: 0 | AC50: 0 | AD50: 0 | AE50: 0 | AF50: 0 | AG50: 0 | AH50: 0 | AI50: 0 | AJ50: 0 | AK50: 0 | AL50: 0 | AM50: 0 | AN50: 0 | AO50: 0 | AP50: 0 | AQ50: 0 | AR50: 0 | AS50: 0 | AT50: =SUM(AT43:AT49) -> 228136 | AU50: =SUM(AU43:AU49) -> 196122 | AV50: =SUM(AV43:AV49) -> 228159 | AW50: =SUM(AW43:AW49) -> 255238 | AX50: =SUM(AX43:AX49) -> 323183 | AY50: =SUM(AY43:AY49) -> 275443 | AZ50: =SUM(AZ43:AZ49) -> 305857.09 | BA50: =SUM(BA43:BA49) -> 309972.15 | ... BL50: =SUM(BL43:BL49) -> 458878.26 | BM50: 432220.53
A51: Impostos e descontos | B51: Taxes and discounts | C51: 0 | D51: 0 | E51: 0 | F51: 0 | G51: 0 | H51: 0 | I51: 0 | J51: 0 | K51: 0 | L51: 0 | M51: 0 | N51: 0 | O51: 0 | P51: 0 | Q51: 0 | R51: 0 | S51: 0 | T51: 0 | U51: 0 | V51: 0 | W51: 0 | X51: 0 | Y51: 0 | Z51: 0 | AA51: 0 | AB51: 0 | AC51: 0 | AD51: 0 | AE51: 0 | AF51: 0 | AG51: 0 | AH51: 0 | AI51: 0 | AJ51: 0 | AK51: 0 | AL51: 0 | AM51: 0 | AN51: 0 | AO51: 0 | AP51: 0 | AQ51: 0 | AR51: 0 | AS51: 0 | AT51: -58029 | AU51: -54202 | AV51: -60369 | AW51: -57489 | AX51: -64078 | AY51: -42563 | AZ51: -41215 | BA51: -41519 | BB51: -47069 | BC51: -39768 | BD51: -45006 | BE51: -39702 | BF51: -51430.208 | BG51: -37727.981 | BH51: -44739.508 | BI51: -42862.846 | BJ51: -54727.983 | BK51: -41466.256 | BL51: -51713.095 | BM51: -51199.769
A52: Linearização dos descontos (1) | B52: Straight-line effect on discounts (1) | C52: 0 | D52: 0 | E52: 0 | F52: 0 | G52: 0 | H52: 0 | I52: 0 | J52: 0 | K52: 0 | L52: 0 | M52: 0 | N52: 0 | O52: 0 | P52: 0 | Q52: 0 | R52: 0 | S52: 0 | T52: 0 | U52: 0 | V52: 0 | W52: 0 | X52: 0 | Y52: 0 | Z52: 0 | AA52: 0 | AB52: 0 | AC52: 0 | AD52: 0 | AE52: 0 | AF52: 0 | AG52: 0 | AH52: 0 | AI52: 0 | AJ52: 0 | AK52: 0 | AL52: 0 | AM52: 0 | AN52: 0 | AO52: 0 | AP52: 0 | AQ52: 0 | AR52: 0 | AS52: 0 | AT52: 0 | AU52: 0 | AV52: 0 | AW52: 0 | AX52: 0 | AY52: 0 | AZ52: 0 | BA52: 0 | BB52: 0 | BC52: 0 | BD52: 0 | BE52: 0 | BF52: 0 | BG52: 0 | BH52: 0 | BI52: 0 | BJ52: 0 | BK52: 0 | BL52: 0
A53: Receita Líquida | B53: Net Revenue | C53: 0 | D53: 0 | E53: 0 | F53: 0 | G53: 0 | H53: 0 | I53: 0 | J53: 0 | K53: 0 | L53: 0 | M53: 0 | N53: 0 | O53: 0 | P53: 0 | Q53: 0 | R53: 0 | S53: 0 | T53: 0 | U53: 0 | V53: 0 | W53: 0 | X53: 0 | Y53: 0 | Z53: 0 | AA53: 0 | AB53: 0 | AC53: 0 | AD53: 0 | AE53: 0 | AF53: 0 | AG53: 0 | AH53: 0 | AI53: 0 | AJ53: 0 | AK53: 0 | AL53: 0 | AM53: 0 | AN53: 0 | AO53: 0 | AP53: 0 | AQ53: 0 | AR53: 0 | AS53: 0 | AT53: =SUM(AT50:AT52) -> 170107 | AU53: =SUM(AU50:AU52) -> 141920 | AV53: =SUM(AV50:AV52) -> 167790 | AW53: =SUM(AW50:AW52) -> 197749 | AX53: =SUM(AX50:AX52) -> 259105 | AY53: =SUM(AY50:AY52) -> 232880 | AZ53: =SUM(AZ50:AZ52) -> 264642.09 | BA53: =SUM(BA50:BA52) -> 268453.15 | ... BL53: =SUM(BL50:BL52) -> 407165.17 | BM53: 381020.76
A54: Custos | B54: Cost | C54: 0 | D54: 0 | E54: 0 | F54: 0 | G54: 0 | H54: 0 | I54: 0 | J54: 0 | K54: 0 | L54: 0 | M54: 0 | N54: 0 | O54: 0 | P54: 0 | Q54: 0 | R54: 0 | S54: 0 | T54: 0 | U54: 0 | V54: 0 | W54: 0 | X54: 0 | Y54: 0 | Z54: 0 | AA54: 0 | AB54: 0 | AC54: 0 | AD54: 0 | AE54: 0 | AF54: 0 | AG54: 0 | AH54: 0 | AI54: 0 | AJ54: 0 | AK54: 0 | AL54: 0 | AM54: 0 | AN54: 0 | AO54: 0 | AP54: 0 | AQ54: 0 | AR54: 0 | AS54: 0 | AT54: -52890 | AU54: -47286 | AV54: -54020 | AW54: =AW19 -> -62302 | AX54: =AX19 -> -77442 | AY54: =AY19 -> -63562 | AZ54: =AZ19 -> -71321.311 | BA54: -68699.118 | BB54: -85318 | BC54: =BC19 -> -66614 | BD54: =BD19 -> -78529.479 | BE54: =BE19 -> -58646.28 | BF54: -68759.185 | BG54: -56265.842 | BH54: -63838.881 | BI54: -63402.673 | BJ54: -67376.569 | BK54: -61040.087 | BL54: -72554.507 | BM54: -70342.341
A55: Despesas administrativas | B55: Administrative Expenses | C55: 0 | D55: 0 | E55: 0 | F55: 0 | G55: 0 | H55: 0 | I55: 0 | J55: 0 | K55: 0 | L55: 0 | M55: 0 | N55: 0 | O55: 0 | P55: 0 | Q55: 0 | R55: 0 | S55: 0 | T55: 0 | U55: 0 | V55: 0 | W55: 0 | X55: 0 | Y55: 0 | Z55: 0 | AA55: 0 | AB55: 0 | AC55: 0 | AD55: 0 | AE55: 0 | AF55: 0 | AG55: 0 | AH55: 0 | AI55: 0 | AJ55: 0 | AK55: 0 | AL55: 0 | AM55: 0 | AN55: 0 | AO55: 0 | AP55: 0 | AQ55: 0 | AR55: 0 | AS55: 0 | AT55: -15192 | AU55: -16468 | AV55: -20416 | AW55: =AW20 -> -19774 | AX55: =AX20 -> -25980 | AY55: =AY20 -> -21505 | AZ55: =AZ20 -> -28077.271 | BA55: =BA20 -> -28270.916 | BB55: -36561 | BC55: =BC20 -> -24736 | BD55: =BD20 -> -29989.573 | BE55: =BE20 -> -26312.487 | BF55: -30913.322 | BG55: -28226.276 | BH55: -28186.917 | BI55: -25340.357 | BJ55: -41827.402 | BK55: -35876.289 | BL55: -32359.43 | BM55: -28239.876
A56: Despesas Pré-operacionais | B56: Pre-Operating Expenses | C56: 0 | D56: 0 | E56: 0 | F56: 0 | G56: 0 | H56: 0 | I56: 0 | J56: 0 | K56: 0 | L56: 0 | M56: 0 | N56: 0 | O56: 0 | P56: 0 | Q56: 0 | R56: 0 | S56: 0 | T56: 0 | U56: 0 | V56: 0 | W56: 0 | X56: 0 | Y56: 0 | Z56: 0 | AA56: 0 | AB56: 0 | AC56: 0 | AD56: 0 | AE56: 0 | AF56: 0 | AG56: 0 | AH56: 0 | AI56: 0 | AJ56: 0 | AK56: 0 | AL56: 0 | AM56: 0 | AN56: 0 | AO56: 0 | AP56: 0 | AQ56: 0 | AR56: 0 | AS56: 0 | BG56: -492.52125 | BH56: -622.4543 | BI56: -655.98226 | BJ56: -1155.6799 | BK56: -454.7689 | BL56: -1087.9934 | BM56: -269.83048
A57: Outras Receitas (Desp.) Operacionais - Shoppings | B57: Other Operational Revenue (Expenses) | C57: 0 | D57: 0 | E57: 0 | F57: 0 | G57: 0 | H57: 0 | I57: 0 | J57: 0 | K57: 0 | L57: 0 | M57: 0 | N57: 0 | O57: 0 | P57: 0 | Q57: 0 | R57: 0 | S57: 0 | T57: 0 | U57: 0 | V57: 0 | W57: 0 | X57: 0 | Y57: 0 | Z57: 0 | AA57: 0 | AB57: 0 | AC57: 0 | AD57: 0 | AE57: 0 | AF57: 0 | AG57: 0 | AH57: 0 | AI57: 0 | AJ57: 0 | AK57: 0 | AL57: 0 | AM57: 0 | AN57: 0 | AO57: 0 | AP57: 0 | AQ57: 0 | AR57: 0 | AS57: 0 | AT57: 45583 | AU57: -4432 | AV57: 12788 | AW57: =AW22 -> 23166 | AX57: 10725 | AY57: 3672 | AZ57: 10649 | BA57: 10467 | BB57: 21400 | BC57: 3468 | BD57: 9138 | BE57: 30523 | BF57: 32555.448 | BG57: 5676.521 | BH57: 6690.303 | BI57: 16060.296 | BJ57: 49967.31 | BK57: 11292.036 | BL57: 143823.95 | BM57: 19867.939
A58: Linearização revenda de ponto | B58: Straight-line effect on key money | C58: 0 | D58: 0 | E58: 0 | F58: 0 | G58: 0 | H58: 0 | I58: 0 | J58: 0 | K58: 0 | L58: 0 | M58: 0 | N58: 0 | O58: 0 | P58: 0 | Q58: 0 | R58: 0 | S58: 0 | T58: 0 | U58: 0 | V58: 0 | W58: 0 | X58: 0 | Y58: 0 | Z58: 0 | AA58: 0 | AB58: 0 | AC58: 0 | AD58: 0 | AE58: 0 | AF58: 0 | AG58: 0 | AH58: 0 | AI58: 0 | AJ58: 0 | AK58: 0 | AL58: 0 | AM58: 0 | AN58: 0 | AO58: 0 | AP58: 0 | AQ58: 0 | AR58: 0 | AS58: 0 | AT58: 0 | AU58: 0 | AV58: 0 | AW58: =AW23 -> 0 | AX58: =AX23 -> 0 | AY58: 0 | AZ58: 0 | BA58: 0 | BB58: 0 | BC58: 0 | BD58: 0 | BE58: 0 | BF58: 0 | BG58: 0 | BH58: 0 | BI58: 0 | BJ58: 0 | BK58: 0 | BL58: 0
A59: Resultado de Equivalência Patrimonial | B59: Income using the equity method | C59: 0 | D59: 0 | E59: 0 | F59: 0 | G59: 0 | H59: 0 | I59: 0 | J59: 0 | K59: 0 | L59: 0 | M59: 0 | N59: 0 | O59: 0 | P59: 0 | Q59: 0 | R59: 0 | S59: 0 | T59: 0 | U59: 0 | V59: 0 | W59: 0 | X59: 0 | Y59: 0 | Z59: 0 | AA59: 0 | AB59: 0 | AC59: 0 | AD59: 0 | AE59: 0 | AF59: 0 | AG59: 0 | AH59: 0 | AI59: 0 | AJ59: 0 | AK59: 0 | AL59: 0 | AM59: 0 | AN59: 0 | AO59: 0 | AP59: 0 | AQ59: 0 | AR59: 0 | AS59: 0 | AT59: 338 | AU59: 236 | AV59: 251 | AW59: =AW24 -> 238 | AX59: =AX24 -> 249 | AY59: 262 | AZ59: 300 | BA59: 309 | BB59: 308 | BC59: 367 | BD59: 389 | BE59: 387 | BF59: 398.6701 | BG59: 416.46138 | BH59: 418.5234 | BI59: 431.64394 | BJ59: 399.91217 | BK59: 392.96503 | BL59: 410.62541 | BM59: 404.16461
A60: EBITDA Ajustado (2) | B60: Adjusted EBITDA (2) | C60: 0 | D60: 0 | E60: 0 | F60: 0 | G60: 0 | H60: 0 | I60: 0 | J60: 0 | K60: 0 | L60: 0 | M60: 0 | N60: 0 | O60: 0 | P60: 0 | Q60: 0 | R60: 0 | S60: 0 | T60: 0 | U60: 0 | V60: 0 | W60: 0 | X60: 0 | Y60: 0 | Z60: 0 | AA60: 0 | AB60: 0 | AC60: 0 | AD60: 0 | AE60: 0 | AF60: 0 | AG60: 0 | AH60: 0 | AI60: 0 | AJ60: 0 | AK60: 0 | AL60: 0 | AM60: 0 | AN60: 0 | AO60: 0 | AP60: 0 | AQ60: 0 | AR60: 0 | AS60: 0 | AT60: =SUM(AT53:AT59) -> 147946 | AU60: =SUM(AU53:AU59) -> 73970 | AV60: =SUM(AV53:AV59) -> 106393 | AW60: =SUM(AW53:AW59) -> 139077 | AX60: =SUM(AX53:AX59) -> 166657 | AY60: =SUM(AY53:AY59) -> 151747 | AZ60: =SUM(AZ53:AZ59) -> 176192.51 | BA60: =SUM(BA53:BA59) -> 182259.12 | ... BL60: =SUM(BL53:BL59) -> 445397.81 | BM60: 302440.82
A61: Depreciação e Amortização | B61: Depreciation and amortization | C61: 0 | D61: 0 | E61: 0 | F61: 0 | G61: 0 | H61: 0 | I61: 0 | J61: 0 | K61: 0 | L61: 0 | M61: 0 | N61: 0 | O61: 0 | P61: 0 | Q61: 0 | R61: 0 | S61: 0 | T61: 0 | U61: 0 | V61: 0 | W61: 0 | X61: 0 | Y61: 0 | Z61: 0 | AA61: 0 | AB61: 0 | AC61: 0 | AD61: 0 | AE61: 0 | AF61: 0 | AG61: 0 | AH61: 0 | AI61: 0 | AJ61: 0 | AK61: 0 | AL61: 0 | AM61: 0 | AN61: 0 | AO61: 0 | AP61: 0 | AQ61: 0 | AR61: 0 | AS61: 0 | AT61: -38205 | AU61: -37144 | AV61: -38727 | AW61: =AW26 -> -39679 | AX61: =AX26 -> -39834 | AY61: =AY26 -> -38634 | AZ61: =AZ26 -> -38860.009 | BA61: =BA26 -> -41155.866 | BB61: =BB26 -> -39931 | BC61: -44296 | BD61: -43481 | BE61: -43290 | BF61: -43297.379 | BG61: -45305.64 | BH61: -47348.299 | BI61: -47879.053 | BJ61: -55185.647 | BK61: -24621.013 | BL61: -31921.132 | BM61: -31409.512
A62: EBIT | B62: EBIT | C62: 0 | D62: 0 | E62: 0 | F62: 0 | G62: 0 | H62: 0 | I62: 0 | J62: 0 | K62: 0 | L62: 0 | M62: 0 | N62: 0 | O62: 0 | P62: 0 | Q62: 0 | R62: 0 | S62: 0 | T62: 0 | U62: 0 | V62: 0 | W62: 0 | X62: 0 | Y62: 0 | Z62: 0 | AA62: 0 | AB62: 0 | AC62: 0 | AD62: 0 | AE62: 0 | AF62: 0 | AG62: 0 | AH62: 0 | AI62: 0 | AJ62: 0 | AK62: 0 | AL62: 0 | AM62: 0 | AN62: 0 | AO62: 0 | AP62: 0 | AQ62: 0 | AR62: 0 | AS62: 0 | AT62: =SUM(AT60:AT61) -> 109741 | AU62: =SUM(AU60:AU61) -> 36826 | AV62: =SUM(AV60:AV61) -> 67666 | AW62: =SUM(AW60:AW61) -> 99398 | AX62: =SUM(AX60:AX61) -> 126823 | AY62: =SUM(AY60:AY61) -> 113113 | AZ62: =SUM(AZ60:AZ61) -> 137332.5 | BA62: =SUM(BA60:BA61) -> 141103.25 | ... BL62: =SUM(BL60:BL61) -> 413476.68 | BM62: 271031.31
A63: Receitas Financeiras | B63: Financial revenue | C63: 0 | D63: 0 | E63: 0 | F63: 0 | G63: 0 | H63: 0 | I63: 0 | J63: 0 | K63: 0 | L63: 0 | M63: 0 | N63: 0 | O63: 0 | P63: 0 | Q63: 0 | R63: 0 | S63: 0 | T63: 0 | U63: 0 | V63: 0 | W63: 0 | X63: 0 | Y63: 0 | Z63: 0 | AA63: 0 | AB63: 0 | AC63: 0 | AD63: 0 | AE63: 0 | AF63: 0 | AG63: 0 | AH63: 0 | AI63: 0 | AJ63: 0 | AK63: 0 | AL63: 0 | AM63: 0 | AN63: 0 | AO63: 0 | AP63: 0 | AQ63: 0 | AR63: 0 | AS63: 0 | AT63: 25566 | AU63: 37148 | AV63: 450238 | AW63: =AW28 -> -153144 | AX63: =AX28 -> 40228 | AY63: =AY28 -> 45418.29 | AZ63: 21809 | BA63: =BA28 -> 36447.522 | BB63: 50264 | BC63: =BC28 -> 45617.397 | BD63: =BD28 -> 53182.586 | BE63: =BE28 -> 31527.061 | BF63: 28991.97 | BG63: 46379.133 | BH63: 35792.409 | BI63: 54368.716 | BJ63: 31468.606 | BK63: 40738.921 | BL63: 25674 | BM63: 63065.197
A64: Resultado operação SWAP | B64: Result from SWAP operation | C64: 0 | D64: 0 | E64: 0 | F64: 0 | G64: 0 | H64: 0 | I64: 0 | J64: 0 | K64: 0 | L64: 0 | M64: 0 | N64: 0 | O64: 0 | P64: 0 | Q64: 0 | R64: 0 | S64: 0 | T64: 0 | U64: 0 | V64: 0 | W64: 0 | X64: 0 | Y64: 0 | Z64: 0 | AA64: 0 | AB64: 0 | AC64: 0 | AD64: 0 | AE64: 0 | AF64: 0 | AG64: 0 | AH64: 0 | AI64: 0 | AJ64: 0 | AK64: 0 | AL64: 0 | AM64: 0 | AN64: 0 | AO64: 0 | AP64: 0 | AQ64: 0 | AR64: 0 | AS64: 0 | AT64: 0 | AU64: 0 | AV64: 0 | AW64: =AW29 -> 0 | AX64: =AX29 -> 0 | AY64: 0 | AZ64: 0 | BA64: 0 | BB64: 0 | BC64: 0 | BD64: 0 | BE64: 0 | BF64: 0 | BG64: 0 | BH64: 0 | BI64: 0 | BJ64: 0 | BK64: 0 | BL64: 0
A65: Despesas Financeiras | B65: Financial expenses | C65: 0 | D65: 0 | E65: 0 | F65: 0 | G65: 0 | H65: 0 | I65: 0 | J65: 0 | K65: 0 | L65: 0 | M65: 0 | N65: 0 | O65: 0 | P65: 0 | Q65: 0 | R65: 0 | S65: 0 | T65: 0 | U65: 0 | V65: 0 | W65: 0 | X65: 0 | Y65: 0 | Z65: 0 | AA65: 0 | AB65: 0 | AC65: 0 | AD65: 0 | AE65: 0 | AF65: 0 | AG65: 0 | AH65: 0 | AI65: 0 | AJ65: 0 | AK65: 0 | AL65: 0 | AM65: 0 | AN65: 0 | AO65: 0 | AP65: 0 | AQ65: 0 | AR65: 0 | AS65: 0 | AT65: -52507 | AU65: -44652 | AV65: -84716 | AW65: =AW30 -> -58389 | AX65: =AX30 -> -90123 | AY65: =AY30 -> -103711 | AZ65: -108766 | BA65: -117875 | BB65: -119011 | BC65: =BC30 -> -117079 | BD65: =BD30 -> -117129.62 | BE65: -109334 | BF65: -97747.78 | BG65: -97583.597 | BH65: -93014.068 | BI65: -112248.69 | BJ65: -91393.284 | BK65: -122778.52 | BL65: -211147.27 | BM65: -165187.81
A66: Valor justo de instrumento de capital | B66: Fair value of capital instrument | C66: 0 | D66: 0 | E66: 0 | F66: 0 | G66: 0 | H66: 0 | I66: 0 | J66: 0 | K66: 0 | L66: 0 | M66: 0 | N66: 0 | O66: 0 | P66: 0 | Q66: 0 | R66: 0 | S66: 0 | T66: 0 | U66: 0 | V66: 0 | W66: 0 | X66: 0 | Y66: 0 | Z66: 0 | AA66: 0 | AB66: 0 | AC66: 0 | AD66: 0 | AE66: 0 | AF66: 0 | AG66: 0 | AH66: 0 | AI66: 0 | AJ66: 0 | AK66: 0 | AL66: 0 | AM66: 0 | AN66: 0 | AO66: 0 | AP66: 0 | AQ66: 0 | AR66: 0 | AS66: 0 | AT66: 0 | AU66: 0 | AV66: 0 | AW66: =AW31 -> 0 | AX66: =AX31 -> 29047 | AY66: 0 | AZ66: 0 | BA66: 0 | BB66: 0 | BC66: 0 | BD66: 0 | BE66: 0 | BF66: 0 | BG66: 0 | BH66: 0 | BI66: 0 | BJ66: 0 | BK66: 0 | BL66: 0
A67: IR e CSLL | B67: Income Tax & Social Contribution | C67: 0 | D67: 0 | E67: 0 | F67: 0 | G67: 0 | H67: 0 | I67: 0 | J67: 0 | K67: 0 | L67: 0 | M67: 0 | N67: 0 | O67: 0 | P67: 0 | Q67: 0 | R67: 0 | S67: 0 | T67: 0 | U67: 0 | V67: 0 | W67: 0 | X67: 0 | Y67: 0 | Z67: 0 | AA67: 0 | AB67: 0 | AC67: 0 | AD67: 0 | AE67: 0 | AF67: 0 | AG67: 0 | AH67: 0 | AI67: 0 | AJ67: 0 | AK67: 0 | AL67: 0 | AM67: 0 | AN67: 0 | AO67: 0 | AP67: 0 | AQ67: 0 | AR67: 0 | AS67: 0 | AT67: -10679 | AU67: -8497 | AV67: -155919 | AW67: 44179 | AX67: -35792 | AY67: -15328 | AZ67: -3062 | BA67: -1793 | BB67: 29079 | BC67: -15750 | BD67: -14780 | BE67: -23303 | BF67: -16895.301 | BG67: -20272.402 | BH67: -21850.485 | BI67: -26583.751 | BJ67: -36012.105 | BK67: -23702.814 | BL67: -19464.714 | BM67: -39958.704
A68: IRPJ/CSLL corrente | B68: Current IRPJ/CSLL | C68: 0 | D68: 0 | E68: 0 | F68: 0 | G68: 0 | H68: 0 | I68: 0 | J68: 0 | K68: 0 | L68: 0 | M68: 0 | N68: 0 | O68: 0 | P68: 0 | Q68: 0 | R68: 0 | S68: 0 | T68: 0 | U68: 0 | V68: 0 | W68: 0 | X68: 0 | Y68: 0 | Z68: 0 | AA68: 0 | AB68: 0 | AC68: 0 | AD68: 0 | AE68: 0 | AF68: 0 | AG68: 0 | AH68: 0 | AI68: 0 | AJ68: 0 | AK68: 0 | AL68: 0 | AM68: 0 | AN68: 0 | AO68: 0 | AP68: 0 | AQ68: 0 | AR68: 0 | AS68: 0 | AV68: -11246.244 | AW68: -11730.512 | AX68: -12369.151 | AY68: -19565 | AZ68: -17873.56 | BA68: -19076.648 | BB68: -22008.654 | BC68: -21646 | BD68: -19921.171 | BE68: -15080.105 | BF68: -19921.347 | BG68: -22083.673 | BH68: -19192.054 | BI68: -15290.472 | BJ68: -24367.713 | BK68: -25780.234 | BL68: -36352.027 | BM68: -17997.962
A69: IRPJ/CSLL diferido | B69: Deferred IRPJ/CSLL | C69: 0 | D69: 0 | E69: 0 | F69: 0 | G69: 0 | H69: 0 | I69: 0 | J69: 0 | K69: 0 | L69: 0 | M69: 0 | N69: 0 | O69: 0 | P69: 0 | Q69: 0 | R69: 0 | S69: 0 | T69: 0 | U69: 0 | V69: 0 | W69: 0 | X69: 0 | Y69: 0 | Z69: 0 | AA69: 0 | AB69: 0 | AC69: 0 | AD69: 0 | AE69: 0 | AF69: 0 | AG69: 0 | AH69: 0 | AI69: 0 | AJ69: 0 | AK69: 0 | AL69: 0 | AM69: 0 | AN69: 0 | AO69: 0 | AP69: 0 | AQ69: 0 | AR69: 0 | AS69: 0 | AV69: -144672.76 | AW69: 55909.512 | AX69: -23422.849 | AY69: 4236.8125 | AZ69: 14811.362 | BA69: 17283.996 | BB69: 51085.605 | BC69: 5896.0476 | BD69: 5141.4149 | BE69: -8222.398 | BF69: 3026.0455 | BG69: 1811.2715 | BH69: -2658.4305 | BI69: -11293.279 | BJ69: -11644.392 | BK69: 2077.4195 | BL69: 16887.313 | BM69: -21960.742
A70: Participação dos minoritários | B70: Minority interest | C70: 0 | D70: 0 | E70: 0 | F70: 0 | G70: 0 | H70: 0 | I70: 0 | J70: 0 | K70: 0 | L70: 0 | M70: 0 | N70: 0 | O70: 0 | P70: 0 | Q70: 0 | R70: 0 | S70: 0 | T70: 0 | U70: 0 | V70: 0 | W70: 0 | X70: 0 | Y70: 0 | Z70: 0 | AA70: 0 | AB70: 0 | AC70: 0 | AD70: 0 | AE70: 0 | AF70: 0 | AG70: 0 | AH70: 0 | AI70: 0 | AJ70: 0 | AK70: 0 | AL70: 0 | AM70: 0 | AN70: 0 | AO70: 0 | AP70: 0 | AQ70: 0 | AR70: 0 | AS70: 0 | AT70: 0 | AU70: 0 | AV70: 0 | AW70: =AW35 -> 0 | AX70: =AX35 -> 0 | AY70: -979 | AZ70: -1512 | BA70: -1337 | BB70: -1425 | BC70: -990 | BD70: 1323 | BE70: -1507 | BF70: -400.545 | BG70: -25.215 | BH70: -26.61 | BI70: -33.722 | BJ70: -46.179 | BK70: -26.537 | BL70: -29.078 | BM70: -28.362
A71: Lucro Líquido Ajustado (2) | B71: Adjusted Net Income (2) | C71: 0 | D71: 0 | E71: 0 | F71: 0 | G71: 0 | H71: 0 | I71: 0 | J71: 0 | K71: 0 | L71: 0 | M71: 0 | N71: 0 | O71: 0 | P71: 0 | Q71: 0 | R71: 0 | S71: 0 | T71: 0 | U71: 0 | V71: 0 | W71: 0 | X71: 0 | Y71: 0 | Z71: 0 | AA71: 0 | AB71: 0 | AC71: 0 | AD71: 0 | AE71: 0 | AF71: 0 | AG71: 0 | AH71: 0 | AI71: 0 | AJ71: 0 | AK71: 0 | AL71: 0 | AM71: 0 | AN71: 0 | AO71: 0 | AP71: 0 | AQ71: 0 | AR71: 0 | AS71: 0 | AT71: =SUM(AT62:AT67,AT70) -> 72121 | AU71: =SUM(AU62:AU67,AU70) -> 20825 | AV71: =SUM(AV62:AV67,AV70) -> 277269 | AW71: =SUM(AW62:AW67,AW70) -> -67956 | AX71: =SUM(AX62:AX67,AX70) -> 70183 | AY71: =SUM(AY62:AY67,AY70) -> 38513.29 | AZ71: =SUM(AZ62:AZ67,AZ70) -> 45801.497 | BA71: =SUM(BA62:BA67,BA70) -> 56545.771 | ... BL71: =SUM(BL62:BL67,BL70) -> 208509.62 | BM71: 128921.63
A72: Margem Líquida Ajustada | B72: Adjusted Net Margin | C72: 0 | D72: 0 | E72: 0 | F72: 0 | G72: 0 | H72: 0 | I72: 0 | J72: 0 | K72: 0 | L72: 0 | M72: 0 | N72: 0 | O72: 0 | P72: 0 | Q72: 0 | R72: 0 | S72: 0 | T72: 0 | U72: 0 | V72: 0 | W72: 0 | X72: 0 | Y72: 0 | Z72: 0 | AA72: 0 | AB72: 0 | AC72: 0 | AD72: 0 | AE72: 0 | AF72: 0 | AG72: 0 | AH72: 0 | AI72: 0 | AJ72: 0 | AK72: 0 | AL72: 0 | AM72: 0 | AN72: 0 | AO72: 0 | AP72: 0 | AQ72: 0 | AR72: 0 | AS72: 0 | AT72: =AT71/AT53 -> 0.42397432 | AU72: =AU71/AU53 -> 0.1467376 | AV72: =AV71/AV53 -> 1.6524763 | AW72: =AW71/AW53 -> -0.34364776 | AX72: =AX71/AX53 -> 0.27086702 | AY72: =AY71/AY53 -> 0.16537826 | AZ72: =AZ71/AZ53 -> 0.17306959 | BA72: =BA71/BA53 -> 0.21063553 | ... BM72: =BM71/BM53 -> 0.33835855
A73: FFO Ajustado (R$ mil) (1) | B73: Adjusted FFO (R$ '000) (1) | C73: 0 | D73: 0 | E73: 0 | F73: 0 | G73: 0 | H73: 0 | I73: 0 | J73: 0 | K73: 0 | L73: 0 | M73: 0 | N73: 0 | O73: 0 | P73: 0 | Q73: 0 | R73: 0 | S73: 0 | T73: 0 | U73: 0 | V73: 0 | W73: 0 | X73: 0 | Y73: 0 | Z73: 0 | AA73: 0 | AB73: 0 | AC73: 0 | AD73: 0 | AE73: 0 | AF73: 0 | AG73: 0 | AH73: 0 | AI73: 0 | AJ73: 0 | AK73: 0 | AL73: 0 | AM73: 0 | AN73: 0 | AO73: 0 | AP73: 0 | AQ73: 0 | AR73: 0 | AS73: 0 | AT73: =AT71-AT61 -> 110326 | AU73: =AU71-AU61 -> 57969 | AV73: =AV71-AV61 -> 315996 | AW73: =AW71-AW61 -> -28277 | AX73: =AX71-AX61 -> 110017 | AY73: =AY71-AY61 -> 77147.29 | AZ73: =AZ71-AZ61 -> 84661.506 | BA73: =BA71-BA61 -> 97701.637 | ... BM73: =BM71-BM61 -> 160331.14
A74: Margem FFO Ajustada | B74: Adjusted FFO Margin | C74: 0 | D74: 0 | E74: 0 | F74: 0 | G74: 0 | H74: 0 | I74: 0 | J74: 0 | K74: 0 | L74: 0 | M74: 0 | N74: 0 | O74: 0 | P74: 0 | Q74: 0 | R74: 0 | S74: 0 | T74: 0 | U74: 0 | V74: 0 | W74: 0 | X74: 0 | Y74: 0 | Z74: 0 | AA74: 0 | AB74: 0 | AC74: 0 | AD74: 0 | AE74: 0 | AF74: 0 | AG74: 0 | AH74: 0 | AI74: 0 | AJ74: 0 | AK74: 0 | AL74: 0 | AM74: 0 | AN74: 0 | AO74: 0 | AP74: 0 | AQ74: 0 | AR74: 0 | AS74: 0 | AT74: =AT73/AT53 -> 0.64856825 | AU74: =AU73/AU53 -> 0.40846251 | AV74: =AV73/AV53 -> 1.8832827 | AW74: =AW73/AW53 -> -0.1429944 | AX74: =AX73/AX53 -> 0.42460393 | AY74: =AY73/AY53 -> 0.33127486 | AZ74: =AZ73/AZ53 -> 0.31990945 | BA74: =BA73/BA53 -> 0.36394297 | ... BM74: =BM73/BM53 -> 0.42079372
A75: NOI (R$ mil) (4) | B75: NOI | C75: 0 | D75: 0 | E75: 0 | F75: 0 | G75: 0 | H75: 0 | I75: 0 | J75: 0 | K75: 0 | L75: 0 | M75: 0 | N75: 0 | O75: 0 | P75: 0 | Q75: 0 | R75: 0 | S75: 0 | T75: 0 | U75: 0 | V75: 0 | W75: 0 | X75: 0 | Y75: 0 | Z75: 0 | AA75: 0 | AB75: 0 | AC75: 0 | AD75: 0 | AE75: 0 | AF75: 0 | AG75: 0 | AH75: 0 | AI75: 0 | AJ75: 0 | AK75: 0 | AL75: 0 | AM75: 0 | AN75: 0 | AO75: 0 | AP75: 0 | AQ75: 0 | AR75: 0 | AS75: 0 | AT75: 0 | AU75: 0 | AV75: 0 | AW75: 0 | AX75: 0 | AY75: 156660.32 | AZ75: 195720.76 | BA75: 196662.5 | BB75: 262102.73 | BC75: 201386.58 | BD75: 237305.81 | BE75: 243550.97 | BF75: 302336.35 | BG75: 233822.61 | BH75: 253609.32 | BI75: 253125.08 | BJ75: 345444.58 | BK75: 254750.92 | BL75: 329787 | BM75: 298016.17
A76: Margem NOI | B76: NOI Margin | C76: 0 | D76: 0 | E76: 0 | F76: 0 | G76: 0 | H76: 0 | I76: 0 | J76: 0 | K76: 0 | L76: 0 | M76: 0 | N76: 0 | O76: 0 | P76: 0 | Q76: 0 | R76: 0 | S76: 0 | T76: 0 | U76: 0 | V76: 0 | W76: 0 | X76: 0 | Y76: 0 | Z76: 0 | AA76: 0 | AB76: 0 | AC76: 0 | AD76: 0 | AE76: 0 | AF76: 0 | AG76: 0 | AH76: 0 | AI76: 0 | AJ76: 0 | AK76: 0 | AL76: 0 | AM76: 0 | AN76: 0 | AO76: 0 | AP76: 0 | AQ76: 0 | AR76: 0 | AS76: 0 | AT76: 0 | AU76: 0 | AV76: 0 | AW76: 0 | AX76: 0 | AY76: 0.73383742 | AZ76: 0.91179013 | BA76: 0.8907191 | BB76: 0.90407539 | BC76: 0.76251639 | BD76: 0.92358599 | BE76: 0.94232066 | BF76: 0.91934852 | BG76: 0.9031017 | BH76: 0.93188665 | BI76: 0.92297828 | BJ76: 0.95195175 | BK76: 0.91764323 | BL76: 0.938 | BM76: 0.97468094
A78: (1) Linearização dos descontos líquida da amortização. | B78: (1) Straight-line effect on the discounts net of amortization.
A79: (2) Excluindo o efeito da linearização, efeitos não caixa da variação do preço da ação da Infracommerce e SWAP de ações. | B79: (2) Excluding the straight-line effect, non-cash effects of Infracommerce's share price variation and share SWAP.
A80: (3) Se refere apenas aos shoppings, considera a participação da Iguatemi nos empreendimentos e exclui imposto, corretagem e taxa de administração | B80: (3) Considers Iguatemi’s participation in the real estate assets and excludes tax, brokerage, and management fee
A81: (4) NOI Shoppings consolidado na participação Iguatemi | B81: (4) NOI divided by net revenue of discounts of malls.
A83: DRE Shoppings (R$ mil) | B83: Malls P&L (R$ ‘000) | C83: =C$5 -> 1Q10 | D83: =D$5 -> 2Q10 | E83: =E$5 -> 3Q10 | F83: =F$5 -> 4Q10 | G83: =G$5 -> 1Q11 | H83: =H$5 -> 2Q11 | I83: =I$5 -> 3Q11 | J83: =J$5 -> 4Q11 | ... BM83: =BM$5 -> 3Q25
A84: Aluguel Mínimo Mensal | B84: Minimum monthly rent | C84: 0 | D84: 0 | E84: 0 | F84: 0 | G84: 0 | H84: 0 | I84: 0 | J84: 0 | K84: 0 | L84: 0 | M84: 0 | N84: 0 | O84: 0 | P84: 0 | Q84: 0 | R84: 0 | S84: 0 | T84: 0 | U84: 0 | V84: 0 | W84: 0 | X84: 0 | Y84: 0 | Z84: 0 | AA84: 0 | AB84: 0 | AC84: 0 | AD84: 0 | AE84: 0 | AF84: 0 | AG84: 0 | AH84: 0 | AI84: 0 | AJ84: 0 | AK84: 0 | AL84: 0 | AM84: 0 | AN84: 0 | AO84: 0 | AP84: 0 | AQ84: 0 | AR84: 0 | AS84: 0 | AT84: 0 | AU84: 0 | AV84: 0 | AW84: 0 | AX84: 170717 | AY84: 173254 | AZ84: 177374.87 | BA84: 182763.4 | BB84: =BB8 -> 195193 | BC84: 202018 | BD84: 202277.05 | BE84: 202852.21 | BF84: 199147.69 | BG84: 202014.79 | BH84: 203537.35 | BI84: 203167.44 | BJ84: 212280.1 | BK84: 210484.18 | BL84: 246127.12 | BM84: 227249.41
A85: Aluguel Percentual | B85: Overage | C85: 0 | D85: 0 | E85: 0 | F85: 0 | G85: 0 | H85: 0 | I85: 0 | J85: 0 | K85: 0 | L85: 0 | M85: 0 | N85: 0 | O85: 0 | P85: 0 | Q85: 0 | R85: 0 | S85: 0 | T85: 0 | U85: 0 | V85: 0 | W85: 0 | X85: 0 | Y85: 0 | Z85: 0 | AA85: 0 | AB85: 0 | AC85: 0 | AD85: 0 | AE85: 0 | AF85: 0 | AG85: 0 | AH85: 0 | AI85: 0 | AJ85: 0 | AK85: 0 | AL85: 0 | AM85: 0 | AN85: 0 | AO85: 0 | AP85: 0 | AQ85: 0 | AR85: 0 | AS85: 0 | AT85: 0 | AU85: 0 | AV85: 0 | AW85: 0 | AX85: 22510 | AY85: 8471 | AZ85: 17370.785 | BA85: 11691.767 | BB85: =BB9 -> 16809 | BC85: 13215 | BD85: 18685.814 | BE85: 15986.064 | BF85: 23068.157 | BG85: 13044.797 | BH85: 22004.209 | BI85: 19557.135 | BJ85: 28290.027 | BK85: 15593.897 | BL85: 29942.975 | BM85: 23817.927
A86: Locação Temporária | B86: Temporary rent | C86: 0 | D86: 0 | E86: 0 | F86: 0 | G86: 0 | H86: 0 | I86: 0 | J86: 0 | K86: 0 | L86: 0 | M86: 0 | N86: 0 | O86: 0 | P86: 0 | Q86: 0 | R86: 0 | S86: 0 | T86: 0 | U86: 0 | V86: 0 | W86: 0 | X86: 0 | Y86: 0 | Z86: 0 | AA86: 0 | AB86: 0 | AC86: 0 | AD86: 0 | AE86: 0 | AF86: 0 | AG86: 0 | AH86: 0 | AI86: 0 | AJ86: 0 | AK86: 0 | AL86: 0 | AM86: 0 | AN86: 0 | AO86: 0 | AP86: 0 | AQ86: 0 | AR86: 0 | AS86: 0 | AT86: 0 | AU86: 0 | AV86: 0 | AW86: 0 | AX86: 19564 | AY86: 15311 | AZ86: 16208.871 | BA86: 18594.695 | BB86: =BB10 -> 23986 | BC86: 18429 | BD86: 21993.081 | BE86: 22145.503 | BF86: 32141.423 | BG86: 21921.01 | BH86: 25363.03 | BI86: 25688.416 | BJ86: 34795.488 | BK86: 23908.807 | BL86: 31748.732 | BM86: 30136.908
A87: Taxa de Administração | B87: Management Fee | C87: 0 | D87: 0 | E87: 0 | F87: 0 | G87: 0 | H87: 0 | I87: 0 | J87: 0 | K87: 0 | L87: 0 | M87: 0 | N87: 0 | O87: 0 | P87: 0 | Q87: 0 | R87: 0 | S87: 0 | T87: 0 | U87: 0 | V87: 0 | W87: 0 | X87: 0 | Y87: 0 | Z87: 0 | AA87: 0 | AB87: 0 | AC87: 0 | AD87: 0 | AE87: 0 | AF87: 0 | AG87: 0 | AH87: 0 | AI87: 0 | AJ87: 0 | AK87: 0 | AL87: 0 | AM87: 0 | AN87: 0 | AO87: 0 | AP87: 0 | AQ87: 0 | AR87: 0 | AS87: 0 | AT87: 0 | AU87: 0 | AV87: 0 | AW87: 0 | AX87: 15226 | AY87: 13817 | AZ87: 14543.913 | BA87: 14988.62 | BB87: =BB11 -> 17507 | BC87: 14843 | BD87: 15537.189 | BE87: 15545.071 | BF87: 17276.01 | BG87: 15223.785 | BH87: 16053.65 | BI87: 16104.987 | BJ87: 19873.853 | BK87: 19219.21 | BL87: 20468.724 | BM87: 23377.878
A88: Estacionamento | B88: Parking | C88: 0 | D88: 0 | E88: 0 | F88: 0 | G88: 0 | H88: 0 | I88: 0 | J88: 0 | K88: 0 | L88: 0 | M88: 0 | N88: 0 | O88: 0 | P88: 0 | Q88: 0 | R88: 0 | S88: 0 | T88: 0 | U88: 0 | V88: 0 | W88: 0 | X88: 0 | Y88: 0 | Z88: 0 | AA88: 0 | AB88: 0 | AC88: 0 | AD88: 0 | AE88: 0 | AF88: 0 | AG88: 0 | AH88: 0 | AI88: 0 | AJ88: 0 | AK88: 0 | AL88: 0 | AM88: 0 | AN88: 0 | AO88: 0 | AP88: 0 | AQ88: 0 | AR88: 0 | AS88: 0 | AT88: 0 | AU88: 0 | AV88: 0 | AW88: 0 | AX88: 40852 | AY88: 35387 | AZ88: 43599.864 | BA88: 42987.18 | BB88: =BB12 -> 48398 | BC88: 42978 | BD88: 50789.945 | BE88: 51204.946 | BF88: 58021.885 | BG88: 53271.913 | BH88: 54386.75 | BI88: 55120.792 | BJ88: 65534.905 | BK88: 60052.239 | BL88: 72539.165 | BM88: 61312.228
A89: Outros (Shopping) | B89: Others (Mall) | C89: 0 | D89: 0 | E89: 0 | F89: 0 | G89: 0 | H89: 0 | I89: 0 | J89: 0 | K89: 0 | L89: 0 | M89: 0 | N89: 0 | O89: 0 | P89: 0 | Q89: 0 | R89: 0 | S89: 0 | T89: 0 | U89: 0 | V89: 0 | W89: 0 | X89: 0 | Y89: 0 | Z89: 0 | AA89: 0 | AB89: 0 | AC89: 0 | AD89: 0 | AE89: 0 | AF89: 0 | AG89: 0 | AH89: 0 | AI89: 0 | AJ89: 0 | AK89: 0 | AL89: 0 | AM89: 0 | AN89: 0 | AO89: 0 | AP89: 0 | AQ89: 0 | AR89: 0 | AS89: 0 | AT89: 0 | AU89: 0 | AV89: 0 | AW89: 0 | AX89: 5534.9901 | AY89: 3217.2923 | AZ89: 4413.0312 | BA89: 3361.3006 | BB89: =BB13 -> 3167 | BC89: 4612.7472 | BD89: 4235.967 | BE89: 4454.7943 | BF89: 5424.923 | BG89: 10546.018 | BH89: 3832.178 | BI89: 5157.569 | BJ89: 6896.471 | BK89: 6577.463 | BL89: 4717.096 | BM89: 6306.127
A90: Receita Bruta | B90: Gross Revenue | C90: 0 | D90: 0 | E90: 0 | F90: 0 | G90: 0 | H90: 0 | I90: 0 | J90: 0 | K90: 0 | L90: 0 | M90: 0 | N90: 0 | O90: 0 | P90: 0 | Q90: 0 | R90: 0 | S90: 0 | T90: 0 | U90: 0 | V90: 0 | W90: 0 | X90: 0 | Y90: 0 | Z90: 0 | AA90: 0 | AB90: 0 | AC90: 0 | AD90: 0 | AE90: 0 | AF90: 0 | AG90: 0 | AH90: 0 | AI90: 0 | AJ90: 0 | AK90: 0 | AL90: 0 | AX90: =SUM(AX84:AX89) -> 274403.99 | AY90: =SUM(AY84:AY89) -> 249457.29 | AZ90: =SUM(AZ84:AZ89) -> 273511.33 | BA90: =SUM(BA84:BA89) -> 274386.97 | BB90: =SUM(BB84:BB89) -> 305060 | BC90: =SUM(BC84:BC89) -> 296095.75 | BD90: =SUM(BD84:BD89) -> 313519.04 | BE90: =SUM(BE84:BE89) -> 312188.59 | ... BL90: =SUM(BL84:BL89) -> 405543.81 | BM90: 372200.48
A91: Impostos e descontos | B91: Taxes and discounts | C91: 0 | D91: 0 | E91: 0 | F91: 0 | G91: 0 | H91: 0 | I91: 0 | J91: 0 | K91: 0 | L91: 0 | M91: 0 | N91: 0 | O91: 0 | P91: 0 | Q91: 0 | R91: 0 | S91: 0 | T91: 0 | U91: 0 | V91: 0 | W91: 0 | X91: 0 | Y91: 0 | Z91: 0 | AA91: 0 | AB91: 0 | AC91: 0 | AD91: 0 | AE91: 0 | AF91: 0 | AG91: 0 | AH91: 0 | AI91: 0 | AJ91: 0 | AK91: 0 | AL91: 0 | AM91: 0 | AN91: 0 | AO91: 0 | AP91: 0 | AQ91: 0 | AR91: 0 | AS91: 0 | AT91: 0 | AU91: 0 | AV91: 0 | AW91: 0 | AX91: -53183 | AY91: -35976.326 | AZ91: -33933.142 | BA91: -33285.966 | BB91: -36864 | BC91: -31987.88 | BD91: -36325.305 | BE91: -32543 | BF91: -39204 | BG91: -30850.422 | BH91: -35778.192 | BI91: -31969.612 | BJ91: -38081.78 | BK91: -31861.778 | BL91: -38077.328 | BM91: -35139.062
A92: Linearização dos descontos | B92: Straight-line effect on discounts | C92: 0 | D92: 0 | E92: 0 | F92: 0 | G92: 0 | H92: 0 | I92: 0 | J92: 0 | K92: 0 | L92: 0 | M92: 0 | N92: 0 | O92: 0 | P92: 0 | Q92: 0 | R92: 0 | S92: 0 | T92: 0 | U92: 0 | V92: 0 | W92: 0 | X92: 0 | Y92: 0 | Z92: 0 | AA92: 0 | AB92: 0 | AC92: 0 | AD92: 0 | AE92: 0 | AF92: 0 | AG92: 0 | AH92: 0 | AI92: 0 | AJ92: 0 | AK92: 0 | AL92: 0 | AM92: 0 | AN92: 0 | AO92: 0 | AP92: 0 | AQ92: 0 | AR92: 0 | AS92: 0 | AT92: 0 | AU92: 0 | AV92: 0 | AW92: 0 | AX92: 60616 | AY92: 0 | AZ92: 0 | BA92: 0 | BB92: 0 | BC92: 0 | BD92: 0 | BE92: 0 | BF92: 0 | BG92: 0 | BH92: 0 | BI92: 0 | BJ92: 0 | BK92: 0 | BL92: 0
A93: Receita Líquida | B93: Net Revenue | C93: 0 | D93: 0 | E93: 0 | F93: 0 | G93: 0 | H93: 0 | I93: 0 | J93: 0 | K93: 0 | L93: 0 | M93: 0 | N93: 0 | O93: 0 | P93: 0 | Q93: 0 | R93: 0 | S93: 0 | T93: 0 | U93: 0 | V93: 0 | W93: 0 | X93: 0 | Y93: 0 | Z93: 0 | AA93: 0 | AB93: 0 | AC93: 0 | AD93: 0 | AE93: 0 | AF93: 0 | AG93: 0 | AH93: 0 | AI93: 0 | AJ93: 0 | AK93: 0 | AL93: 0 | AX93: =SUM(AX90:AX92) -> 281836.99 | AY93: =SUM(AY90:AY92) -> 213480.97 | AZ93: =SUM(AZ90:AZ92) -> 239578.19 | BA93: =SUM(BA90:BA92) -> 241101 | BB93: =SUM(BB90:BB92) -> 268196 | BC93: =SUM(BC90:BC92) -> 264107.87 | BD93: =SUM(BD90:BD92) -> 277193.74 | BE93: =SUM(BE90:BE92) -> 279645.59 | ... BL93: =SUM(BL90:BL92) -> 367466.48 | BM93: 337061.41
A94: Custos | B94: Cost | C94: 0 | D94: 0 | E94: 0 | F94: 0 | G94: 0 | H94: 0 | I94: 0 | J94: 0 | K94: 0 | L94: 0 | M94: 0 | N94: 0 | O94: 0 | P94: 0 | Q94: 0 | R94: 0 | S94: 0 | T94: 0 | U94: 0 | V94: 0 | W94: 0 | X94: 0 | Y94: 0 | Z94: 0 | AA94: 0 | AB94: 0 | AC94: 0 | AD94: 0 | AE94: 0 | AF94: 0 | AG94: 0 | AH94: 0 | AI94: 0 | AJ94: 0 | AK94: 0 | AL94: 0 | AM94: 0 | AN94: 0 | AO94: 0 | AP94: 0 | AQ94: 0 | AR94: 0 | AS94: 0 | AT94: 0 | AU94: 0 | AV94: 0 | AW94: 0 | AX94: =SUM(AX19:AX20)-AX107 -> -61168.445 | AY94: -30774.809 | AZ94: -33941.279 | BA94: -35538.422 | BB94: -40369 | BC94: -36848.643 | BD94: -37098.771 | BE94: -34317 | BF94: -38800 | BG94: -35634.708 | BH94: -36781.278 | BI94: -35721.23 | BJ94: -28689.22 | BK94: -34522.631 | BL94: -38256.966 | BM94: -33650.664
A95: Despesas administrativas | B95: Administrative Expenses | C95: 0 | D95: 0 | E95: 0 | F95: 0 | G95: 0 | H95: 0 | I95: 0 | J95: 0 | K95: 0 | L95: 0 | M95: 0 | N95: 0 | O95: 0 | P95: 0 | Q95: 0 | R95: 0 | S95: 0 | T95: 0 | U95: 0 | V95: 0 | W95: 0 | X95: 0 | Y95: 0 | Z95: 0 | AA95: 0 | AB95: 0 | AC95: 0 | AD95: 0 | AE95: 0 | AF95: 0 | AG95: 0 | AH95: 0 | AI95: 0 | AJ95: 0 | AK95: 0 | AL95: 0 | AM95: 0 | AN95: 0 | AO95: 0 | AP95: 0 | AQ95: 0 | AR95: 0 | AS95: 0 | AT95: 0 | AU95: 0 | AV95: 0 | AW95: 0 | AY95: -22783 | AZ95: -28077 | BA95: -28271 | BB95: -36561 | BC95: -24736 | BD95: -29989.573 | BE95: -26312 | BF95: -30913 | BG95: -28226.276 | BH95: -28186.917 | BI95: -25340.357 | BJ95: -41827.402 | BK95: -35876.289 | BL95: -32359.43 | BM95: -28239.875
A96: Despesas Pré-operacionais | B96: Pre-Operating Expenses | C96: 0 | D96: 0 | E96: 0 | F96: 0 | G96: 0 | H96: 0 | I96: 0 | J96: 0 | K96: 0 | L96: 0 | M96: 0 | N96: 0 | O96: 0 | P96: 0 | Q96: 0 | R96: 0 | S96: 0 | T96: 0 | U96: 0 | V96: 0 | W96: 0 | X96: 0 | Y96: 0 | Z96: 0 | AA96: 0 | AB96: 0 | AC96: 0 | AD96: 0 | AE96: 0 | AF96: 0 | AG96: 0 | AH96: 0 | AI96: 0 | AJ96: 0 | AK96: 0 | AL96: 0 | AM96: 0 | AN96: 0 | AO96: 0 | AP96: 0 | AQ96: 0 | AR96: 0 | AS96: 0 | AT96: 0 | AU96: 0 | AV96: 0 | AW96: 0 | AX96: 0 | AY96: 0 | AZ96: 0 | BA96: 0 | BB96: 0 | BC96: 0 | BD96: 0 | BE96: 0 | BF96: 0 | BG96: -492.52125 | BH96: -622.4543 | BI96: -655.98226 | BJ96: -1155.6799 | BK96: -454.7689 | BL96: -1087.9934 | BM96: -269.83048
A97: Outras Receitas (Desp.) Operacionais | B97: Other Operational Revenue (Expenses) | C97: 0 | D97: 0 | E97: 0 | F97: 0 | G97: 0 | H97: 0 | I97: 0 | J97: 0 | K97: 0 | L97: 0 | M97: 0 | N97: 0 | O97: 0 | P97: 0 | Q97: 0 | R97: 0 | S97: 0 | T97: 0 | U97: 0 | V97: 0 | W97: 0 | X97: 0 | Y97: 0 | Z97: 0 | AA97: 0 | AB97: 0 | AC97: 0 | AD97: 0 | AE97: 0 | AF97: 0 | AG97: 0 | AH97: 0 | AI97: 0 | AJ97: 0 | AK97: 0 | AL97: 0 | AM97: 0 | AN97: 0 | AO97: 0 | AP97: 0 | AQ97: 0 | AR97: 0 | AS97: 0 | AT97: 0 | AU97: 0 | AV97: 0 | AW97: 0 | AX97: -26290.873 | AY97: 2777.364 | AZ97: 11436.424 | BA97: 10172 | BB97: 25904 | BC97: 3288.9538 | BD97: 6393.906 | BE97: 31547 | BF97: 32705 | BG97: 3792.083 | BH97: 8710.296 | BI97: 15872.044 | BJ97: 48968.321 | BK97: 10246.852 | BL97: 146738.79 | BM97: 19159.926
A98: Resultado de Equivalência Patrimonial | B98: Income using the equity method | C98: 0 | D98: 0 | E98: 0 | F98: 0 | G98: 0 | H98: 0 | I98: 0 | J98: 0 | K98: 0 | L98: 0 | M98: 0 | N98: 0 | O98: 0 | P98: 0 | Q98: 0 | R98: 0 | S98: 0 | T98: 0 | U98: 0 | V98: 0 | W98: 0 | X98: 0 | Y98: 0 | Z98: 0 | AA98: 0 | AB98: 0 | AC98: 0 | AD98: 0 | AE98: 0 | AF98: 0 | AG98: 0 | AH98: 0 | AI98: 0 | AJ98: 0 | AK98: 0 | AL98: 0 | AM98: 0 | AN98: 0 | AO98: 0 | AP98: 0 | AQ98: 0 | AR98: 0 | AS98: 0 | AT98: 0 | AU98: 0 | AV98: 0 | AW98: 0 | AX98: 249 | AY98: 262 | AZ98: 300 | BA98: 309 | BB98: 308 | BC98: 367 | BD98: 389.04844 | BE98: 387 | BF98: 399 | BG98: 416.46138 | BH98: 418.5234 | BI98: 431.64394 | BJ98: 399.91217 | BK98: 392.96503 | BL98: 410.62541 | BM98: 404.16461
A99: EBITDA | B99: EBITDA | C99: 0 | D99: 0 | E99: 0 | F99: 0 | G99: 0 | H99: 0 | I99: 0 | J99: 0 | K99: 0 | L99: 0 | M99: 0 | N99: 0 | O99: 0 | P99: 0 | Q99: 0 | R99: 0 | S99: 0 | T99: 0 | U99: 0 | V99: 0 | W99: 0 | X99: 0 | Y99: 0 | Z99: 0 | AA99: 0 | AB99: 0 | AC99: 0 | AD99: 0 | AE99: 0 | AF99: 0 | AG99: 0 | AH99: 0 | AI99: 0 | AJ99: 0 | AK99: 0 | AL99: 0 | AX99: =SUM(AX93:AX98) -> 194626.67 | AY99: =SUM(AY93:AY98) -> 162962.52 | AZ99: =SUM(AZ93:AZ98) -> 189296.33 | BA99: =SUM(BA93:BA98) -> 187772.58 | BB99: =SUM(BB93:BB98) -> 217478 | BC99: =SUM(BC93:BC98) -> 206179.18 | BD99: =SUM(BD93:BD98) -> 216888.35 | BE99: =SUM(BE93:BE98) -> 250950.59 | ... BL99: =SUM(BL93:BL98) -> 442911.51 | BM99: 294465.13
A100: Margem EBITDA | B100: EBITDA Margin | C100: 0 | D100: 0 | E100: 0 | F100: 0 | G100: 0 | H100: 0 | I100: 0 | J100: 0 | K100: 0 | L100: 0 | M100: 0 | N100: 0 | O100: 0 | P100: 0 | Q100: 0 | R100: 0 | S100: 0 | T100: 0 | U100: 0 | V100: 0 | W100: 0 | X100: 0 | Y100: 0 | Z100: 0 | AA100: 0 | AB100: 0 | AC100: 0 | AD100: 0 | AE100: 0 | AF100: 0 | AG100: 0 | AH100: 0 | AI100: 0 | AJ100: 0 | AK100: 0 | AL100: 0 | AX100: =AX99/AX93 -> 0.69056469 | AY100: =AY99/AY93 -> 0.76335855 | AZ100: =AZ99/AZ93 -> 0.7901234 | BA100: =BA99/BA93 -> 0.77881294 | BB100: =BB99/BB93 -> 0.81089203 | BC100: =BC99/BC93 -> 0.78066277 | BD100: =BD99/BD93 -> 0.78244318 | BE100: =BE99/BE93 -> 0.89738798 | ... BL100: =BL99/BL93 -> 1.2053113 | BM100: 0.87362458
A103: DRE Varejo (I-Retail e Iguatemi 365) | B103: Retail P&L - i-Retail and Iguatemi 365 (R$ ‘000) | C103: =C$5 -> 1Q10 | D103: =D$5 -> 2Q10 | E103: =E$5 -> 3Q10 | F103: =F$5 -> 4Q10 | G103: =G$5 -> 1Q11 | H103: =H$5 -> 2Q11 | I103: =I$5 -> 3Q11 | J103: =J$5 -> 4Q11 | ... BM103: =BM$5 -> 3Q25
A104: Receita Bruta | B104: Gross Revenue | C104: 0 | D104: 0 | E104: 0 | F104: 0 | G104: 0 | H104: 0 | I104: 0 | J104: 0 | K104: 0 | L104: 0 | M104: 0 | N104: 0 | O104: 0 | P104: 0 | Q104: 0 | R104: 0 | S104: 0 | T104: 0 | U104: 0 | V104: 0 | W104: 0 | X104: 0 | Y104: 0 | Z104: 0 | AA104: 0 | AB104: 0 | AC104: 0 | AD104: 0 | AE104: 0 | AF104: 0 | AG104: 0 | AH104: 0 | AI104: 0 | AJ104: 0 | AK104: 0 | AL104: 0 | AM104: 0 | AN104: 0 | AO104: 0 | AP104: 0 | AQ104: 0 | AR104: 0 | AS104: 0 | AT104: 0 | AU104: 0 | AV104: 0 | AW104: 0 | AX104: 48779 | AY104: 25985.708 | AZ104: 32345.758 | BA104: 35585.183 | BB104: 46092.255 | BC104: 30177.253 | BD104: 39487.921 | BE104: 29337.217 | BF104: 46995 | BG104: 25768.088 | BH104: 38095.537 | BI104: 41821.828 | BJ104: 62301.78 | BK104: 35605.001 | BL104: 53334.45 | BM104: 60020.055
A105: Impostos e descontos | B105: Taxes and Discounts | C105: 0 | D105: 0 | E105: 0 | F105: 0 | G105: 0 | H105: 0 | I105: 0 | J105: 0 | K105: 0 | L105: 0 | M105: 0 | N105: 0 | O105: 0 | P105: 0 | Q105: 0 | R105: 0 | S105: 0 | T105: 0 | U105: 0 | V105: 0 | W105: 0 | X105: 0 | Y105: 0 | Z105: 0 | AA105: 0 | AB105: 0 | AC105: 0 | AD105: 0 | AE105: 0 | AF105: 0 | AG105: 0 | AH105: 0 | AI105: 0 | AJ105: 0 | AK105: 0 | AL105: 0 | AM105: 0 | AN105: 0 | AO105: 0 | AP105: 0 | AQ105: 0 | AR105: 0 | AS105: 0 | AT105: 0 | AU105: 0 | AV105: 0 | AW105: 0 | AX105: -15138 | AY105: -6586.894 | AZ105: -7281.8876 | BA105: -8232.8005 | BB105: -10205.339 | BC105: -7780.1704 | BD105: -8680.834 | BE105: -7159.7301 | BF105: -12227 | BG105: -6877.559 | BH105: -8961.316 | BI105: -10893.234 | BJ105: -16646.203 | BK105: -9604.478 | BL105: -13635.767 | BM105: -16060.707
A106: Receita Líquida | B106: Net Revenue | C106: 0 | D106: 0 | E106: 0 | F106: 0 | G106: 0 | H106: 0 | I106: 0 | J106: 0 | K106: 0 | L106: 0 | M106: 0 | N106: 0 | O106: 0 | P106: 0 | Q106: 0 | R106: 0 | S106: 0 | T106: 0 | U106: 0 | V106: 0 | W106: 0 | X106: 0 | Y106: 0 | Z106: 0 | AA106: 0 | AB106: 0 | AC106: 0 | AD106: 0 | AE106: 0 | AF106: 0 | AG106: 0 | AH106: 0 | AI106: 0 | AJ106: 0 | AK106: 0 | AL106: 0 | AM106: 0 | AN106: 0 | AO106: 0 | AP106: 0 | AQ106: 0 | AR106: 0 | AS106: 0 | AT106: 0 | AU106: 0 | AV106: 0 | AW106: 0 | AX106: =SUM(AX104:AX105) -> 33641 | AY106: =SUM(AY104:AY105) -> 19398.814 | AZ106: =SUM(AZ104:AZ105) -> 25063.87 | BA106: =SUM(BA104:BA105) -> 27352.383 | BB106: =SUM(BB104:BB105) -> 35886.917 | BC106: =SUM(BC104:BC105) -> 22397.082 | BD106: =SUM(BD104:BD105) -> 30807.087 | BE106: =SUM(BE104:BE105) -> 22177.487 | ... BL106: =SUM(BL104:BL105) -> 39698.683 | BM106: 43959.348
A107: Custos e Despesas | B107: Costs and Expenses | C107: 0 | D107: 0 | E107: 0 | F107: 0 | G107: 0 | H107: 0 | I107: 0 | J107: 0 | K107: 0 | L107: 0 | M107: 0 | N107: 0 | O107: 0 | P107: 0 | Q107: 0 | R107: 0 | S107: 0 | T107: 0 | U107: 0 | V107: 0 | W107: 0 | X107: 0 | Y107: 0 | Z107: 0 | AA107: 0 | AB107: 0 | AC107: 0 | AD107: 0 | AE107: 0 | AF107: 0 | AG107: 0 | AH107: 0 | AI107: 0 | AJ107: 0 | AK107: 0 | AL107: 0 | AM107: 0 | AN107: 0 | AO107: 0 | AP107: 0 | AQ107: 0 | AR107: 0 | AS107: 0 | AT107: 0 | AU107: 0 | AV107: 0 | AW107: 0 | AX107: -42253.555 | AY107: -31511.191 | AZ107: -37380.019 | BA107: -33161.578 | BB107: -44948.63 | BC107: -29765.357 | BD107: -41430.708 | BE107: -24329.035 | BF107: -29959 | BG107: -20631.134 | BH107: -27057.603 | BI107: -27681.933 | BJ107: -38687.349 | BK107: -26517.456 | BL107: -34297.541 | BM107: -36691.65
A108: Outras Receitas (Desp.) Operacionais | B108: Other Operational Revenues | C108: 0 | D108: 0 | E108: 0 | F108: 0 | G108: 0 | H108: 0 | I108: 0 | J108: 0 | K108: 0 | L108: 0 | M108: 0 | N108: 0 | O108: 0 | P108: 0 | Q108: 0 | R108: 0 | S108: 0 | T108: 0 | U108: 0 | V108: 0 | W108: 0 | X108: 0 | Y108: 0 | Z108: 0 | AA108: 0 | AB108: 0 | AC108: 0 | AD108: 0 | AE108: 0 | AF108: 0 | AG108: 0 | AH108: 0 | AI108: 0 | AJ108: 0 | AK108: 0 | AL108: 0 | AM108: 0 | AN108: 0 | AO108: 0 | AP108: 0 | AQ108: 0 | AR108: 0 | AS108: 0 | AT108: 0 | AU108: 0 | AV108: 0 | AW108: 0 | AX108: -107.12746 | AY108: 894.63598 | AZ108: -787.91396 | BA108: 297.17358 | BB108: -4504.4792 | BC108: 179.04624 | BD108: 2744.344 | BE108: -1024.269 | BF108: -150 | BG108: 1884.438 | BH108: -2019.993 | BI108: 188.252 | BJ108: 998.989 | BK108: 1045.184 | BL108: -2914.838 | BM108: 708.013
A109: Resultado de Equivalência Patrimonial | B109: Asset Equivalence Result | C109: 0 | D109: 0 | E109: 0 | F109: 0 | G109: 0 | H109: 0 | I109: 0 | J109: 0 | K109: 0 | L109: 0 | M109: 0 | N109: 0 | O109: 0 | P109: 0 | Q109: 0 | R109: 0 | S109: 0 | T109: 0 | U109: 0 | V109: 0 | W109: 0 | X109: 0 | Y109: 0 | Z109: 0 | AA109: 0 | AB109: 0 | AC109: 0 | AD109: 0 | AE109: 0 | AF109: 0 | AG109: 0 | AH109: 0 | AI109: 0 | AJ109: 0 | AK109: 0 | AL109: 0 | AM109: 0 | AN109: 0 | AO109: 0 | AP109: 0 | AQ109: 0 | AR109: 0 | AS109: 0 | AT109: 0 | AU109: 0 | AV109: 0 | AW109: 0 | AX109: 0 | AY109: 0 | AZ109: 0 | BA109: 0 | BB109: 0 | BC109: 0 | BD109: 0 | BE109: 0 | BF109: 0 | BG109: 0 | BH109: 0 | BI109: 0 | BJ109: 0 | BK109: 0 | BL109: 0 | BM109: 0
A110: EBITDA | B110: EBITDA | C110: 0 | D110: 0 | E110: 0 | F110: 0 | G110: 0 | H110: 0 | I110: 0 | J110: 0 | K110: 0 | L110: 0 | M110: 0 | N110: 0 | O110: 0 | P110: 0 | Q110: 0 | R110: 0 | S110: 0 | T110: 0 | U110: 0 | V110: 0 | W110: 0 | X110: 0 | Y110: 0 | Z110: 0 | AA110: 0 | AB110: 0 | AC110: 0 | AD110: 0 | AE110: 0 | AF110: 0 | AG110: 0 | AH110: 0 | AI110: 0 | AJ110: 0 | AK110: 0 | AL110: 0 | AM110: 0 | AN110: 0 | AO110: 0 | AP110: 0 | AQ110: 0 | AR110: 0 | AS110: 0 | AT110: 0 | AU110: 0 | AV110: 0 | AW110: 0 | AX110: =SUM(AX106:AX109) -> -8719.6824 | AY110: =SUM(AY106:AY109) -> -11217.742 | AZ110: =SUM(AZ106:AZ109) -> -13104.063 | BA110: =SUM(BA106:BA109) -> -5512.0215 | BB110: =SUM(BB106:BB109) -> -13566.193 | BC110: =SUM(BC106:BC109) -> -7189.2285 | BD110: =SUM(BD106:BD109) -> -7879.277 | BE110: =SUM(BE106:BE109) -> -3175.8177 | ... BL110: =SUM(BL106:BL109) -> 2486.304 | BM110: 7975.711
...

Sheet Abertura DRE | P&L Breakdown
C4: IGUATEMI EMPRESA DE SHOPPING CENTERS S/A | G4: IGUATEMI EMPRESA DE SHOPPING CENTERS S/A | K4: IGUATEMI EMPRESA DE SHOPPING CENTERS S/A | O4: IGUATEMI EMPRESA DE SHOPPING CENTERS S/A | S4: IGUATEMI EMPRESA DE SHOPPING CENTERS S/A | W4: IGUATEMI EMPRESA DE SHOPPING CENTERS S/A | AA4: IGUATEMI EMPRESA DE SHOPPING CENTERS S/A | AE4: IGUATEMI EMPRESA DE SHOPPING CENTERS S/A | AI4: IGUATEMI EMPRESA DE SHOPPING CENTERS S/A | AM4: IGUATEMI EMPRESA DE SHOPPING CENTERS S/A | AQ4: IGUATEMI EMPRESA DE SHOPPING CENTERS S/A | AU4: IGUATEMI EMPRESA DE SHOPPING CENTERS S/A | AY4: IGUATEMI S.A. | BC4: IGUATEMI S.A. | BG4: IGUATEMI S.A.
A5: Aberturas DRE - Gerencial | B5: DRE Openings - Managerial | C5: ='Indicadores | Indicators'!C5 -> 1Q10 | D5: ='Indicadores | Indicators'!D5 -> 2Q10 | E5: ='Indicadores | Indicators'!E5 -> 3Q10 | F5: ='Indicadores | Indicators'!F5 -> 4Q10 | G5: ='Indicadores | Indicators'!G5 -> 1Q11 | H5: ='Indicadores | Indicators'!H5 -> 2Q11 | I5: ='Indicadores | Indicators'!I5 -> 3Q11 | J5: ='Indicadores | Indicators'!J5 -> 4Q11 | ... BH5: ='Indicadores | Indicators'!BH5 -> 2Q24 | BI5: 3Q24 | BJ5: 4Q24 | BK5: 1Q25 | BL5: 2Q25 | BM5: 3Q25
A7: Informação Gerencial (R$ mil) | B7: Managerial (R$ ’000) | C7: =C5 -> 1Q10 | D7: =D5 -> 2Q10 | E7: =E5 -> 3Q10 | F7: =F5 -> 4Q10 | G7: =G5 -> 1Q11 | H7: =H5 -> 2Q11 | I7: =I5 -> 3Q11 | J7: =J5 -> 4Q11 | ... BM7: =BM5 -> 3Q25
A8: Custos de Aluguéis e Serviços | B8: Rent and Services Costs | C8: -10000 | D8: -15577 | E8: -13451 | F8: -16097 | G8: -14367 | H8: -15888 | I8: -14753 | J8: -21881 | K8: -17212 | L8: -20150 | M8: -25800 | N8: -23859 | O8: -20764 | P8: -21348 | Q8: -20699 | R8: -28359 | S8: -24106 | T8: -28945 | U8: -29187 | V8: -31894.464 | W8: -29632.89 | X8: -31603.223 | Y8: -30344.399 | Z8: -35281.836 | AA8: -27267 | AB8: -32741 | AC8: -27822 | AD8: -32936 | AE8: -30195 | AF8: -32774 | AG8: -28932 | AH8: -29641 | AI8: -29332 | AJ8: -30714 | AK8: -29766 | AL8: -33037 | AM8: -33510 | AN8: -34773 | AO8: -35646 | AP8: -44158 | AQ8: -34790 | AR8: -27434 | AS8: -38998 | AT8: -52890 | AU8: -47286 | AV8: -54020 | AW8: -62302 | AX8: -77442 | AY8: =SUM(AY9:AY17) -> -63562 | AZ8: =SUM(AZ9:AZ17) -> -71323 | BA8: =SUM(BA9:BA17) -> -68698.931 | BB8: =SUM(BB9:BB17) -> -85318 | BC8: =SUM(BC9:BC17) -> -66614 | BD8: =SUM(BD9:BD17) -> -78529.479 | BE8: =SUM(BE9:BE17) -> -58646.28 | BF8: =SUM(BF9:BF17) -> -68760 | ... BL8: =SUM(BL9:BL17) -> -72554.507 | BM8: -70341.895
A9: Pessoal | B9: Personnel | C9: 0 | D9: 0 | E9: 0 | F9: 0 | G9: 0 | H9: 0 | I9: 0 | J9: 0 | K9: 0 | L9: 0 | M9: 0 | N9: 0 | O9: 0 | P9: 0 | Q9: 0 | R9: 0 | S9: 0 | T9: 0 | U9: 0 | V9: 0 | W9: 0 | X9: 0 | Y9: 0 | Z9: 0 | AA9: -6869 | AB9: -7567 | AC9: -7642 | AD9: -8084 | AE9: -7629 | AF9: -7409 | AG9: -7024 | AH9: -8614 | AI9: -7924 | AJ9: -5774 | AK9: -5959 | AL9: -7096 | AM9: -6329 | AN9: -6699 | AO9: -6690 | AP9: -6918 | AQ9: -6356 | AR9: -6486 | AS9: -6664 | AT9: -6064 | AU9: -5373 | AV9: -5836 | AW9: -6115 | AX9: -5964 | AY9: -7397 | AZ9: -5961 | BA9: -9150 | BB9: -10275 | BC9: -9883 | BD9: -11291.842 | BE9: -9615.979 | BF9: -10377 | BG9: -8529 | BH9: -10873 | BI9: -9045.423 | BJ9: -9970.392 | BK9: -8053.927 | BL9: -9870.139 | BM9: -8727.599
A10: Remuneração baseado em ações | B10: Share-based Compensation | C10: 0 | D10: 0 | E10: 0 | F10: 0 | G10: 0 | H10: 0 | I10: 0 | J10: 0 | K10: 0 | L10: 0 | M10: 0 | N10: 0 | O10: 0 | P10: 0 | Q10: 0 | R10: 0 | S10: 0 | T10: 0 | U10: 0 | V10: 0 | W10: 0 | X10: 0 | Y10: 0 | Z10: 0 | AA10: 0 | AB10: 0 | AC10: 0 | AD10: 0 | AE10: 0 | AF10: 0 | AG10: 0 | AH10: 0 | AI10: 0 | AJ10: 0 | AK10: 0 | AL10: 0 | AM10: 0 | AN10: 0 | AO10: 0 | AP10: 0 | AQ10: 0 | AR10: 0 | AS10: 0 | AT10: 0 | AU10: 0 | AV10: 0 | AW10: 0 | AX10: 0 | AY10: 0 | AZ10: 0 | BA10: 0 | BB10: 0 | BC10: 0 | BD10: 0 | BE10: 0 | BF10: - | BG10: - | BH10: - | BI10: - | BJ10: - | BK10: - | BL10: -
A11: Serviços de terceiros | B11: Third party services | C11: 0 | D11: 0 | E11: 0 | F11: 0 | G11: 0 | H11: 0 | I11: 0 | J11: 0 | K11: 0 | L11: 0 | M11: 0 | N11: 0 | O11: 0 | P11: 0 | Q11: 0 | R11: 0 | S11: 0 | T11: 0 | U11: 0 | V11: 0 | W11: 0 | X11: 0 | Y11: 0 | Z11: 0 | AA11: -2121 | AB11: -2241 | AC11: -1967 | AD11: -2767 | AE11: -1688 | AF11: -3223 | AG11: -3032 | AH11: -2086 | AI11: -2090 | AJ11: -2080 | AK11: -2012 | AL11: -3178 | AM11: -2473 | AN11: -1841 | AO11: -2400 | AP11: -4548 | AQ11: -2734 | AR11: -442 | AS11: -1581 | AT11: -3331 | AU11: -1316 | AV11: -2786 | AW11: -3282 | AX11: -3043 | AY11: -1482 | AZ11: -3348 | BA11: -1893 | BB11: -2803 | BC11: -1354 | BD11: -1878.324 | BE11: -2049.205 | BF11: -3171 | BG11: -2694 | BH11: -2912 | BI11: -3878.0682 | BJ11: -4135.0409 | BK11: -3675.6564 | BL11: -4769.3434 | BM11: -3416.9638
A12: Aluguel e condomínio | B12: Rent and Condominium | C12: 0 | D12: 0 | E12: 0 | F12: 0 | G12: 0 | H12: 0 | I12: 0 | J12: 0 | K12: 0 | L12: 0 | M12: 0 | N12: 0 | O12: 0 | P12: 0 | Q12: 0 | R12: 0 | S12: 0 | T12: 0 | U12: 0 | V12: 0 | W12: 0 | X12: 0 | Y12: 0 | Z12: 0 | AA12: 0 | AB12: 0 | AC12: 0 | AD12: 0 | AE12: 0 | AF12: 0 | AG12: 0 | AH12: 0 | AI12: 0 | AJ12: 0 | AK12: 0 | AL12: 0 | AM12: 0 | AN12: 0 | AO12: 0 | AP12: 0 | AQ12: 0 | AR12: 0 | AS12: 0 | AT12: 0 | AU12: 0 | AV12: 0 | AW12: 0 | AX12: 0 | AY12: 0 | AZ12: 0 | BA12: 0 | BB12: 0 | BC12: 0 | BD12: 0 | BE12: 0 | BF12: - | BG12: - | BH12: - | BI12: - | BJ12: - | BK12: - | BL12: -
A13: Fundo de promoção | B13: Promotional fund | C13: 0 | D13: 0 | E13: 0 | F13: 0 | G13: 0 | H13: 0 | I13: 0 | J13: 0 | K13: 0 | L13: 0 | M13: 0 | N13: 0 | O13: 0 | P13: 0 | Q13: 0 | R13: 0 | S13: 0 | T13: 0 | U13: 0 | V13: 0 | W13: 0 | X13: 0 | Y13: 0 | Z13: 0 | AA13: -1966 | AB13: -2050 | AC13: 423 | AD13: -2478 | AE13: -696 | AF13: -690 | AG13: -584 | AH13: -797 | AI13: -545 | AJ13: -363 | AK13: -447 | AL13: -617 | AM13: -486 | AN13: -489 | AO13: -488 | AP13: -623 | AQ13: -472 | AR13: -95 | AS13: -313 | AT13: -615 | AU13: -494 | AV13: -406 | AW13: -562 | AX13: -734 | AY13: -634 | AZ13: -665 | BA13: -710 | BB13: -947 | BC13: -809 | BD13: -820.811 | BE13: -832.669 | BF13: -1197 | BG13: -853 | BH13: -802 | BI13: -825.481 | BJ13: -1026.307 | BK13: -795.967 | BL13: -1230.094 | BM13: -1019.883
A14: Estacionamento | B14: Parking | C14: 0 | D14: 0 | E14: 0 | F14: 0 | G14: 0 | H14: 0 | I14: 0 | J14: 0 | K14: 0 | L14: 0 | M14: 0 | N14: 0 | O14: 0 | P14: 0 | Q14: 0 | R14: 0 | S14: 0 | T14: 0 | U14: 0 | V14: 0 | W14: 0 | X14: 0 | Y14: 0 | Z14: 0 | AA14: -9202 | AB14: -9594 | AC14: -9508 | AD14: -10141 | AE14: -9017 | AF14: -9022 | AG14: -6295 | AH14: -4739 | AI14: -7390 | AJ14: -7092 | AK14: -6933 | AL14: -5364 | AM14: -8069 | AN14: -8335 | AO14: -8433 | AP14: -8803 | AQ14: -8187 | AR14: -6603 | AS14: -8160 | AT14: -8816 | AU14: -8841 | AV14: -6243 | AW14: -7477 | AX14: -9795 | AY14: -10322 | AZ14: -11904 | BA14: -10422 | BB14: -11847 | BC14: -10871 | BD14: -8501.68 | BE14: -9661.933 | BF14: -11681 | BG14: -10343 | BH14: -10671 | BI14: -11493.906 | BJ14: -6183.824 | BK14: -11360.865 | BL14: -11503.039 | BM14: -10314.799
A15: Impostos, taxas e despesas legais | B15: Taxes, fees, legal costs | C15: 0 | D15: 0 | E15: 0 | F15: 0 | G15: 0 | H15: 0 | I15: 0 | J15: 0 | K15: 0 | L15: 0 | M15: 0 | N15: 0 | O15: 0 | P15: 0 | Q15: 0 | R15: 0 | S15: 0 | T15: 0 | U15: 0 | V15: 0 | W15: 0 | X15: 0 | Y15: 0 | Z15: 0 | AA15: 0 | AB15: 0 | AC15: 0 | AD15: 0 | AE15: 0 | AF15: 0 | AG15: 0 | AH15: 0 | AI15: 0 | AJ15: 0 | AK15: 0 | AL15: 0 | AM15: 0 | AN15: 0 | AO15: 0 | AP15: 0 | AQ15: 0 | AR15: 0 | AS15: 0 | AT15: 0 | AU15: 0 | AV15: 0 | AW15: 0 | AX15: 0 | AY15: 0 | AZ15: 0 | BA15: 0 | BB15: 0 | BC15: 0 | BD15: 0 | BE15: 0 | BF15: 0 | BG15: 0 | BH15: 0 | BI15: 0 | BJ15: 0 | BK15: 0 | BL15: 0
A16: Outros | B16: Others | C16: 0 | D16: 0 | E16: 0 | F16: 0 | G16: 0 | H16: 0 | I16: 0 | J16: 0 | K16: 0 | L16: 0 | M16: 0 | N16: 0 | O16: 0 | P16: 0 | Q16: 0 | R16: 0 | S16: 0 | T16: 0 | U16: 0 | V16: 0 | W16: 0 | X16: 0 | Y16: 0 | Z16: 0 | AA16: -7109 | AB16: -11289 | AC16: -9128 | AD16: -9466 | AE16: -11165 | AF16: -12430 | AG16: -11997 | AH16: -13405 | AI16: -11383 | AJ16: -15405 | AK16: -14415 | AL16: -16782 | AM16: -16153 | AN16: -17409 | AO16: -17635 | AP16: -23266 | AQ16: -17041 | AR16: -13808 | AS16: -22280 | AT16: -34064 | AU16: -31262 | AV16: -38749 | AW16: -44866 | AX16: -15652.445 | AY16: -12215.809 | AZ16: -12065 | BA16: -13362.359 | BB16: -14497 | BC16: -13932 | BD16: -14606.114 | BE16: -12157.444 | BF16: -12375 | BG16: -13215 | BH16: -11524 | BI16: -10477.861 | BJ16: -7373.7005 | BK16: -10636.149 | BL16: -10884.351 | BM16: -10171
A17: Varejo (i-Retail e Iguatemi 365) | B17: Retail operations (i-Retail and Iguatemi 365) | C17: 0 | D17: 0 | E17: 0 | F17: 0 | G17: 0 | H17: 0 | I17: 0 | J17: 0 | K17: 0 | L17: 0 | M17: 0 | N17: 0 | O17: 0 | P17: 0 | Q17: 0 | R17: 0 | S17: 0 | T17: 0 | U17: 0 | V17: 0 | W17: 0 | X17: 0 | Y17: 0 | Z17: 0 | AA17: 0 | AB17: 0 | AC17: 0 | AD17: 0 | AE17: 0 | AF17: 0 | AG17: 0 | AH17: 0 | AI17: 0 | AJ17: 0 | AK17: 0 | AL17: 0 | AM17: 0 | AN17: 0 | AO17: 0 | AP17: 0 | AQ17: 0 | AR17: 0 | AS17: 0 | AT17: 0 | AU17: 0 | AV17: 0 | AW17: 0 | AX17: -42254 | AY17: -31511.191 | AZ17: -37380 | BA17: -33161.572 | BB17: -44949 | BC17: -29765 | BD17: -41430.708 | BE17: -24329.05 | BF17: -29959 | BG17: -20631 | BH17: -27058 | BI17: -27681.933 | BJ17: -38687.349 | BK17: -26517.456 | BL17: -34297.541 | BM17: -36691.65
A18: Despesas | B18: Expenses | C18: -11357 | D18: -12840 | E18: -12123 | F18: -19157 | G18: -13721 | H18: -15538 | I18: -25761 | J18: -21183 | K18: -13679 | L18: -17128 | M18: -24016 | N18: -23780 | O18: -14127 | P18: -17984 | Q18: -21442 | R18: -29107 | S18: -17269 | T18: -17803 | U18: -16662 | V18: -15098.066 | W18: -15055.106 | X18: -15160.318 | Y18: -13931.292 | Z18: -18838.386 | AA18: -13768 | AB18: -13240 | AC18: -10617 | AD18: -8388 | AE18: -11509 | AF18: -13910 | AG18: -11713 | AH18: -16403 | AI18: -16131 | AJ18: -17922 | AK18: -16703 | AL18: -24315 | AM18: -15011 | AN18: -19890 | AO18: -17998 | AP18: -19187 | AQ18: -16445 | AR18: -11495 | AS18: -13465 | AT18: -15192 | AU18: -16468 | AV18: -20416 | AW18: -19774 | AX18: -25980 | AY18: =SUM(AY19:AY26) -> -21505 | AZ18: =SUM(AZ19:AZ26) -> -28075.959 | BA18: =SUM(BA19:BA26) -> -28270.916 | BB18: =SUM(BB19:BB26) -> -36561 | BC18: =SUM(BC19:BC26) -> -24736 | BD18: =SUM(BD19:BD26) -> -29989.573 | BE18: =SUM(BE19:BE26) -> -26312.487 | BF18: =SUM(BF19:BF26) -> -30913 | ... BL18: =SUM(BL19:BL26) -> -32359.43 | BM18: -28239.876
A19: Pessoal | B19: Personnel | C19: 0 | D19: 0 | E19: 0 | F19: 0 | G19: 0 | H19: 0 | I19: 0 | J19: 0 | K19: 0 | L19: 0 | M19: 0 | N19: 0 | O19: 0 | P19: 0 | Q19: 0 | R19: 0 | S19: 0 | T19: 0 | U19: 0 | V19: 0 | W19: 0 | X19: 0 | Y19: 0 | Z19: 0 | AA19: -8332 | AB19: -7744 | AC19: -6329 | AD19: -2414 | AE19: -6292 | AF19: -8576 | AG19: -7122 | AH19: -10126 | AI19: -10463 | AJ19: -10684 | AK19: -8553 | AL19: -15591 | AM19: -8279 | AN19: -12224 | AO19: -11531 | AP19: -10669 | AQ19: -6172 | AR19: -4692 | AS19: -6890 | AT19: -6233 | AU19: -8011 | AV19: -12693 | AW19: -10428 | AX19: -12737 | AY19: -10043 | AZ19: -17064 | BA19: -15452.648 | BB19: -21299 | BC19: -13892 | BD19: -16750.775 | BE19: -14052.299 | BF19: -20162 | BG19: -16572 | BH19: -15864 | BI19: -14475.485 | BJ19: -27462.831 | BK19: -22173.778 | BL19: -18642.695 | BM19: -13982.231
A20: Remuneração baseado em ações | B20: Share-based Compensation | C20: 0 | D20: 0 | E20: 0 | F20: 0 | G20: 0 | H20: 0 | I20: 0 | J20: 0 | K20: 0 | L20: 0 | M20: 0 | N20: 0 | O20: 0 | P20: 0 | Q20: 0 | R20: 0 | S20: 0 | T20: 0 | U20: 0 | V20: 0 | W20: 0 | X20: 0 | Y20: 0 | Z20: 0 | AA20: -347 | AB20: -348 | AC20: -348 | AD20: -348 | AE20: -66 | AF20: 0 | AG20: 0 | AH20: 0 | AI20: 0 | AJ20: -864 | AK20: -1295 | AL20: -1296 | AM20: -1371 | AN20: -1870 | AO20: -1620 | AP20: -1620 | AQ20: -2097 | AR20: -2096 | AS20: -1950 | AT20: -1948 | AU20: -2137 | AV20: -2137 | AW20: -2138 | AX20: -5748 | AY20: -3552 | AZ20: -3552 | BA20: -3068.25 | BB20: -3391 | BC20: -3552 | BD20: -3552 | BE20: -3552 | BF20: -3755 | BG20: -3552 | BH20: -3552 | BI20: -3552 | BJ20: -5139 | BK20: -3948.75 | BL20: -3948.75 | BM20: -5770.415
A21: Serviços de terceiros | B21: Third party services | C21: 0 | D21: 0 | E21: 0 | F21: 0 | G21: 0 | H21: 0 | I21: 0 | J21: 0 | K21: 0 | L21: 0 | M21: 0 | N21: 0 | O21: 0 | P21: 0 | Q21: 0 | R21: 0 | S21: 0 | T21: 0 | U21: 0 | V21: 0 | W21: 0 | X21: 0 | Y21: 0 | Z21: 0 | AA21: -2062 | AB21: -2359 | AC21: -1238 | AD21: -2533 | AE21: -2113 | AF21: -2159 | AG21: -1925 | AH21: -3207 | AI21: -2634 | AJ21: -2867 | AK21: -3817 | AL21: -3687 | AM21: -2111 | AN21: -3682 | AO21: -3058 | AP21: -4120 | AQ21: -5494 | AR21: -2514 | AS21: -2514 | AT21: -4699 | AU21: -3821 | AV21: -3591 | AW21: -4483 | AX21: -4331 | AY21: -4558 | AZ21: -4351.766 | BA21: -5696.944 | BB21: -8246 | BC21: -3557 | BD21: -6412.373 | BE21: -3373.002 | BF21: -3102 | BG21: -4497 | BH21: -4509 | BI21: -3597.3521 | BJ21: -5097.5355 | BK21: -5096.614 | BL21: -5394.5264 | BM21: -4167.5851
A22: Aluguel e condomínio | B22: Rent and Condominium | C22: 0 | D22: 0 | E22: 0 | F22: 0 | G22: 0 | H22: 0 | I22: 0 | J22: 0 | K22: 0 | L22: 0 | M22: 0 | N22: 0 | O22: 0 | P22: 0 | Q22: 0 | R22: 0 | S22: 0 | T22: 0 | U22: 0 | V22: 0 | W22: 0 | X22: 0 | Y22: 0 | Z22: 0 | AA22: 0 | AB22: 0 | AC22: 0 | AD22: 0 | AE22: 0 | AF22: 0 | AG22: 0 | AH22: 0 | AI22: 0 | AJ22: 0 | AK22: 0 | AL22: 0 | AM22: 0 | AN22: 0 | AO22: 0 | AP22: 0 | AQ22: 0 | AR22: 0 | AS22: 0 | AT22: 0 | AU22: 0 | AV22: 0 | AW22: 0 | AX22: 0 | AY22: 0 | AZ22: 0 | BA22: 0 | BB22: 0 | BC22: 0 | BD22: 0 | BE22: 0 | BF22: - | BG22: - | BH22: - | BI22: - | BJ22: - | BK22: -
A23: Fundo de promoção | B23: Promotional fund | C23: 0 | D23: 0 | E23: 0 | F23: 0 | G23: 0 | H23: 0 | I23: 0 | J23: 0 | K23: 0 | L23: 0 | M23: 0 | N23: 0 | O23: 0 | P23: 0 | Q23: 0 | R23: 0 | S23: 0 | T23: 0 | U23: 0 | V23: 0 | W23: 0 | X23: 0 | Y23: 0 | Z23: 0 | AA23: 0 | AB23: 0 | AC23: 0 | AD23: 0 | AE23: 0 | AF23: 0 | AG23: 0 | AH23: 0 | AI23: 0 | AJ23: 0 | AK23: 0 | AL23: 0 | AM23: 0 | AN23: 0 | AO23: 0 | AP23: 0 | AQ23: 0 | AR23: 0 | AS23: 0 | AT23: 0 | AU23: 0 | AV23: 0 | AW23: 0 | AX23: 0 | AY23: 0 | AZ23: 0 | BA23: 0 | BB23: 0 | BC23: 0 | BD23: 0 | BE23: 0 | BF23: - | BG23: - | BH23: - | BI23: - | BJ23: - | BK23: -
A24: Estacionamento | B24: Parking | C24: 0 | D24: 0 | E24: 0 | F24: 0 | G24: 0 | H24: 0 | I24: 0 | J24: 0 | K24: 0 | L24: 0 | M24: 0 | N24: 0 | O24: 0 | P24: 0 | Q24: 0 | R24: 0 | S24: 0 | T24: 0 | U24: 0 | V24: 0 | W24: 0 | X24: 0 | Y24: 0 | Z24: 0 | AA24: 0 | AB24: 0 | AC24: 0 | AD24: 0 | AE24: 0 | AF24: 0 | AG24: 0 | AH24: 0 | AI24: 0 | AJ24: 0 | AK24: 0 | AL24: 0 | AM24: 0 | AN24: 0 | AO24: 0 | AP24: 0 | AQ24: 0 | AR24: 0 | AS24: 0 | AT24: 0 | AU24: 0 | AV24: 0 | AW24: 0 | AX24: 0 | AY24: 0 | AZ24: 0 | BA24: 0 | BB24: 0 | BC24: 0 | BD24: 0 | BE24: 0 | BF24: - | BG24: - | BH24: - | BI24: - | BJ24: - | BK24: -
